 Dungeon Crawl Stone Soup version 0.30.0-5-g1a98f26d00 (webtiles) character file.

Game seed: 941543952834235423

239270 Implojin the Peltast (level 18, -11/120 HPs)
             Began as a Vampire Hedge Wizard on May 9, 2023.
             Was an Elder of Hepliaklqana.
             Mangled by a merfolk impaler
             ... wielding a +1 heavy trident
              (16 damage)
             ... while paralysed by an air elemental
             ... on level 4 of the Shoals.
             The game lasted 01:30:03 (37830 turns).

Implojin the Peltast (Vampire Hedge Wizard)        Turns: 37830, Time: 01:30:04

Health: -11/120    AC: 16    Str: 12    XL:     18   Next: 58%
Magic:  22/25      EV:  2    Int: 12    God:    Hepliaklqana [****..]
Gold:   415        SH:  0    Dex: 26    Spells: 22/23 levels left

rFire   . . .        Q - +4 rapier (spect)
rCold   . . .        f - +10 tower shield of Ignorance {rN+ Int-4}
rNeg    + + .        T - +3 leather armour of the Original Sin {rElec rN+ rCorr Str+3}
rPois   .            c - +0 hat
rElec   +            l - +2 cloak
rCorr   +            C - +2 pair of gloves
SInv    +            b - +2 pair of boots
Will    +....        A - amulet of reflection
Stlth   +++++        P - ring of flight
HPRegen 0.60/turn    a - +6 ring of dexterity
MPRegen 0.19/turn

%: reflection
@: paralysed, flying, healing quickly
A: reduced essence, alive, fangs 3, see invisible, vampiric 2, horns 1, dopey 1
}: 2/15 runes: serpentine, barnacled
a: Exsanguinate, Renounce Religion, Recall Ancestor, Ancestor Identity,
Transference, Idealise


You were on level 4 of the Shoals.
You worshipped Hepliaklqana.
Hepliaklqana was greatly pleased with you.
You visited 6 branches of the dungeon, and saw 31 of its levels.
You also visited: Ossuary, Ice Cave and Volcano.

You collected 3525 gold pieces.
You spent 3110 gold pieces at shops.

Inventory:

Hand Weapons
 Q - a +4 spectral rapier (weapon)
 X - a +5 rapier of speed
Missiles
 j - 5 curare-tipped darts
 t - 5 silver javelins
 u - 12 javelins
 v - 18 boomerangs (quivered)
 D - 5 atropa-tipped darts
 M - 2 throwing nets
Armour
 b - a +2 pair of boots (worn)
 c - a +0 hat (worn)
 f - the +10 tower shield of Ignorance (worn) {rN+ Int-4}
   (You bought it in a shop on level 2 of the Orcish Mines)

   Int:       It affects your intelligence (-4).
   rN:        It protects you from negative energy.
 l - a +2 cloak (worn)
 o - a +0 helmet
 C - a +2 pair of gloves (worn)
 T - the +3 leather armour of the Original Sin (worn) {rElec rN+ rCorr Str+3}
   (You found it on level 5 of the Lair of Beasts)

   Str:       It affects your strength (+3).
   rElec:     It insulates you from electricity.
   rN:        It protects you from negative energy.
   rCorr:     It protects you from acid and corrosion.
 W - +0 fire dragon scales
Jewellery
 a - a +6 ring of dexterity (right hand)
 k - a ring of protection from cold
 r - a ring of willpower
 A - an amulet of reflection (around neck)
 E - a ring of fire
 K - the amulet of Jiaqiugu {RegenMP rC++}
   (You found it on level 9 of the Dungeon)

   [amulet of magic regeneration]

   It increases your rate of magic regeneration.
   rC:        It greatly protects you from cold.
 L - a +6 ring of dexterity
 P - a ring of flight (left hand)
 Y - a +6 ring of dexterity
Wands
 w - a wand of acid (4)
 y - a wand of roots (13)
 z - a wand of paralysis (15)
 R - a wand of digging (5)
 Z - a wand of mindburst (10)
Scrolls
 g - 3 scrolls of torment
 q - 3 scrolls of fog
 x - 7 scrolls of teleportation
 F - 2 scrolls of silence
 H - 10 scrolls of magic mapping
 J - a scroll of enchant armour
 N - 6 scrolls of vulnerability
 U - a scroll of fear
 V - 3 scrolls of blinking
Potions
 d - 3 potions of magic
 e - 5 potions of curing
 h - 3 potions of haste
 i - 2 potions of resistance
 m - a potion of invisibility
 n - 2 potions of cancellation
 p - 5 potions of might
 s - 6 potions of heal wounds
 B - 3 potions of ambrosia
 G - 4 potions of flight
 I - 6 potions of mutation
 S - 3 potions of berserk rage
Miscellaneous
 O - a phantom mirror


   Skills:
 - Level 10.1 Fighting
 - Level 14.1 Short Blades
 - Level 3.0 Throwing
 - Level 6.0 Armour
 - Level 16.9 Dodging
 * Level 10.6 Stealth
 - Level 20.0 Shields
 - Level 3.0 Spellcasting
 - Level 0.6 Conjurations
 - Level 1.0 Summonings
 - Level 0.7 Translocations
 - Level 10.0 Invocations


You had 22 spell levels left.
You knew the following spells:

 Your Spells              Type           Power      Damage    Failure   Level
a - Magic Dart            Conj           12%        1d3       50%         1

Your spell library contained the following spells:

 Spells                   Type           Power      Damage    Failure   Level
 Summon Small Mammal      Summ           16%        N/A       43%         1
 Apportation              Tloc           6%         N/A       50%         1
 Necrotise                Necr           4%         1d4       58%         1
 Sandblast                Erth           2%         2d4       58%         1
 Slow                     Hex            4%         N/A       58%         1
 Call Imp                 Summ           8%         N/A       58%         2
 Blink                    Tloc           6%         N/A       63%         2
 Lesser Beckoning         Tloc           6%         N/A       63%         2
 Momentum Strike          Conj/Tloc      6%         3d8       65%         2
 Cigotuvi's Dreadful Rot  Necr/Pois/Air  2%         N/A       73%         2
 Ensorcelled Hibernation  Hex/Ice        2%         N/A       73%         2
 Passwall                 Tmut/Erth      0%         N/A       73%         2
 Poisonous Vapours        Pois/Air       2%         N/A       73%         2
 Sublimation of Blood     Necr           1%         N/A       73%         2
 Wereblood                Tmut           1%         N/A       73%         2
 Call Canine Familiar     Summ           4%         N/A       82%         3
 Summon Guardian Golem    Hex/Summ       3%         N/A       87%         3
 Portal Projectile        Hex/Tloc       4%         N/A       88%         3
 Volatile Blastmotes      Fire/Tloc      4%         2d10      88%         3
 Dazzling Flash           Conj/Hex       4%         N/A       89%         3
 Hailstorm                Conj/Ice       2%         3d3       89%         3
 Stone Arrow              Conj/Erth      4%         3d7       89%         3
 Mephitic Cloud           Conj/Pois/Air  2%         N/A       90%         3
 Ignite Poison            Fire/Tmut/Pois 1%         N/A       91%         3
 Swiftness                Air            1%         N/A       91%         3
 Tukima's Dance           Hex            1%         N/A       91%         3
 Iskenderun's Mystic Bla  Conj/Tloc      3%         2d3       99%         4
 Passage of Golubria      Tloc           3%         N/A       99%         4
 Ice Form                 Ice/Tmut       1%         N/A       100%        4
 Leda's Liquefaction      Hex/Erth       0%         N/A       100%        4
 Sticky Flame             Conj/Fire      2%         2d3       100%        4
 Blade Hands              Tmut           0%         N/A       100%        5
 Fireball                 Conj/Fire      1%         3d3       100%        5
 Freezing Cloud           Conj/Ice/Air   1%         6-21      100%        5
 Iskenderun's Battlesphe  Conj           3%         2d6       100%        5
 Lee's Rapid Deconstruct  Erth           0%         3d4*      100%        5
 Silence                  Hex/Air        0%         N/A       100%        5
 Conjure Ball Lightning   Conj/Air       1%         3x3d6     100%        6
 Simulacrum               Ice/Necr       0%         N/A       100%        6
 Starburst                Conj/Fire      1%         6d3       100%        6
 Statue Form              Tmut/Erth      0%         N/A       100%        6
 Malign Gateway           Summ/Tloc      1%         N/A       100%        7
 Orb of Destruction       Conj           1%         9d5       100%        7
 Summon Hydra             Summ           2%         N/A       100%        7
 Ignition                 Fire           0%         3d3       100%        8
 Lehudib's Crystal Spear  Conj/Erth      1%         10d2      100%        8
 Summon Horrible Things   Summ           2%         N/A       100%        8
 Chain Lightning          Conj/Air       1%         3d1       100%        9
 Fire Storm               Conj/Fire      1%         7d1       100%        9
 Shatter                  Erth           0%         3d5*      100%        9


Dungeon Overview and Level Annotations

Branches:
Dungeon (15/15)            Temple (1/1) D:7            Lair (5/5) D:8
 Shoals (4/4) Lair:2        Snake (4/4) Lair:2        Slime (0/5) Lair:4
    Orc (2/2) D:11            Elf (0/3) Orc:2        Vaults (0/5) D:14
 Depths (0/4) D:15        Ossuary (visited)           IceCv (visited)
Volcano (visited)

Altars:
Ashenzari
Cheibriados
Dithmenos
Fedhas
Gozag
Hepliaklqana
Kikubaaqudgha
Makhleb
Nemelex Xobeh
Okawaru
Qazlal
Ru
Sif Muna
Trog
Uskayaw
Vehumet
Wu Jian
Xom
Yredelemnul
Jiyva

Shops:
D:6 (![*   D:9 !   D:11 [   D:14 ::*=:   Orc:2 :(:*[   Shoals:1 [   Shoals:3 **
Snake:3 ?

Annotations:
Shoals:2 Roxanne


Innate Abilities, Weirdness & Mutations

Your life essence is reduced to manifest your ancestor. (-10% HP)
Your natural rate of healing is accelerated.
You have razor-sharp teeth.
You have supernaturally acute eyesight. (SInv)
You are afflicted with vampirism and can become a bat while bloodless.
You have a pair of small horns on your head.
You are dopey. (Int -2)


Message History

šŸ¦€šŸ¦€šŸ¦€ is no longer paralysed.
You block the air elemental's attack. You block the merfolk impaler's attack.
You block the air elemental's attack. The merfolk impaler misses you.
You strike the helpless merfolk from behind!
You impale the merfolk!!
You kill the merfolk!
Your +4 spectral rapier disappears.
You are engulfed in a cloud of scalding steam.
You block the air elemental's attack. You block the merfolk's attack. x2
The water elemental completely misses you.
The merfolk impaler hits you from afar with a +3 vampiric trident.
You barely miss the water elemental.
You bite the water elemental, but do no damage.
The water elemental is lightly damaged.
Your +4 spectral rapier hits the water elemental but does no damage.
You are engulfed in a cloud of scalding steam.
The air elemental fires a burst of electricity at you.
The stunning burst hits you but does no damage.
You resist.
You suddenly lose the ability to move!
The stunning burst hits your +4 spectral rapier!
Your +4 spectral rapier resists.
Your spectral weapon shares its damage with you!
The merfolk impaler hits you from afar with a +1 heavy trident!
The merfolk hits you from afar with a +0 spear.
The air elemental hits you but does no damage.
The merfolk aquamancer is engulfed in a cloud of scalding steam.
The merfolk aquamancer hits šŸ¦€šŸ¦€šŸ¦€ with a +6 rapier of venom.
The merfolk hits you from afar with a +0 trident!
The merfolk impaler hits you from afar with a +3 vampiric trident!! šŸ¦€šŸ¦€šŸ¦€ closely misses the air elemental.
Your +4 spectral rapier disappears.
You are engulfed in a cloud of scalding steam.
The air elemental hits you!
The merfolk impaler hits you from afar with a +0 demon trident!!
The water elemental hits you.
The merfolk hits you from afar with a +0 glaive.
The air elemental fires a burst of electricity at you.
The stunning burst hits you. You resist.
The merfolk impaler hits you from afar with a +1 heavy trident!
You die...

#######################
.......Ā§Ā§Ā§Ā§..........~#
......EĀ§Ā§Ā§...........~##
#####R@##########...~~~
....mmmE.mmE... #......
.!..mm~mmmm~... #..ā™£...
~~~~~#~~.m~~~~~ #.....<
~~.##.##.#~~~~~ #...... ~~
~. #~~~~~~ #.~~~.. . ~~ ~
.... #.~_~.ā™£ ... ......
#.~~~.. ################
##.....


You could see the friendly šŸ¦€šŸ¦€šŸ¦€ the hexer (idealised), 4 merfolk
impalers, a merfolk aquamancer, 7 merfolk, a water elemental and 2 air
elementals.

Vanquished Creatures
  3 nagarajas
  Aizul (Shoals:4)
  A dire elephant (D:15)
  4 merfolk javelineers
  Josephine (D:13)
  8 merfolk impalers
  2 salamander tyrants
  7 hydras
  3 vault guards (D:14)
  The ghost of Jase the Severer, a journeyman HOFi of Beogh (D:10)
  A catoblepas (Lair:5)
  5 centaur warriors
  4 satyrs
  6 anacondas
  4 ogre magi (Orc:2)
  3 merfolk avatars (Shoals:3)
  9 two-headed ogres
  5 merfolk aquamancers
  7 naga warriors
  7 death yaks
  7 shock serpents
  Nergalle (Orc:1)
  10 naga sharpshooters
  2 skeletal warriors (D:15)
  8 skysharks
  A salamander mystic (Snake:4)
  14 sea snakes
  3 naga ritualists
  19 harpies
  5 deep elf pyromancers
  A lindwurm (Lair:5)
  A wolf spider zombie (D:14)
  2 orc sorcerers (Orc:2)
  11 mana vipers
  11 salamanders
  An oklob plant (Lair:4)
  6 ugly things
  8 manticores
  9 cyclopes
  A wolf spider (D:15)
  11 fauns
  Maurice (D:10)
  13 naga magi
  8 elephants
  6 guardian serpents
  25 black mambas
  10 merfolk sirens
  4 torpor snails (Lair:5)
  A smoke demon (D:14)
  7 water nymphs
  2 unseen horrors (D:12)
  2 gargoyles
  6 cane toads
  An unseen horror (shapeshifter) (D:15)
  A yaktaur (D:15)
  4 komodo dragons
  An anaconda simulacrum (IceCv)
  3 rime drakes
  3 ice devils (D:14)
  A hellwing (D:14)
  8 trolls
  2 red devils (D:14)
  4 tyrant leeches (Lair:5)
  16 merfolk
  8 wind drakes
  A hornet (Lair:5)
  4 blink frogs
  9 dream sheep
  4 snapping turtles
  10 slime creatures
  3 shadows
  7 water elementals
  4 wraiths
  11 yaks
  4 vampires
  A ynoxinul (D:14)
  A hog (shapeshifter) (D:13)
  5 wyverns
  4 basilisks
  A chaos spawn (D:14)
  7 vampire mosquitoes
  30 nagas
  2 wargs
  A harpy simulacrum (IceCv)
  An acid dragon (D:11)
  9 water moccasins
  2 hornet zombies
  5 orc warriors
  4 black bears
  19 ogres
  An alligator simulacrum (IceCv)
  21 wolves
  2 boggarts (D:13)
  A hexer (Orc:2)
  8 centaurs
  An elf zombie (D:5)
  2 bullfrogs
  A kobold brigand (D:10)
  4 scorpions
  An elf skeleton (D:5)
  10 wights
  4 killer bees
  A lindwurm simulacrum (IceCv)
  2 troll zombies (D:11)
  6 howler monkeys
  An electric eel (Lair:2)
  4 centaur zombies
  9 hounds
  4 jellies (D:7)
  3 human zombies (Ossuary)
  10 orc priests
  23 orc wizards
  A sleepcap (D:5)
  An iguana (D:5)
  A boggart zombie (D:15)
  2 hell rats (Lair:2)
  4 ogre zombies (D:11)
  3 mummies (Ossuary)
  10 adders
  9 gnolls
  6 river rats (Lair:2)
  3 shadow imps
  5 white imps
  6 adder zombies (Ossuary)
  3 worms
  A dart slug (D:1)
  25 orcs
  5 endoplasms
  6 giant cockroaches
  5 goblins
  8 hobgoblins
  2 jackals (D:1)
  7 quokkas
  6 ball pythons
  4 bats
  4 frilled lizards
  2 gnoll zombies (Ossuary)
  4 goblin skeletons (D:11)
  3 goblin zombies (Ossuary)
  A hobgoblin skeleton (D:11)
  5 hobgoblin zombies
  3 jackal zombies (Ossuary)
  8 kobolds
  A kobold zombie (Ossuary)
  4 orc skeletons
  15 orc zombies
  2 quokka zombies (Ossuary)
  9 rats
  3 rat zombies (Ossuary)
  A spectral weapon (Shoals:1)
807 creatures vanquished.

Vanquished Creatures (collateral kills)
  Nikola (Snake:4)
  A titan (Shoals:4)
  A nagaraja (Snake:4)
  An orc warlord (Orc:2)
  2 merfolk javelineers
  4 merfolk impalers
  A fire dragon (Lair:5)
  The ghost of Luagal the Fighter, a journeyman DrDe of Sif Muna (Lair:3)
  A merfolk avatar (Shoals:2)
  3 hydras
  A vault guard (D:14)
  A catoblepas (Lair:5)
  3 anacondas
  A salamander tyrant (Snake:4)
  A centaur warrior (D:13)
  2 boulder beetles
  A satyr (Shoals:2)
  A merfolk aquamancer (Shoals:2)
  8 death yaks
  2 naga warriors
  7 two-headed ogres
  A shock serpent (Snake:1)
  2 naga sharpshooters
  A skyshark (Shoals:2)
  2 salamander mystics
  A skeletal warrior (D:15)
  A naga ritualist (Snake:4)
  A mana viper (Snake:1)
  A lindwurm (Lair:5)
  2 harpies
  An orc knight (Orc:2)
  3 fauns
  2 orc sorcerers
  3 ugly things
  4 manticores
  4 salamanders
  An oklob plant (Lair:4)
  A cyclops (D:13)
  7 naga magi
  2 guardian serpents (Snake:4)
  4 elephants
  16 black mambas
  A water nymph (Shoals:2)
  A torpor snail (Lair:5)
  A merfolk siren (Shoals:2)
  3 cane toads
  A smoke demon (D:14)
  A komodo dragon (Lair:5)
  9 merfolk
  A troll (Orc:2)
  5 hornets (Lair:5)
  A wind drake (Shoals:2)
  3 dream sheep
  2 blink frogs (Lair:4)
  A slime creature (D:12)
  4 water elementals (Shoals:4)
  A wyvern (Lair:3)
  5 wraiths
  10 yaks
  A chaos spawn (D:14)
  A basilisk (Lair:3)
  5 vampire mosquitoes
  15 nagas
  An acid dragon (D:11)
  6 water moccasins
  3 orc warriors
  5 ogres (Orc:2)
  4 wolves
  A boggart (D:13)
  A phantom (D:11)
  4 bullfrogs
  A bullfrog (shapeshifter) (D:14)
  A wight (D:8)
  6 howler monkeys
  2 orc priests
  A gnoll bouda (D:9)
  3 orc wizards (Orc:2)
  2 ogre zombies (D:11)
  2 gnolls (D:9)
  3 river rats (Lair:2)
  9 orcs
  A kobold (D:10)
  A hobgoblin skeleton (D:11)
  A hobgoblin zombie (D:11)
  6 orc zombies (D:11)
240 creatures vanquished.

Vanquished Creatures (others)
  A naga warrior (Snake:4)
  A manticore (Shoals:2)
  A naga mage (Snake:4)
  4 nagas (Snake:4)
  2 ancestors (D:8)
  26 hexers
  3 orcs (D:5)
  2 spectral weapons
40 creatures vanquished.

Grand Total: 1087 creatures vanquished

Notes
Turn   | Place    | Note
-------+----------+-------------------------------------------
     0 | D:1      | Implojin the Vampire Hedge Wizard began the quest for the
                  | Orb.
     0 | D:1      | Reached XP level 1. HP: 13/13 MP: 4/4
   174 | D:1      | Reached skill level 1 in Fighting
   225 | D:1      | Danger: Low HP Warning |T2| Reason: 46% HP (7/15)
   226 | D:1      | Reached XP level 2. HP: 11/21 MP: 4/6
   229 | D:1      | Danger: Low HP Warning |T2| Reason: 57% HP (12/21)
   235 | D:1      | Danger: Low HP Warning |T2| Reason: 57% HP (12/21)
   841 | D:2      | Danger: Low HP Warning |T2| Reason: 54% HP (12/22)
   842 | D:2      | Danger: Low HP Warning |T2| Reason: 50% HP (11/22)
   843 | D:2      | Danger: Low HP Warning |T2| Reason: 45% HP (10/22)
   844 | D:2      | Danger: Low HP Warning |T2| Reason: 36% HP (8/22)
   845 | D:2      | Danger: Low HP Warning |T2| Reason: 31% HP (7/22)
   845 | D:2      | Gained mutation: You are dopey. (Int -2) [potion of
                  | mutation]
   845 | D:2      | Gained mutation: You have a pair of small horns on your
                  | head. [potion of mutation]
   846 | D:2      | Danger: Low HP Warning |T2| Reason: 31% HP (7/22)
   847 | D:2      | Danger: Low HP Warning |T2| Reason: 27% HP (6/22)
   848 | D:2      | Danger: Low HP Warning |T2| Reason: 27% HP (6/22)
   849 | D:2      | Danger: Low HP Warning |T3| Reason: 22% HP (5/22)
   850 | D:2      | Danger: Low HP Warning |T2| Reason: 27% HP (6/22)
   851 | D:2      | Danger: Low HP Warning |T2| Reason: 27% HP (6/22)
   852 | D:2      | Danger: Low HP Warning |T2| Reason: 31% HP (7/22)
   853 | D:2      | Danger: Low HP Warning |T2| Reason: 31% HP (7/22)
   854 | D:2      | Danger: Low HP Warning |T2| Reason: 36% HP (8/22)
   855 | D:2      | Danger: Low HP Warning |T2| Reason: 36% HP (8/22)
   856 | D:2      | Danger: Low HP Warning |T2| Reason: 40% HP (9/22)
   857 | D:2      | Danger: Low HP Warning |T2| Reason: 36% HP (8/22)
   858 | D:2      | Danger: Low HP Warning |T2| Reason: 40% HP (9/22)
   859 | D:2      | Gained mutation: You are afflicted with vampirism and can
                  | become a bat while bloodless. [Vampire growth]
   859 | D:2      | Reached XP level 3. HP: 11/27 MP: 4/7
   859 | D:2      | Danger: Low HP Warning |T2| Reason: 40% HP (11/27)
   864 | D:2      | Danger: Low HP Warning |T2| Reason: 48% HP (13/27)
   865 | D:2      | Danger: Low HP Warning |T2| Reason: 51% HP (14/27)
   866 | D:2      | Danger: Low HP Warning |T2| Reason: 51% HP (14/27)
   867 | D:2      | Danger: Low HP Warning |T2| Reason: 51% HP (14/27)
   868 | D:2      | Danger: Low HP Warning |T2| Reason: 51% HP (14/27)
   869 | D:2      | Danger: Low HP Warning |T2| Reason: 55% HP (15/27)
   870 | D:2      | Danger: Low HP Warning |T2| Reason: 44% HP (12/27)
   934 | D:2      | Reached skill level 1 in Short Blades
   941 | D:2      | Danger: Low HP Warning |T2| Reason: 59% HP (16/27)
   942 | D:2      | Danger: Low HP Warning |T2| Reason: 51% HP (14/27)
   943 | D:2      | Danger: Low HP Warning |T2| Reason: 55% HP (15/27)
   944 | D:2      | Danger: Low HP Warning |T2| Reason: 55% HP (15/27)
   945 | D:2      | Danger: Low HP Warning |T2| Reason: 59% HP (16/27)
   946 | D:2      | Danger: Low HP Warning |T2| Reason: 59% HP (16/27)
  1156 | D:2      | Reached XP level 4. HP: 33/33 MP: 8/8
  1647 | D:3      | Danger: kobold |T2| Reason: Quivering poison darts and no
                  | rPois, careful!
  1721 | D:3      | Danger: howler monkey |T2| Reason: OOD monster, careful!
  1752 | D:3      | Danger: orc |T2| Reason: Quivering boomerangs, careful!
  1772 | D:3      | Reached XP level 5. HP: 38/38 MP: 9/9
  1921 | D:3      | Danger: gnoll |T3| Reason: Quivering throwing nets, watch
                  | out!
  1923 | D:3      | Danger: gnoll |T3| Reason: Quivering throwing nets, watch
                  | out!
  1926 | D:3      | Danger: gnoll |T3| Reason: Quivering throwing nets, watch
                  | out!
  1927 | D:3      | Danger: gnoll |T3| Reason: Quivering throwing nets, watch
                  | out!
  1928 | D:3      | Danger: gnoll |T3| Reason: Quivering throwing nets, watch
                  | out!
  1929 | D:3      | Danger: gnoll |T3| Reason: Quivering throwing nets, watch
                  | out!
  1930 | D:3      | Danger: gnoll |T3| Reason: Quivering throwing nets, watch
                  | out!
  1933 | D:3      | Danger: gnoll |T3| Reason: Quivering throwing nets, watch
                  | out!
  1936 | D:3      | Danger: gnoll |T3| Reason: Quivering throwing nets, watch
                  | out!
  1941 | D:3      | Danger: Low HP Warning |T2| Reason: 55% HP (21/38)
  1942 | D:3      | Danger: Low HP Warning |T2| Reason: 55% HP (21/38)
  1943 | D:3      | Danger: Low HP Warning |T2| Reason: 57% HP (22/38)
  1944 | D:3      | Danger: Low HP Warning |T2| Reason: 52% HP (20/38)
  1945 | D:3      | Danger: Low HP Warning |T2| Reason: 55% HP (21/38)
  1946 | D:3      | Danger: Low HP Warning |T2| Reason: 55% HP (21/38)
  1947 | D:3      | Danger: Low HP Warning |T2| Reason: 55% HP (21/38)
  1948 | D:3      | Danger: Low HP Warning |T2| Reason: 57% HP (22/38)
  1949 | D:3      | Danger: Low HP Warning |T2| Reason: 57% HP (22/38)
  1950 | D:3      | Danger: Low HP Warning |T2| Reason: 57% HP (22/38)
  1951 | D:3      | Danger: Low HP Warning |T2| Reason: 60% HP (23/38)
  1952 | D:3      | Danger: Low HP Warning |T2| Reason: 60% HP (23/38)
  1956 | D:3      | Danger: Low HP Warning |T2| Reason: 60% HP (23/38)
  1959 | D:3      | Danger: Low HP Warning |T2| Reason: 55% HP (21/38)
  1961 | D:3      | Danger: Low HP Warning |T2| Reason: 55% HP (21/38)
  1962 | D:3      | Danger: Low HP Warning |T2| Reason: 57% HP (22/38)
  2387 | D:4      | Reached skill level 5 in Short Blades
  2435 | D:4      | Noticed a water moccasin
  2454 | D:4      | Danger: Low HP Warning |T2| Reason: 60% HP (23/38)
  2460 | D:4      | Danger: Low HP Warning |T2| Reason: 30% HP (9/30)
  2461 | D:4      | Danger: Low HP Warning |T2| Reason: 36% HP (11/30)
  2462 | D:4      | Danger: Low HP Warning |T2| Reason: 36% HP (11/30)
  2463 | D:4      | Danger: Low HP Warning |T3| Reason: 23% HP (7/30)
  2464 | D:4      | Danger: Low HP Warning |T3| Reason: 23% HP (7/30)
  2465 | D:4      | Danger: Low HP Warning |T3| Reason: 23% HP (7/30)
  2466 | D:4      | Danger: Low HP Warning |T3| Reason: 23% HP (7/30)
  2467 | D:4      | Danger: Low HP Warning |T2| Reason: 30% HP (9/30)
  2468 | D:4      | Danger: Low HP Warning |T2| Reason: 30% HP (9/30)
  2469 | D:4      | Danger: Low HP Warning |T2| Reason: 30% HP (9/30)
  2470 | D:4      | Danger: Low HP Warning |T2| Reason: 26% HP (8/30)
  2471 | D:4      | Danger: Low HP Warning |T2| Reason: 26% HP (8/30)
  2472 | D:4      | Danger: Low HP Warning |T2| Reason: 26% HP (8/30)
  2472 | D:4      | Killed a water moccasin
  2473 | D:4      | Reached XP level 6. HP: 9/35 MP: 10/10
  2473 | D:4      | Danger: Low HP Warning |T3| Reason: 25% HP (9/35)
  2474 | D:4      | Danger: Low HP Warning |T3| Reason: 25% HP (9/35)
  2475 | D:4      | Danger: Low HP Warning |T3| Reason: 25% HP (9/35)
  2476 | D:4      | Danger: Low HP Warning |T3| Reason: 25% HP (9/35)
  2477 | D:4      | Danger: Low HP Warning |T3| Reason: 25% HP (9/35)
  2478 | D:4      | Danger: Low HP Warning |T3| Reason: 25% HP (9/35)
  2479 | D:4      | Danger: Low HP Warning |T3| Reason: 25% HP (9/35)
  2480 | D:4      | Danger: Low HP Warning |T3| Reason: 25% HP (9/35)
  2481 | D:4      | Danger: Low HP Warning |T3| Reason: 25% HP (9/35)
  2482 | D:4      | Danger: Low HP Warning |T3| Reason: 25% HP (9/36)
  2483 | D:4      | Danger: Low HP Warning |T2| Reason: 36% HP (13/36)
  2484 | D:4      | Danger: Low HP Warning |T2| Reason: 36% HP (13/36)
  2485 | D:4      | Danger: Low HP Warning |T2| Reason: 36% HP (13/36)
  2486 | D:4      | Danger: Low HP Warning |T2| Reason: 36% HP (13/36)
  2487 | D:4      | Danger: Low HP Warning |T2| Reason: 36% HP (13/36)
  2488 | D:4      | Danger: Low HP Warning |T2| Reason: 36% HP (13/36)
  2489 | D:4      | Danger: Low HP Warning |T2| Reason: 36% HP (13/36)
  2490 | D:4      | Danger: Low HP Warning |T2| Reason: 36% HP (13/36)
  2491 | D:4      | Danger: Low HP Warning |T2| Reason: 36% HP (13/36)
  2492 | D:4      | Danger: Low HP Warning |T2| Reason: 36% HP (13/36)
  2493 | D:4      | Danger: Low HP Warning |T2| Reason: 36% HP (13/36)
  2494 | D:4      | Danger: Low HP Warning |T2| Reason: 36% HP (13/36)
  2496 | D:3      | Danger: Low HP Warning |T2| Reason: 36% HP (13/36)
  2497 | D:3      | Danger: Low HP Warning |T2| Reason: 36% HP (13/36)
  2832 | D:4      | Danger: Low HP Warning |T2| Reason: 51% HP (19/37)
  2833 | D:4      | Danger: Low HP Warning |T2| Reason: 51% HP (19/37)
  2834 | D:4      | Danger: Low HP Warning |T2| Reason: 51% HP (19/37)
  2835 | D:4      | Danger: Low HP Warning |T2| Reason: 51% HP (19/37)
  2836 | D:4      | Danger: Low HP Warning |T2| Reason: 56% HP (21/37)
  2837 | D:4      | Danger: Low HP Warning |T2| Reason: 56% HP (21/37)
  2839 | D:4      | Reached XP level 7. HP: 29/43 MP: 11/11
  2928 | D:4      | Danger: Low HP Warning |T2| Reason: 58% HP (25/43)
  2929 | D:4      | Danger: Low HP Warning |T2| Reason: 58% HP (25/43)
  2930 | D:4      | Danger: Low HP Warning |T2| Reason: 58% HP (25/43)
  2931 | D:4      | Danger: Low HP Warning |T2| Reason: 48% HP (21/43)
  2932 | D:4      | Danger: Low HP Warning |T2| Reason: 37% HP (16/43)
  2933 | D:4      | Danger: Low HP Warning |T2| Reason: 37% HP (16/43)
  2934 | D:4      | Danger: Low HP Warning |T2| Reason: 37% HP (16/43)
  2935 | D:4      | Danger: Low HP Warning |T2| Reason: 37% HP (16/43)
  2936 | D:4      | Danger: Low HP Warning |T3| Reason: 18% HP (8/43)
  2937 | D:4      | Danger: Low HP Warning |T3| Reason: 18% HP (8/43)
  2963 | D:4      | Danger: Low HP Warning |T2| Reason: 34% HP (15/43)
  2964 | D:4      | Danger: Low HP Warning |T2| Reason: 34% HP (15/43)
  2965 | D:4      | Danger: Low HP Warning |T2| Reason: 34% HP (15/43)
  2966 | D:4      | Danger: Low HP Warning |T2| Reason: 34% HP (15/43)
  2968 | D:4      | Danger: Low HP Warning |T2| Reason: 34% HP (15/43)
  2999 | D:4      | Danger: Low HP Warning |T2| Reason: 55% HP (24/43)
  3000 | D:4      | Danger: Low HP Warning |T2| Reason: 55% HP (24/43)
  3001 | D:4      | Danger: Low HP Warning |T2| Reason: 55% HP (24/43)
  3002 | D:4      | Danger: Low HP Warning |T2| Reason: 55% HP (24/43)
  3006 | D:4      | Danger: Low HP Warning |T2| Reason: 58% HP (25/43)
  3007 | D:4      | Danger: Low HP Warning |T2| Reason: 58% HP (25/43)
  3008 | D:4      | Danger: Low HP Warning |T2| Reason: 58% HP (25/43)
  3009 | D:4      | Danger: Low HP Warning |T2| Reason: 58% HP (25/43)
  3010 | D:4      | Danger: Low HP Warning |T2| Reason: 58% HP (25/43)
  3246 | D:5      | Entered Level 5 of the Dungeon
  3247 | D:5      | Danger: centaur |T2| Reason: OOD monster, careful!
  3252 | D:5      | Danger: Low HP Warning |T2| Reason: 51% HP (22/43)
  3253 | D:5      | Danger: Low HP Warning |T2| Reason: 51% HP (22/43)
  3254 | D:5      | Danger: Low HP Warning |T2| Reason: 51% HP (22/43)
  3255 | D:5      | Danger: Low HP Warning |T2| Reason: 51% HP (22/43)
  3256 | D:5      | Danger: Low HP Warning |T2| Reason: 51% HP (22/43)
  3257 | D:5      | Danger: Low HP Warning |T2| Reason: 51% HP (22/43)
  3258 | D:5      | Danger: Low HP Warning |T2| Reason: 51% HP (22/43)
  3259 | D:5      | Danger: Low HP Warning |T2| Reason: 51% HP (22/43)
  3260 | D:5      | Danger: Low HP Warning |T2| Reason: 51% HP (22/43)
  3261 | D:5      | Danger: Low HP Warning |T2| Reason: 51% HP (22/43)
  3262 | D:5      | Danger: Low HP Warning |T2| Reason: 51% HP (22/43)
  3263 | D:5      | Danger: Low HP Warning |T2| Reason: 51% HP (22/43)
  3264 | D:5      | Danger: Low HP Warning |T2| Reason: 51% HP (22/43)
  3265 | D:5      | Danger: Low HP Warning |T2| Reason: 51% HP (22/43)
  3266 | D:5      | Danger: Low HP Warning |T2| Reason: 51% HP (22/43)
  3267 | D:5      | Danger: Low HP Warning |T2| Reason: 51% HP (22/43)
  3268 | D:5      | Danger: Low HP Warning |T2| Reason: 51% HP (22/43)
  3269 | D:5      | Danger: Low HP Warning |T2| Reason: 51% HP (22/43)
  3270 | D:5      | Danger: Low HP Warning |T2| Reason: 51% HP (22/43)
  3271 | D:5      | Danger: Low HP Warning |T2| Reason: 51% HP (22/43)
  3272 | D:5      | Danger: Low HP Warning |T2| Reason: 51% HP (22/43)
  3332 | D:5      | Danger: Low HP Warning |T2| Reason: 60% HP (26/43)
  3333 | D:5      | Danger: Low HP Warning |T2| Reason: 60% HP (26/43)
  3334 | D:5      | Danger: Low HP Warning |T2| Reason: 60% HP (26/43)
  3335 | D:5      | Danger: Low HP Warning |T2| Reason: 60% HP (26/43)
  3336 | D:5      | Danger: Low HP Warning |T2| Reason: 53% HP (23/43)
  3337 | D:5      | Danger: Low HP Warning |T2| Reason: 53% HP (23/43)
  3338 | D:5      | Danger: Low HP Warning |T2| Reason: 53% HP (23/43)
  3339 | D:5      | Danger: Low HP Warning |T2| Reason: 53% HP (23/43)
  3340 | D:5      | Danger: Low HP Warning |T2| Reason: 53% HP (23/43)
  3341 | D:5      | Danger: Low HP Warning |T2| Reason: 53% HP (23/43)
  3342 | D:5      | Danger: Low HP Warning |T2| Reason: 53% HP (23/43)
  3343 | D:5      | Danger: Low HP Warning |T2| Reason: 53% HP (23/43)
  3344 | D:5      | Danger: Low HP Warning |T2| Reason: 44% HP (19/43)
  3345 | D:5      | Danger: Low HP Warning |T2| Reason: 44% HP (19/43)
  3354 | D:5      | Danger: Low HP Warning |T2| Reason: 48% HP (21/43)
  3355 | D:5      | Danger: Low HP Warning |T2| Reason: 48% HP (21/43)
  3356 | D:5      | Danger: Low HP Warning |T2| Reason: 48% HP (21/43)
  3357 | D:5      | Danger: Low HP Warning |T2| Reason: 48% HP (21/43)
  3358 | D:5      | Danger: Low HP Warning |T2| Reason: 48% HP (21/43)
  3359 | D:5      | Danger: Low HP Warning |T2| Reason: 48% HP (21/43)
  3360 | D:5      | Danger: Low HP Warning |T2| Reason: 48% HP (21/43)
  3361 | D:5      | Danger: Low HP Warning |T2| Reason: 48% HP (21/43)
  3362 | D:5      | Danger: Low HP Warning |T2| Reason: 48% HP (21/43)
  3363 | D:5      | Danger: Low HP Warning |T2| Reason: 48% HP (21/43)
  3364 | D:5      | Danger: Low HP Warning |T2| Reason: 53% HP (23/43)
  3365 | D:5      | Danger: Low HP Warning |T2| Reason: 53% HP (23/43)
  3366 | D:5      | Danger: Low HP Warning |T2| Reason: 48% HP (21/43)
  3367 | D:5      | Danger: Low HP Warning |T2| Reason: 48% HP (21/43)
  3368 | D:5      | Danger: Low HP Warning |T2| Reason: 48% HP (21/43)
  3369 | D:5      | Danger: Low HP Warning |T2| Reason: 48% HP (21/43)
  3370 | D:5      | Danger: Low HP Warning |T2| Reason: 48% HP (21/43)
  3371 | D:5      | Danger: Low HP Warning |T2| Reason: 48% HP (21/43)
  3372 | D:5      | Danger: Low HP Warning |T2| Reason: 48% HP (21/43)
  3373 | D:5      | Danger: Low HP Warning |T2| Reason: 46% HP (20/43)
  3374 | D:5      | Danger: Low HP Warning |T2| Reason: 46% HP (20/43)
  3375 | D:5      | Danger: Low HP Warning |T2| Reason: 46% HP (20/43)
  3376 | D:5      | Danger: Low HP Warning |T3| Reason: 20% HP (9/43)
  3377 | D:5      | Danger: Low HP Warning |T3| Reason: 9% HP (4/43)
  3378 | D:5      | Danger: Low HP Warning |T3| Reason: 6% HP (3/43)
  3379 | D:5      | Danger: Low HP Warning |T3| Reason: 6% HP (3/43)
  3380 | D:5      | Danger: Low HP Warning |T3| Reason: 6% HP (3/43)
  3381 | D:5      | Danger: Low HP Warning |T3| Reason: 6% HP (3/43)
  3382 | D:5      | Danger: Low HP Warning |T3| Reason: 6% HP (3/43)
  3383 | D:5      | Danger: Low HP Warning |T3| Reason: 6% HP (3/43)
  3384 | D:5      | Danger: Low HP Warning |T3| Reason: 6% HP (3/43)
  3385 | D:5      | Danger: Low HP Warning |T3| Reason: 6% HP (3/43)
  3386 | D:5      | Danger: Low HP Warning |T3| Reason: 6% HP (3/43)
  3387 | D:5      | Danger: Low HP Warning |T3| Reason: 6% HP (3/43)
  3388 | D:5      | Danger: Low HP Warning |T3| Reason: 6% HP (3/43)
  3389 | D:5      | Danger: Low HP Warning |T3| Reason: 6% HP (3/43)
  3390 | D:5      | Danger: Low HP Warning |T3| Reason: 6% HP (3/43)
  3392 | D:5      | Danger: Low HP Warning |T3| Reason: 9% HP (4/43)
  3393 | D:5      | Danger: Low HP Warning |T3| Reason: 9% HP (4/43)
  3394 | D:5      | Danger: Low HP Warning |T3| Reason: 9% HP (4/43)
  3395 | D:5      | Danger: Low HP Warning |T3| Reason: 9% HP (4/43)
  3396 | D:5      | Danger: Low HP Warning |T3| Reason: 9% HP (4/43)
  3628 | D:5      | Reached XP level 8. HP: 47/48 MP: 12/12
  3633 | D:5      | Found a sand-covered staircase.
  3640 | Ossuary  | Entered an ossuary
  3696 | Ossuary  | Reached skill level 5 in Fighting
  4168 | D:5      | Reached skill level 5 in Stealth
  4181 | D:5      | Danger: Low HP Warning |T2| Reason: 58% HP (30/51)
  4183 | D:5      | Danger: Low HP Warning |T2| Reason: 58% HP (30/51)
  4185 | D:5      | Danger: Low HP Warning |T2| Reason: 52% HP (27/51)
  4188 | D:5      | Danger: Low HP Warning |T2| Reason: 52% HP (27/51)
  4190 | D:5      | Danger: Low HP Warning |T2| Reason: 52% HP (27/51)
  4192 | D:5      | Danger: Low HP Warning |T2| Reason: 49% HP (25/51)
  4194 | D:5      | Danger: Low HP Warning |T2| Reason: 49% HP (25/51)
  4197 | D:5      | Danger: Low HP Warning |T2| Reason: 43% HP (22/51)
  4199 | D:5      | Danger: Low HP Warning |T2| Reason: 33% HP (17/51)
  4201 | D:5      | Danger: Low HP Warning |T3| Reason: 21% HP (11/51)
  4202 | D:5      | Danger: Low HP Warning |T3| Reason: 21% HP (11/51)
  4203 | D:5      | Danger: Low HP Warning |T3| Reason: 21% HP (11/51)
  4204 | D:5      | Danger: Low HP Warning |T3| Reason: 21% HP (11/51)
  4205 | D:5      | Danger: Low HP Warning |T3| Reason: 21% HP (11/51)
  4206 | D:5      | Danger: Low HP Warning |T3| Reason: 21% HP (11/51)
  4864 | D:6      | Found Rihenohi's General Store.
  4869 | D:6      | Bought a scroll of teleportation for 39 gold pieces
  4893 | D:6      | Found Tonauku's Book Shoppe.
  4900 | D:6      | Found Ylimiq's Antique Armour Emporium.
  4966 | D:6      | Found Reijuestuc's Weapon Shop.
  5233 | D:6      | Found Qesch's Distillery.
  5432 | D:6      | Bought 2 potions of heal wounds for 110 gold pieces
  5432 | D:6      | Bought a potion of curing for 33 gold pieces
  5432 | D:6      | Bought a potion of might for 44 gold pieces
  5432 | D:6      | Bought a potion of ambrosia for 88 gold pieces
  5544 | D:7      | Reached skill level 10 in Short Blades
  5621 | D:7      | Reached skill level 1 in Throwing
  5621 | D:7      | Reached XP level 9. HP: 55/55 MP: 13/13
  5644 | D:7      | Found a staircase to the Ecumenical Temple.
  5661 | Temple   | Entered the Ecumenical Temple
  5914 | Temple   | Became a worshipper of Hepliaklqana the Forgotten
  6746 | D:8      | Noticed a two-headed ogre
  6825 | D:8      | Reached skill level 5 in Dodging
  6900 | D:8      | Danger: Low HP Warning |T2| Reason: 54% HP (30/55)
  6901 | D:8      | Danger: Low HP Warning |T2| Reason: 54% HP (30/55)
  6902 | D:8      | Danger: Low HP Warning |T2| Reason: 54% HP (30/55)
  6902 | D:8      | Killed a two-headed ogre
  6903 | D:8      | Danger: Low HP Warning |T2| Reason: 54% HP (30/55)
  6904 | D:8      | Danger: Low HP Warning |T2| Reason: 54% HP (30/55)
  6907 | D:8      | Danger: Low HP Warning |T2| Reason: 54% HP (30/55)
  6909 | D:8      | Danger: Low HP Warning |T2| Reason: 54% HP (30/55)
  6910 | D:8      | Danger: Low HP Warning |T2| Reason: 49% HP (27/55)
  6911 | D:8      | Danger: Low HP Warning |T2| Reason: 49% HP (27/55)
  6915 | D:8      | Danger: Low HP Warning |T2| Reason: 50% HP (28/55)
  6916 | D:8      | Danger: Low HP Warning |T2| Reason: 50% HP (28/55)
  6917 | D:8      | Danger: Low HP Warning |T2| Reason: 50% HP (28/55)
  6918 | D:8      | Danger: Low HP Warning |T2| Reason: 50% HP (28/55)
  6919 | D:8      | Danger: Low HP Warning |T2| Reason: 50% HP (28/55)
  6921 | D:8      | Danger: Low HP Warning |T2| Reason: 50% HP (28/55)
  6924 | D:8      | Danger: Low HP Warning |T2| Reason: 54% HP (30/55)
  6929 | D:8      | Danger: Low HP Warning |T2| Reason: 56% HP (31/55)
  6930 | D:8      | Danger: Low HP Warning |T2| Reason: 56% HP (31/55)
  6932 | D:8      | Danger: Low HP Warning |T2| Reason: 58% HP (32/55)
  6933 | D:8      | Danger: Low HP Warning |T2| Reason: 58% HP (32/55)
  6934 | D:8      | Danger: Low HP Warning |T2| Reason: 58% HP (32/55)
  6935 | D:8      | Danger: Low HP Warning |T2| Reason: 58% HP (32/55)
  6936 | D:8      | Danger: Low HP Warning |T2| Reason: 60% HP (33/55)
  6937 | D:8      | Danger: Low HP Warning |T2| Reason: 60% HP (33/55)
  6938 | D:8      | Danger: Low HP Warning |T2| Reason: 60% HP (33/55)
  7097 | D:8      | Noticed a troll
  7135 | D:8      | Danger: Low HP Warning |T2| Reason: 58% HP (32/55)
  7136 | D:8      | Danger: Low HP Warning |T2| Reason: 58% HP (32/55)
  7137 | D:8      | Danger: Low HP Warning |T2| Reason: 58% HP (32/55)
  7138 | D:8      | Danger: Low HP Warning |T2| Reason: 58% HP (32/55)
  7139 | D:8      | Danger: Low HP Warning |T2| Reason: 58% HP (32/55)
  7140 | D:8      | Danger: Low HP Warning |T2| Reason: 58% HP (32/55)
  7141 | D:8      | Danger: Low HP Warning |T2| Reason: 58% HP (32/55)
  7142 | D:8      | Danger: Low HP Warning |T2| Reason: 58% HP (32/55)
  7143 | D:8      | Danger: Low HP Warning |T2| Reason: 41% HP (23/55)
  7144 | D:8      | Danger: Low HP Warning |T2| Reason: 41% HP (23/55)
  7145 | D:8      | Danger: Low HP Warning |T2| Reason: 41% HP (23/55)
  7146 | D:8      | Danger: Low HP Warning |T2| Reason: 41% HP (23/55)
  7147 | D:8      | Danger: Low HP Warning |T2| Reason: 41% HP (23/55)
  7148 | D:8      | Danger: Low HP Warning |T2| Reason: 41% HP (23/55)
  7149 | D:8      | Danger: Low HP Warning |T2| Reason: 41% HP (23/55)
  7150 | D:8      | Danger: Low HP Warning |T2| Reason: 41% HP (23/55)
  7465 | D:8      | Danger: Low HP Warning |T3| Reason: 25% HP (14/55)
  7466 | D:8      | Danger: Low HP Warning |T3| Reason: 25% HP (14/55)
  7467 | D:8      | Danger: Low HP Warning |T3| Reason: 25% HP (14/55)
  7468 | D:8      | Danger: Low HP Warning |T3| Reason: 25% HP (14/55)
  7469 | D:8      | Danger: Low HP Warning |T3| Reason: 25% HP (14/55)
  7470 | D:8      | Danger: Low HP Warning |T3| Reason: 25% HP (14/55)
  7471 | D:8      | Danger: Low HP Warning |T3| Reason: 25% HP (14/55)
  7472 | D:8      | Danger: Low HP Warning |T3| Reason: 25% HP (14/55)
  8022 | D:8      | Found a staircase to the Lair.
  8060 | D:8      | Danger: gnoll |T3| Reason: Wand of Paralysis and low Will
  8060 | D:8      | Danger: gnoll |T2| Reason: carrying a wand of paralysis
                  | (7), careful!
  8061 | D:8      | Danger: gnoll |T2| Reason: carrying a wand of paralysis
                  | (6), careful!
  8061 | D:8      | Danger: gnoll |T3| Reason: Wand of Paralysis and low Will
  8068 | D:8      | Danger: gnoll |T3| Reason: Wand of Paralysis and low Will
  8068 | D:8      | Danger: gnoll |T2| Reason: carrying a wand of paralysis
                  | (6), careful!
  8069 | D:8      | Danger: gnoll |T3| Reason: Wand of Paralysis and low Will
  8070 | D:8      | Danger: gnoll |T3| Reason: Wand of Paralysis and low Will
  8071 | D:8      | Danger: gnoll |T3| Reason: Wand of Paralysis and low Will
  8071 | D:8      | Paralysed by a gnoll for 4 turns
  8076 | D:8      | Danger: gnoll |T2| Reason: carrying a wand of paralysis
                  | (4), careful!
  8076 | D:8      | Danger: gnoll |T3| Reason: Wand of Paralysis and low Will
  8077 | D:8      | Danger: gnoll |T3| Reason: Wand of Paralysis and low Will
  8078 | D:8      | Danger: gnoll |T3| Reason: Wand of Paralysis and low Will
  8093 | D:8      | Danger: Low HP Warning |T2| Reason: 60% HP (33/55)
  8094 | D:8      | Danger: Low HP Warning |T2| Reason: 60% HP (33/55)
  8095 | D:8      | Danger: Low HP Warning |T2| Reason: 60% HP (33/55)
  8096 | D:8      | Danger: Low HP Warning |T2| Reason: 60% HP (33/55)
  8097 | D:8      | Danger: Low HP Warning |T2| Reason: 60% HP (33/55)
  8098 | D:8      | Danger: Low HP Warning |T2| Reason: 60% HP (33/55)
  8099 | D:8      | Danger: Low HP Warning |T2| Reason: 60% HP (33/55)
  8100 | D:8      | Danger: Low HP Warning |T2| Reason: 60% HP (33/55)
  8101 | D:8      | Danger: Low HP Warning |T2| Reason: 60% HP (33/55)
  8102 | D:8      | Danger: Low HP Warning |T2| Reason: 60% HP (33/55)
  8103 | D:8      | Danger: Low HP Warning |T2| Reason: 60% HP (33/55)
  8105 | D:8      | Danger: Low HP Warning |T2| Reason: 60% HP (33/55)
  8106 | D:8      | Danger: Low HP Warning |T2| Reason: 60% HP (33/55)
  8107 | D:8      | Danger: Low HP Warning |T2| Reason: 60% HP (33/55)
  8108 | D:8      | Danger: Low HP Warning |T2| Reason: 60% HP (33/55)
  8109 | D:8      | Danger: Low HP Warning |T2| Reason: 60% HP (33/55)
  8110 | D:8      | Danger: Low HP Warning |T2| Reason: 60% HP (33/55)
  8111 | D:8      | Danger: Low HP Warning |T2| Reason: 60% HP (33/55)
  8112 | D:8      | Danger: Low HP Warning |T2| Reason: 60% HP (33/55)
  8113 | D:8      | Danger: Low HP Warning |T2| Reason: 60% HP (33/55)
  8114 | D:8      | Danger: Low HP Warning |T2| Reason: 60% HP (33/55)
  8115 | D:8      | Danger: Low HP Warning |T2| Reason: 60% HP (33/55)
  8116 | D:8      | Danger: Low HP Warning |T2| Reason: 60% HP (33/55)
  8117 | D:8      | Danger: Low HP Warning |T2| Reason: 60% HP (33/55)
  8118 | D:8      | Danger: Low HP Warning |T2| Reason: 60% HP (33/55)
  8119 | D:8      | Danger: Low HP Warning |T2| Reason: 60% HP (33/55)
  8120 | D:8      | Danger: Low HP Warning |T2| Reason: 60% HP (33/55)
  8121 | D:8      | Danger: Low HP Warning |T2| Reason: 60% HP (33/55)
  8122 | D:8      | Danger: Low HP Warning |T2| Reason: 60% HP (33/55)
  8124 | D:8      | Danger: Low HP Warning |T2| Reason: 60% HP (33/55)
  8125 | D:8      | Danger: Low HP Warning |T2| Reason: 60% HP (33/55)
  8126 | D:8      | Danger: Low HP Warning |T2| Reason: 60% HP (33/55)
  8127 | D:8      | Danger: Low HP Warning |T2| Reason: 60% HP (33/55)
  8128 | D:8      | Danger: Low HP Warning |T2| Reason: 60% HP (33/55)
  8129 | D:8      | Danger: Low HP Warning |T2| Reason: 60% HP (33/55)
  8130 | D:8      | Danger: Low HP Warning |T2| Reason: 60% HP (33/55)
  8131 | D:8      | Danger: Low HP Warning |T2| Reason: 60% HP (33/55)
  8132 | D:8      | Danger: Low HP Warning |T2| Reason: 60% HP (33/55)
  8133 | D:8      | Danger: Low HP Warning |T2| Reason: 60% HP (33/55)
  8134 | D:8      | Danger: Low HP Warning |T2| Reason: 60% HP (33/55)
  8135 | D:8      | Danger: Low HP Warning |T2| Reason: 60% HP (33/55)
  8136 | D:8      | Danger: Low HP Warning |T2| Reason: 60% HP (33/55)
  8137 | D:8      | Danger: Low HP Warning |T2| Reason: 60% HP (33/55)
  8138 | D:8      | Danger: Low HP Warning |T2| Reason: 60% HP (33/55)
  8139 | D:8      | Danger: Low HP Warning |T2| Reason: 60% HP (33/55)
  8140 | D:8      | Danger: Low HP Warning |T2| Reason: 60% HP (33/55)
  8141 | D:8      | Danger: Low HP Warning |T2| Reason: 60% HP (33/55)
  8143 | D:8      | Danger: Low HP Warning |T2| Reason: 60% HP (33/55)
  8144 | D:8      | Danger: Low HP Warning |T2| Reason: 60% HP (33/55)
  8145 | D:8      | Danger: Low HP Warning |T2| Reason: 60% HP (33/55)
  8146 | D:8      | Danger: Low HP Warning |T2| Reason: 60% HP (33/55)
  8147 | D:8      | Danger: Low HP Warning |T2| Reason: 60% HP (33/55)
  8277 | D:9      | Reached * piety under Hepliaklqana
  8302 | D:9      | Identified the amulet of Jiaqiugu {RegenMP rC++}
  8321 | D:9      | Reached XP level 10. HP: 51/53 MP: 14/14
  8394 | D:9      | Danger: Low HP Warning |T2| Reason: 47% HP (25/53)
  8395 | D:9      | Danger: Low HP Warning |T3| Reason: 22% HP (12/53)
  8396 | D:9      | Danger: Low HP Warning |T3| Reason: 22% HP (12/53)
  8397 | D:9      | Danger: Low HP Warning |T2| Reason: 41% HP (22/53)
  8398 | D:9      | Danger: Low HP Warning |T2| Reason: 41% HP (22/53)
  8399 | D:9      | Danger: Low HP Warning |T2| Reason: 41% HP (22/53)
  8400 | D:9      | Danger: Low HP Warning |T2| Reason: 41% HP (22/53)
  8401 | D:9      | Danger: Low HP Warning |T2| Reason: 41% HP (22/53)
  8402 | D:9      | Danger: Low HP Warning |T2| Reason: 41% HP (22/53)
  8403 | D:9      | Danger: Low HP Warning |T2| Reason: 41% HP (22/53)
  8404 | D:9      | Danger: Low HP Warning |T2| Reason: 41% HP (22/53)
  8405 | D:9      | Danger: Low HP Warning |T2| Reason: 47% HP (25/53)
  8406 | D:9      | Danger: Low HP Warning |T2| Reason: 47% HP (25/53)
  8407 | D:9      | Danger: Low HP Warning |T2| Reason: 47% HP (25/53)
  8408 | D:9      | Danger: Low HP Warning |T2| Reason: 47% HP (25/53)
  8409 | D:9      | Danger: Low HP Warning |T2| Reason: 47% HP (25/53)
  8410 | D:9      | Danger: Low HP Warning |T2| Reason: 37% HP (20/53)
  8411 | D:9      | Danger: Low HP Warning |T2| Reason: 41% HP (22/53)
  8422 | D:9      | Danger: Low HP Warning |T2| Reason: 52% HP (28/53)
  8423 | D:9      | Danger: Low HP Warning |T2| Reason: 52% HP (28/53)
  8424 | D:9      | Danger: Low HP Warning |T2| Reason: 52% HP (28/53)
  8425 | D:9      | Danger: Low HP Warning |T2| Reason: 56% HP (30/53)
  8426 | D:9      | Danger: Low HP Warning |T2| Reason: 56% HP (30/53)
  8427 | D:9      | Danger: Low HP Warning |T2| Reason: 56% HP (30/53)
  8429 | D:9      | Danger: Low HP Warning |T2| Reason: 56% HP (30/53)
  8431 | D:9      | Danger: Low HP Warning |T2| Reason: 56% HP (30/53)
  8432 | D:9      | Danger: Low HP Warning |T2| Reason: 56% HP (30/53)
  8434 | D:9      | Danger: Low HP Warning |T2| Reason: 56% HP (30/53)
  8435 | D:9      | Danger: Low HP Warning |T2| Reason: 56% HP (30/53)
  8436 | D:9      | Danger: Low HP Warning |T2| Reason: 56% HP (30/53)
  8437 | D:9      | Danger: Low HP Warning |T2| Reason: 56% HP (30/53)
  8438 | D:9      | Danger: Low HP Warning |T2| Reason: 56% HP (30/53)
  8450 | D:9      | Danger: orc priest |T3| Reason: Wand of Paralysis and low
                  | Will
  8450 | D:9      | Danger: orc priest |T2| Reason: carrying a wand of
                  | paralysis (2), careful!
  8452 | D:9      | Danger: orc priest |T2| Reason: carrying a wand of
                  | paralysis (1), careful!
  8452 | D:9      | Danger: orc priest |T3| Reason: Wand of Paralysis and low
                  | Will
  8453 | D:9      | Danger: orc priest |T3| Reason: Wand of Paralysis and low
                  | Will
  8453 | D:9      | Danger: Low HP Warning |T2| Reason: 54% HP (29/53)
  8454 | D:9      | Danger: orc priest |T3| Reason: Wand of Paralysis and low
                  | Will
  8454 | D:9      | Danger: Low HP Warning |T2| Reason: 54% HP (29/53)
  8455 | D:9      | Danger: orc priest |T3| Reason: Wand of Paralysis and low
                  | Will
  8455 | D:9      | Danger: Low HP Warning |T2| Reason: 30% HP (16/53)
  8456 | D:9      | Danger: orc priest |T3| Reason: Wand of Paralysis and low
                  | Will
  8456 | D:9      | Danger: Low HP Warning |T2| Reason: 30% HP (16/53)
  8457 | D:9      | Danger: orc priest |T3| Reason: Wand of Paralysis and low
                  | Will
  8457 | D:9      | Danger: Low HP Warning |T2| Reason: 30% HP (16/53)
  8458 | D:9      | Danger: orc priest |T3| Reason: Wand of Paralysis and low
                  | Will
  8458 | D:9      | Danger: Low HP Warning |T2| Reason: 30% HP (16/53)
  8459 | D:9      | Danger: orc priest |T3| Reason: Wand of Paralysis and low
                  | Will
  8459 | D:9      | Danger: Low HP Warning |T2| Reason: 30% HP (16/53)
  8460 | D:9      | Danger: orc priest |T3| Reason: Wand of Paralysis and low
                  | Will
  8460 | D:9      | Danger: Low HP Warning |T2| Reason: 30% HP (16/53)
  8461 | D:9      | Danger: orc priest |T3| Reason: Wand of Paralysis and low
                  | Will
  8461 | D:9      | Danger: Low HP Warning |T2| Reason: 30% HP (16/53)
  8462 | D:9      | Danger: orc priest |T3| Reason: Wand of Paralysis and low
                  | Will
  8462 | D:9      | Danger: Low HP Warning |T2| Reason: 30% HP (16/53)
  8463 | D:9      | Danger: orc priest |T3| Reason: Wand of Paralysis and low
                  | Will
  8463 | D:9      | Danger: Low HP Warning |T2| Reason: 30% HP (16/53)
  8464 | D:9      | Danger: Low HP Warning |T2| Reason: 30% HP (16/53)
  8465 | D:9      | Danger: Low HP Warning |T2| Reason: 30% HP (16/53)
  8466 | D:9      | Danger: Low HP Warning |T3| Reason: 9% HP (5/53)
  8482 | D:9      | Danger: Low HP Warning |T3| Reason: 16% HP (9/53)
  8483 | D:9      | Danger: Low HP Warning |T3| Reason: 16% HP (9/53)
  8484 | D:9      | Danger: Low HP Warning |T3| Reason: 18% HP (10/53)
  8500 | D:9      | Danger: Low HP Warning |T2| Reason: 26% HP (14/53)
  8501 | D:9      | Danger: Low HP Warning |T2| Reason: 26% HP (14/53)
  8502 | D:9      | Danger: Low HP Warning |T2| Reason: 26% HP (14/53)
  8503 | D:9      | Danger: Low HP Warning |T2| Reason: 26% HP (14/53)
  8503 | D:9      | Identified the +0 leather armour "Liqiga" {Stlth+}
  8504 | D:9      | Danger: Low HP Warning |T2| Reason: 26% HP (14/53)
  8505 | D:9      | Danger: gnoll |T3| Reason: Wand of Paralysis and low Will
  8505 | D:9      | Danger: gnoll |T2| Reason: carrying a wand of paralysis
                  | (2), careful!
  8505 | D:9      | Danger: Low HP Warning |T2| Reason: 26% HP (14/53)
  8512 | D:8      | Danger: Low HP Warning |T2| Reason: 30% HP (16/53)
  8513 | D:8      | Danger: Low HP Warning |T2| Reason: 30% HP (16/53)
  8514 | D:8      | Danger: Low HP Warning |T2| Reason: 30% HP (16/53)
  8515 | D:8      | Danger: Low HP Warning |T2| Reason: 30% HP (16/53)
  8516 | D:8      | Danger: Low HP Warning |T2| Reason: 30% HP (16/53)
  8517 | D:8      | Danger: Low HP Warning |T2| Reason: 30% HP (16/53)
  8518 | D:8      | Danger: Low HP Warning |T2| Reason: 30% HP (16/53)
  8519 | D:8      | Danger: Low HP Warning |T2| Reason: 30% HP (16/53)
  8520 | D:8      | Danger: Low HP Warning |T2| Reason: 30% HP (16/53)
  8521 | D:8      | Danger: Low HP Warning |T2| Reason: 30% HP (16/53)
  8522 | D:8      | Danger: Low HP Warning |T2| Reason: 30% HP (16/53)
  8523 | D:8      | Danger: Low HP Warning |T2| Reason: 30% HP (16/53)
  8526 | D:8      | Danger: Low HP Warning |T2| Reason: 32% HP (17/53)
  8527 | D:8      | Danger: Low HP Warning |T2| Reason: 32% HP (17/53)
  8528 | D:8      | Danger: Low HP Warning |T2| Reason: 32% HP (17/53)
  8529 | D:8      | Danger: Low HP Warning |T2| Reason: 32% HP (17/53)
  8530 | D:8      | Danger: Low HP Warning |T2| Reason: 32% HP (17/53)
  8531 | D:8      | Danger: Low HP Warning |T2| Reason: 32% HP (17/53)
  8532 | D:8      | Danger: Low HP Warning |T2| Reason: 32% HP (17/53)
  8533 | D:8      | Danger: Low HP Warning |T2| Reason: 32% HP (17/53)
  8534 | D:8      | Danger: Low HP Warning |T2| Reason: 32% HP (17/53)
  8535 | D:8      | Danger: Low HP Warning |T3| Reason: 13% HP (7/53)
  8536 | D:8      | Danger: Low HP Warning |T3| Reason: 13% HP (7/53)
  8537 | D:8      | Danger: Low HP Warning |T3| Reason: 13% HP (7/53)
  8538 | D:8      | Danger: Low HP Warning |T3| Reason: 13% HP (7/53)
  8539 | D:8      | Danger: Low HP Warning |T3| Reason: 13% HP (7/53)
  8540 | D:8      | Danger: Low HP Warning |T3| Reason: 13% HP (7/53)
  8541 | D:8      | Danger: Low HP Warning |T3| Reason: 13% HP (7/53)
  8543 | D:8      | Danger: Low HP Warning |T3| Reason: 15% HP (8/53)
  8544 | D:8      | Danger: Low HP Warning |T3| Reason: 15% HP (8/53)
  8551 | D:8      | Danger: Low HP Warning |T2| Reason: 58% HP (31/53)
  8552 | D:8      | Danger: Low HP Warning |T2| Reason: 58% HP (31/53)
  8553 | D:8      | Danger: Low HP Warning |T2| Reason: 58% HP (31/53)
  8554 | D:8      | Danger: Low HP Warning |T2| Reason: 58% HP (31/53)
  8933 | D:8      | Reached skill level 10 in Dodging
  8944 | D:8      | Danger: Low HP Warning |T2| Reason: 58% HP (31/53)
  8945 | D:8      | Danger: Low HP Warning |T2| Reason: 58% HP (31/53)
  8946 | D:8      | Danger: Low HP Warning |T2| Reason: 58% HP (31/53)
  8947 | D:8      | Danger: Low HP Warning |T2| Reason: 58% HP (31/53)
  8948 | D:8      | Danger: Low HP Warning |T2| Reason: 56% HP (30/53)
  8949 | D:8      | Danger: Low HP Warning |T2| Reason: 56% HP (30/53)
  8950 | D:8      | Danger: Low HP Warning |T2| Reason: 56% HP (30/53)
  8951 | D:8      | Danger: Low HP Warning |T2| Reason: 56% HP (30/53)
  8952 | D:8      | Danger: Low HP Warning |T2| Reason: 56% HP (30/53)
  8953 | D:8      | Danger: Low HP Warning |T2| Reason: 56% HP (30/53)
  8954 | D:8      | Danger: Low HP Warning |T2| Reason: 56% HP (30/53)
  8955 | D:8      | Danger: Low HP Warning |T2| Reason: 56% HP (30/53)
  8956 | D:8      | Danger: Low HP Warning |T2| Reason: 56% HP (30/53)
  8957 | D:8      | Danger: Low HP Warning |T2| Reason: 56% HP (30/53)
  8958 | D:8      | Danger: Low HP Warning |T2| Reason: 45% HP (24/53)
  8959 | D:8      | Danger: Low HP Warning |T2| Reason: 45% HP (24/53)
  8960 | D:8      | Danger: Low HP Warning |T2| Reason: 32% HP (17/53)
  8961 | D:8      | Danger: Low HP Warning |T2| Reason: 32% HP (17/53)
  8962 | D:8      | Danger: Low HP Warning |T2| Reason: 32% HP (17/53)
  8963 | D:8      | Danger: Low HP Warning |T2| Reason: 32% HP (17/53)
  8964 | D:8      | Danger: Low HP Warning |T2| Reason: 32% HP (17/53)
  8965 | D:8      | Danger: Low HP Warning |T2| Reason: 32% HP (17/53)
  8966 | D:8      | Danger: Low HP Warning |T2| Reason: 32% HP (17/53)
  8967 | D:8      | Danger: Low HP Warning |T2| Reason: 32% HP (17/53)
  8968 | D:8      | Danger: Low HP Warning |T2| Reason: 32% HP (17/53)
  8969 | D:8      | Danger: Low HP Warning |T2| Reason: 32% HP (17/53)
  8971 | D:8      | Danger: Low HP Warning |T2| Reason: 32% HP (17/53)
  8972 | D:8      | Danger: Low HP Warning |T2| Reason: 32% HP (17/53)
  8973 | D:8      | Danger: Low HP Warning |T2| Reason: 32% HP (17/53)
  8974 | D:8      | Danger: Low HP Warning |T2| Reason: 32% HP (17/53)
  8978 | D:8      | Danger: Low HP Warning |T2| Reason: 35% HP (19/53)
  8979 | D:8      | Danger: Low HP Warning |T2| Reason: 35% HP (19/53)
  8983 | D:8      | Danger: Low HP Warning |T2| Reason: 37% HP (20/53)
  8984 | D:8      | Danger: Low HP Warning |T2| Reason: 37% HP (20/53)
  8985 | D:8      | Danger: Low HP Warning |T2| Reason: 37% HP (20/53)
  8986 | D:8      | Danger: Low HP Warning |T2| Reason: 37% HP (20/53)
  8990 | D:8      | Danger: Low HP Warning |T2| Reason: 39% HP (21/53)
  8991 | D:8      | Danger: Low HP Warning |T2| Reason: 39% HP (21/53)
  8992 | D:8      | Danger: Low HP Warning |T2| Reason: 39% HP (21/53)
  8993 | D:8      | Danger: Low HP Warning |T2| Reason: 39% HP (21/53)
  8995 | D:8      | Danger: Low HP Warning |T2| Reason: 39% HP (21/53)
  8996 | D:8      | Danger: Low HP Warning |T2| Reason: 39% HP (21/53)
  8997 | D:8      | Danger: Low HP Warning |T2| Reason: 39% HP (21/53)
  8998 | D:8      | Danger: Low HP Warning |T2| Reason: 39% HP (21/53)
  8999 | D:8      | Danger: Low HP Warning |T2| Reason: 39% HP (21/53)
  9000 | D:8      | Danger: Low HP Warning |T2| Reason: 39% HP (21/53)
  9001 | D:8      | Danger: Low HP Warning |T2| Reason: 39% HP (21/53)
  9002 | D:8      | Danger: Low HP Warning |T2| Reason: 39% HP (21/53)
  9003 | D:8      | Danger: Low HP Warning |T2| Reason: 39% HP (21/53)
  9004 | D:8      | Danger: Low HP Warning |T2| Reason: 39% HP (21/53)
  9005 | D:8      | Danger: Low HP Warning |T2| Reason: 39% HP (21/53)
  9006 | D:8      | Danger: Low HP Warning |T2| Reason: 39% HP (21/53)
  9007 | D:8      | Danger: Low HP Warning |T2| Reason: 39% HP (21/53)
  9008 | D:8      | Danger: Low HP Warning |T2| Reason: 39% HP (21/53)
  9011 | D:8      | Danger: Low HP Warning |T2| Reason: 39% HP (21/53)
  9012 | D:8      | Danger: Low HP Warning |T2| Reason: 39% HP (21/53)
  9013 | D:8      | Danger: Low HP Warning |T2| Reason: 39% HP (21/53)
  9014 | D:8      | Danger: Low HP Warning |T2| Reason: 39% HP (21/53)
  9015 | D:8      | Danger: Low HP Warning |T2| Reason: 39% HP (21/53)
  9017 | D:8      | Danger: Low HP Warning |T2| Reason: 39% HP (21/53)
  9018 | D:8      | Danger: Low HP Warning |T2| Reason: 39% HP (21/53)
  9019 | D:8      | Danger: Low HP Warning |T2| Reason: 39% HP (21/53)
  9020 | D:8      | Danger: Low HP Warning |T2| Reason: 39% HP (21/53)
  9021 | D:8      | Danger: Low HP Warning |T2| Reason: 39% HP (21/53)
  9022 | D:8      | Danger: Low HP Warning |T2| Reason: 39% HP (21/53)
  9023 | D:8      | Danger: Low HP Warning |T2| Reason: 39% HP (21/53)
  9024 | D:8      | Danger: Low HP Warning |T2| Reason: 39% HP (21/53)
  9239 | D:8      | Danger: gnoll |T3| Reason: Quivering throwing nets, watch
                  | out!
  9240 | D:8      | Danger: gnoll |T3| Reason: Quivering throwing nets, watch
                  | out!
  9241 | D:8      | Danger: gnoll |T3| Reason: Quivering throwing nets, watch
                  | out!
  9242 | D:8      | Danger: gnoll |T3| Reason: Quivering throwing nets, watch
                  | out!
  9243 | D:8      | Danger: gnoll |T3| Reason: Quivering throwing nets, watch
                  | out!
  9244 | D:8      | Danger: gnoll |T3| Reason: Quivering throwing nets, watch
                  | out!
  9245 | D:8      | Danger: gnoll |T3| Reason: Quivering throwing nets, watch
                  | out!
  9247 | D:8      | Danger: gnoll |T3| Reason: Quivering throwing nets, watch
                  | out!
  9515 | D:8      | Found a staircase to the Lair.
 10184 | D:9      | Found Ewkimexi's Distillery.
 10199 | D:9      | Bought a potion of invisibility for 128 gold pieces
 10199 | D:9      | Bought a potion of heal wounds for 80 gold pieces
 10199 | D:9      | Bought a potion of might for 64 gold pieces
 10488 | D:9      | Danger: gnoll |T3| Reason: Wand of Paralysis and low Will
 10488 | D:9      | Danger: gnoll |T2| Reason: carrying a wand of paralysis
                  | (2), careful!
 10489 | D:9      | Danger: gnoll |T2| Reason: carrying a wand of paralysis
                  | (1), careful!
 10489 | D:9      | Danger: gnoll |T3| Reason: Wand of Paralysis and low Will
 10491 | D:9      | Danger: gnoll |T3| Reason: Wand of Paralysis and low Will
 10492 | D:9      | Danger: gnoll |T3| Reason: Wand of Paralysis and low Will
 10493 | D:9      | Danger: gnoll |T3| Reason: Wand of Paralysis and low Will
 10494 | D:9      | Danger: gnoll |T3| Reason: Wand of Paralysis and low Will
 10495 | D:9      | Danger: gnoll |T3| Reason: Wand of Paralysis and low Will
 10496 | D:9      | Danger: gnoll |T3| Reason: Wand of Paralysis and low Will
 10502 | D:8      | Danger: Low HP Warning |T2| Reason: 53% HP (32/60)
 10681 | D:8      | Found a staircase to the Lair.
 11653 | D:9      | Found a radiant altar of Vehumet.
 11706 | D:10     | Entered Level 10 of the Dungeon
 11715 | D:10     | Danger: kobold brigand |T2| Reason: Quivering poison darts
                  | and no rPois, careful!
 11716 | D:10     | Noticed a cyclops
 11737 | D:10     | Danger: cyclops |T2| Reason: Quivering large rocks, watch
                  | out!!
 11737 | D:10     | Danger: cyclops |T2| Reason: OOD monster, careful!
 11737 | D:10     | Danger: kobold brigand |T2| Reason: Quivering poison darts
                  | and no rPois, careful!
 11889 | D:10     | Noticed a seven-headed hydra
 11889 | D:10     | Found a transporter.
 11890 | D:10     | Noticed Jase's ghost (journeyman HOFi)
 11896 | D:10     | Danger: kobold brigand |T2| Reason: Quivering poison darts
                  | and no rPois, careful!
 11897 | D:10     | Danger: cyclops |T2| Reason: Quivering large rocks, watch
                  | out!!
 11897 | D:10     | Danger: cyclops |T2| Reason: OOD monster, careful!
 11905 | D:10     | Danger: cyclops |T2| Reason: Quivering large rocks, watch
                  | out!!
 11905 | D:10     | Danger: cyclops |T2| Reason: OOD monster, careful!
 12018 | D:10     | Danger: cyclops |T2| Reason: Quivering large rocks, watch
                  | out!!
 12018 | D:10     | Danger: cyclops |T2| Reason: OOD monster, careful!
 12018 | D:10     | Danger: kobold brigand |T2| Reason: Quivering poison darts
                  | and no rPois, careful!
 12025 | D:10     | Danger: Low HP Warning |T2| Reason: 47% HP (32/68)
 12026 | D:10     | Danger: Low HP Warning |T2| Reason: 48% HP (33/68)
 12029 | D:10     | Killed a cyclops
 12112 | D:10     | Found a transporter.
 12132 | D:10     | Noticed Maurice
 12133 | D:10     | Danger: Maurice |T3| Reason: Wand of Paralysis and low Will
 12133 | D:10     | Danger: Maurice |T2| Reason: Unique monster, careful!
 12133 | D:10     | Danger: Maurice |T2| Reason: carrying a wand of paralysis
                  | (4), careful!
 12134 | D:10     | Danger: Maurice |T3| Reason: Wand of Paralysis and low Will
 12135 | D:10     | Danger: Maurice |T3| Reason: Wand of Paralysis and low Will
 12136 | D:10     | Danger: Maurice |T3| Reason: Wand of Paralysis and low Will
 12136 | D:10     | Noticed a two-headed ogre
 12137 | D:10     | Danger: Maurice |T3| Reason: Wand of Paralysis and low Will
 12138 | D:10     | Danger: Maurice |T3| Reason: Wand of Paralysis and low Will
 12139 | D:10     | Danger: Maurice |T3| Reason: Wand of Paralysis and low Will
 12140 | D:10     | Danger: Maurice |T3| Reason: Wand of Paralysis and low Will
 12141 | D:10     | Danger: Maurice |T2| Reason: carrying a wand of paralysis
                  | (3), careful!
 12141 | D:10     | Danger: Maurice |T3| Reason: Wand of Paralysis and low Will
 12142 | D:10     | Danger: Maurice |T3| Reason: Wand of Paralysis and low Will
 12143 | D:10     | Danger: Maurice |T3| Reason: Wand of Paralysis and low Will
 12144 | D:10     | Danger: Maurice |T2| Reason: carrying a wand of paralysis
                  | (2), careful!
 12144 | D:10     | Danger: Maurice |T3| Reason: Wand of Paralysis and low Will
 12186 | D:10     | Reached ** piety under Hepliaklqana
 12260 | D:10     | Danger: Low HP Warning |T2| Reason: 60% HP (41/68)
 12261 | D:10     | Danger: Low HP Warning |T2| Reason: 60% HP (41/68)
 12264 | D:10     | Remembered your ancestor šŸ¦€šŸ¦€šŸ¦€ as a hexer
 12378 | D:10     | Noticed a gargoyle
 12380 | D:10     | Danger: gargoyle |T2| Reason: Stone Arrow deals more than
                  | 50% MHP!
 12389 | D:10     | Killed a gargoyle
 12619 | D:10     | Danger: Low HP Warning |T2| Reason: 58% HP (40/68)
 12619 | D:10     | Killed a two-headed ogre
 12620 | D:10     | Reached XP level 11. HP: 43/72 MP: 15/15
 12742 | D:10     | Danger: Maurice |T3| Reason: Wand of Paralysis and low Will
 12742 | D:10     | Danger: Maurice |T2| Reason: Unique monster, careful!
 12742 | D:10     | Danger: Maurice |T2| Reason: carrying a wand of paralysis
                  | (2), careful!
 12750 | D:10     | Danger: Maurice |T3| Reason: Wand of Paralysis and low Will
 12750 | D:10     | Danger: Maurice |T2| Reason: Unique monster, careful!
 12750 | D:10     | Danger: Maurice |T2| Reason: carrying a wand of paralysis
                  | (2), careful!
 12751 | D:10     | Danger: Maurice |T3| Reason: Wand of Paralysis and low Will
 12752 | D:10     | Danger: Maurice |T2| Reason: carrying a wand of paralysis
                  | (1), careful!
 12752 | D:10     | Danger: Maurice |T3| Reason: Wand of Paralysis and low Will
 12759 | D:10     | Danger: Maurice |T3| Reason: Wand of Paralysis and low Will
 12759 | D:10     | Danger: Maurice |T2| Reason: Unique monster, careful!
 12759 | D:10     | Danger: Maurice |T2| Reason: carrying a wand of paralysis
                  | (1), careful!
 12771 | D:10     | Killed Maurice
 13067 | D:11     | Danger: Malevolent teleportation! |T3| Reason: Malevolent
                  | teleportation!
 13087 | D:11     | Found Cuemo's Armour Boutique.
 13107 | D:11     | Bought a +0 pair of boots for 67 gold pieces
 13119 | D:11     | Found a blossoming altar of Fedhas.
 13154 | D:11     | Danger: acid dragon |T2| Reason: Spit Acid deals more than
                  | 50% MHP!
 13212 | D:11     | Danger: gargoyle |T2| Reason: Stone Arrow deals more than
                  | 50% MHP!
 13239 | D:11     | Found a staircase to the Orcish Mines.
 13533 | D:11     | Danger: acid dragon |T2| Reason: Spit Acid deals more than
                  | 50% MHP!
 13741 | Lair:1   | Entered Level 1 of the Lair of Beasts
 13898 | Lair:1   | Danger: basilisk |T3| Reason: Petrify and low Will
 13899 | Lair:1   | Danger: basilisk |T3| Reason: Petrify and low Will
 13900 | Lair:1   | Danger: basilisk |T3| Reason: Petrify and low Will
 13901 | Lair:1   | Danger: basilisk |T3| Reason: Petrify and low Will
 13902 | Lair:1   | Danger: basilisk |T3| Reason: Petrify and low Will
 13903 | Lair:1   | Danger: basilisk |T3| Reason: Petrify and low Will
 13904 | Lair:1   | Danger: basilisk |T3| Reason: Petrify and low Will
 13906 | Lair:1   | Danger: basilisk |T3| Reason: Petrify and low Will
 14126 | Lair:1   | Danger: Low HP Warning |T2| Reason: 54% HP (39/72)
 14129 | Lair:1   | Danger: Low HP Warning |T2| Reason: 56% HP (41/72)
 14131 | Lair:1   | Danger: Low HP Warning |T2| Reason: 58% HP (42/72)
 14168 | Lair:1   | Reached *** piety under Hepliaklqana
 14514 | Lair:2   | Found a dark tunnel.
 14522 | Volcano  | Entered a volcano
 14637 | Lair:2   | Noticed a seven-headed hydra
 14638 | Lair:2   | Danger: seven-headed hydra |T2| Reason: OOD monster,
                  | careful!
 14642 | Lair:2   | Danger: seven-headed hydra |T2| Reason: OOD monster,
                  | careful!
 14653 | Lair:2   | Killed a seven-headed hydra
 14730 | Lair:2   | Reached skill level 15 in Dodging
 14830 | Lair:2   | Danger: basilisk |T3| Reason: Petrify and low Will
 14831 | Lair:2   | Danger: basilisk |T3| Reason: Petrify and low Will
 14832 | Lair:2   | Danger: basilisk |T3| Reason: Petrify and low Will
 14833 | Lair:2   | Danger: basilisk |T3| Reason: Petrify and low Will
 14834 | Lair:2   | Danger: basilisk |T3| Reason: Petrify and low Will
 15192 | Lair:2   | Found a staircase to the Snake Pit.
 15211 | Lair:2   | Reached XP level 12. HP: 50/79 MP: 16/16
 15447 | Lair:2   | Found a staircase to the Shoals.
 15455 | Lair:2   | Danger: electric eel |T2| Reason: Electrical Bolt and no
                  | rElec
 15513 | Lair:3   | Noticed a seven-headed hydra
 15523 | Lair:3   | Killed a seven-headed hydra
 15529 | Lair:3   | Danger: basilisk |T3| Reason: Petrify and low Will
 15529 | Lair:3   | Noticed a five-headed hydra
 15530 | Lair:3   | Danger: basilisk |T3| Reason: Petrify and low Will
 15531 | Lair:3   | Danger: basilisk |T3| Reason: Petrify and low Will
 15532 | Lair:3   | Danger: basilisk |T3| Reason: Petrify and low Will
 15534 | Lair:3   | Reached **** piety under Hepliaklqana
 15583 | Lair:3   | Danger: basilisk |T3| Reason: Petrify and low Will
 15584 | Lair:3   | Danger: basilisk |T3| Reason: Petrify and low Will
 15585 | Lair:3   | Danger: basilisk |T3| Reason: Petrify and low Will
 15586 | Lair:3   | Danger: basilisk |T3| Reason: Petrify and low Will
 15594 | Lair:3   | Danger: basilisk |T3| Reason: Petrify and low Will
 15596 | Lair:3   | Danger: basilisk |T3| Reason: Petrify and low Will
 15597 | Lair:3   | Danger: basilisk |T3| Reason: Petrify and low Will
 15598 | Lair:3   | Danger: basilisk |T3| Reason: Petrify and low Will
 15624 | Lair:3   | Killed a five-headed hydra
 15687 | Lair:3   | Reached skill level 2 in Shields
 15743 | Lair:3   | Reached skill level 3 in Shields
 15750 | Lair:3   | Danger: Low HP Warning |T2| Reason: 53% HP (42/79)
 15752 | Lair:3   | Danger: Low HP Warning |T2| Reason: 54% HP (43/79)
 15753 | Lair:3   | Danger: Low HP Warning |T2| Reason: 55% HP (44/79)
 15754 | Lair:3   | Danger: Low HP Warning |T2| Reason: 56% HP (45/79)
 15755 | Lair:3   | Danger: Low HP Warning |T2| Reason: 58% HP (46/79)
 15756 | Lair:3   | Danger: Low HP Warning |T2| Reason: 55% HP (44/79)
 15805 | Lair:3   | Reached skill level 4 in Shields
 15833 | Lair:3   | Noticed Luagal's ghost (journeyman DrDe)
 15841 | Lair:3   | Found a runed translucent gate.
 15841 | Lair:3   | Found a runed translucent gate.
 15841 | Lair:3   | Found a runed translucent gate.
 16238 | Lair:4   | Reached skill level 5 in Shields
 16343 | Lair:4   | Reached skill level 6 in Shields
 16496 | Lair:4   | Reached ***** piety under Hepliaklqana
 16497 | Lair:4   | Noticed a death yak
 16497 | Lair:4   | Noticed a death yak
 16498 | Lair:4   | Noticed a death yak
 16500 | Lair:4   | Noticed a death yak
 16500 | Lair:4   | Noticed a death yak
 16514 | Lair:4   | Noticed a death yak
 16528 | Lair:3   | Killed a death yak
 16529 | Lair:3   | Reached skill level 1 in Invocations
 16562 | Lair:4   | Found a viscous altar of Jiyva.
 16566 | Lair:4   | Danger: oklob plant |T2| Reason: Spit Acid deals more than
                  | 50% MHP!
 16674 | Lair:4   | Danger: oklob plant |T2| Reason: Spit Acid deals more than
                  | 50% MHP!
 16674 | Lair:4   | Found a staircase to the Slime Pits.
 17277 | Lair:4   | Found a viscous altar of Jiyva.
 17280 | Lair:4   | Found a staircase to the Slime Pits.
 17434 | Lair:3   | Killed a death yak
 17459 | Lair:3   | Killed a death yak
 17469 | Lair:3   | Danger: Low HP Warning |T2| Reason: 51% HP (41/79)
 17470 | Lair:3   | Danger: Low HP Warning |T2| Reason: 48% HP (38/79)
 17471 | Lair:3   | Danger: Low HP Warning |T2| Reason: 49% HP (39/79)
 17472 | Lair:3   | Danger: Low HP Warning |T2| Reason: 50% HP (40/79)
 17473 | Lair:3   | Danger: Low HP Warning |T2| Reason: 51% HP (41/79)
 17473 | Lair:3   | Killed a death yak
 17474 | Lair:3   | Danger: Low HP Warning |T2| Reason: 51% HP (41/79)
 17475 | Lair:3   | Danger: Low HP Warning |T2| Reason: 53% HP (42/79)
 17476 | Lair:3   | Danger: Low HP Warning |T2| Reason: 54% HP (43/79)
 17477 | Lair:3   | Danger: Low HP Warning |T2| Reason: 54% HP (43/79)
 17478 | Lair:3   | Danger: Low HP Warning |T2| Reason: 55% HP (44/79)
 17479 | Lair:3   | Danger: Low HP Warning |T2| Reason: 56% HP (45/79)
 17480 | Lair:3   | Danger: Low HP Warning |T2| Reason: 58% HP (46/79)
 17481 | Lair:3   | Danger: Low HP Warning |T2| Reason: 58% HP (46/79)
 17481 | Lair:3   | Killed a death yak
 17913 | Lair:4   | Killed a death yak
 17914 | Lair:4   | Reached XP level 13. HP: 83/83 MP: 17/17
 17978 | Lair:4   | Found a staircase to the Slime Pits.
 17994 | Lair:4   | Found a viscous altar of Jiyva.
 18296 | Lair:4   | Danger: oklob plant |T2| Reason: Spit Acid deals more than
                  | 50% MHP!
 18296 | Lair:4   | Danger: oklob plant |T2| Reason: Spit Acid deals more than
                  | 50% MHP!
 18306 | Lair:4   | Reached skill level 5 in Invocations
 18306 | Lair:4   | Danger: Low HP Warning |T2| Reason: 57% HP (48/83)
 18307 | Lair:4   | Danger: Low HP Warning |T2| Reason: 59% HP (49/83)
 18308 | Lair:4   | Danger: Low HP Warning |T2| Reason: 59% HP (49/83)
 18309 | Lair:4   | Danger: Low HP Warning |T2| Reason: 60% HP (50/83)
 18310 | Lair:4   | Danger: Low HP Warning |T2| Reason: 60% HP (50/83)
 18311 | Lair:4   | Danger: Low HP Warning |T2| Reason: 60% HP (50/83)
 18312 | Lair:4   | Danger: Low HP Warning |T2| Reason: 60% HP (50/83)
 18414 | Lair:5   | Entered Level 5 of the Lair of Beasts
 18603 | Lair:5   | Danger: dream sheep |T2| Reason: Irresistible Dream Dust
                  | (4%), watch out!
 18679 | Lair:5   | Danger: manticore |T2| Reason: OOD monster, careful!
 18738 | Lair:5   | Identified the +3 leather armour of the Original Sin {rElec
                  | rN+ rCorr Str+3}
 18743 | Lair:5   | Danger: dream sheep |T2| Reason: Irresistible Dream Dust
                  | (52%), watch out!
 18743 | Lair:5   | Danger: dream sheep |T2| Reason: Irresistible Dream Dust
                  | (52%), watch out!
 18751 | Lair:5   | Danger: dream sheep |T2| Reason: Irresistible Dream Dust
                  | (4%), watch out!
 18769 | Lair:5   | Danger: manticore |T2| Reason: OOD monster, careful!
 18783 | Lair:5   | Danger: Low HP Warning |T2| Reason: 34% HP (29/83)
 18834 | Lair:5   | Danger: lindwurm |T2| Reason: Fire Breath and not rF+,
                  | careful
 18834 | Lair:5   | Danger: lindwurm |T2| Reason: Fire Breath deals more than
                  | 50% MHP!
 18844 | Lair:5   | Danger: Low HP Warning |T2| Reason: 60% HP (50/83)
 18845 | Lair:5   | Danger: Low HP Warning |T2| Reason: 60% HP (50/83)
 18846 | Lair:5   | Danger: Low HP Warning |T2| Reason: 55% HP (46/83)
 18847 | Lair:5   | Danger: Low HP Warning |T2| Reason: 56% HP (47/83)
 18848 | Lair:5   | Danger: Low HP Warning |T2| Reason: 56% HP (47/83)
 18849 | Lair:5   | Danger: Low HP Warning |T2| Reason: 57% HP (48/83)
 18850 | Lair:5   | Danger: Low HP Warning |T2| Reason: 53% HP (44/83)
 18851 | Lair:5   | Danger: Low HP Warning |T2| Reason: 53% HP (44/83)
 18853 | Lair:5   | Danger: Low HP Warning |T2| Reason: 55% HP (46/83)
 18950 | Lair:5   | Reached skill level 10 in Invocations
 19432 | Lair:5   | Danger: manticore |T2| Reason: OOD monster, careful!
 19439 | Lair:5   | Reached skill level 7 in Shields
 19439 | Lair:5   | Reached XP level 14. HP: 86/94 MP: 21/21
 19591 | Lair:5   | Found a runed translucent door.
 19608 | Lair:5   | Danger: fire dragon |T2| Reason: Fire Breath and not rF+,
                  | careful
 19608 | Lair:5   | Danger: fire dragon |T2| Reason: Fire Breath deals more
                  | than 50% MHP!
 19616 | Lair:5   | Danger: Low HP Warning |T2| Reason: 58% HP (55/94)
 19617 | Lair:5   | Danger: Low HP Warning |T2| Reason: 58% HP (55/94)
 19618 | Lair:5   | Danger: Low HP Warning |T2| Reason: 54% HP (51/94)
 19619 | Lair:5   | Danger: Low HP Warning |T2| Reason: 54% HP (51/94)
 19620 | Lair:5   | Danger: Low HP Warning |T2| Reason: 55% HP (52/94)
 19621 | Lair:5   | Danger: Low HP Warning |T2| Reason: 56% HP (53/94)
 19622 | Lair:5   | Danger: Low HP Warning |T2| Reason: 56% HP (53/94)
 19623 | Lair:5   | Danger: Low HP Warning |T2| Reason: 57% HP (54/94)
 19624 | Lair:5   | Danger: Low HP Warning |T2| Reason: 58% HP (55/94)
 19625 | Lair:5   | Danger: Low HP Warning |T2| Reason: 59% HP (56/94)
 19695 | Lair:5   | Danger: hornet |T3| Reason: AF_POISON_PARALYSE and no rPois
 19704 | Lair:5   | Danger: hornet |T3| Reason: AF_POISON_PARALYSE and no rPois
 19725 | Lair:5   | Danger: hornet |T3| Reason: AF_POISON_PARALYSE and no rPois
 19726 | Lair:5   | Danger: hornet |T3| Reason: AF_POISON_PARALYSE and no rPois
 19727 | Lair:5   | Danger: hornet |T3| Reason: AF_POISON_PARALYSE and no rPois
 19728 | Lair:5   | Danger: lindwurm |T2| Reason: Fire Breath and not rF+,
                  | careful
 19728 | Lair:5   | Danger: lindwurm |T2| Reason: Fire Breath deals more than
                  | 50% MHP!
 19728 | Lair:5   | Danger: hornet |T3| Reason: AF_POISON_PARALYSE and no rPois
 19729 | Lair:5   | Danger: hornet |T3| Reason: AF_POISON_PARALYSE and no rPois
 19730 | Lair:5   | Danger: hornet |T3| Reason: AF_POISON_PARALYSE and no rPois
 19731 | Lair:5   | Danger: hornet |T3| Reason: AF_POISON_PARALYSE and no rPois
 19732 | Lair:5   | Danger: hornet |T3| Reason: AF_POISON_PARALYSE and no rPois
 19733 | Lair:5   | Danger: hornet |T3| Reason: AF_POISON_PARALYSE and no rPois
 19734 | Lair:5   | Danger: hornet |T3| Reason: AF_POISON_PARALYSE and no rPois
 19735 | Lair:5   | Danger: hornet |T3| Reason: AF_POISON_PARALYSE and no rPois
 19737 | Lair:5   | Danger: lindwurm |T2| Reason: Fire Breath and not rF+,
                  | careful
 19737 | Lair:5   | Danger: lindwurm |T2| Reason: Fire Breath deals more than
                  | 50% MHP!
 19744 | Lair:5   | Danger: Low HP Warning |T2| Reason: 60% HP (57/94)
 19746 | Lair:5   | Danger: Low HP Warning |T2| Reason: 60% HP (57/94)
 19747 | Lair:5   | Danger: Low HP Warning |T2| Reason: 56% HP (53/94)
 19748 | Lair:5   | Danger: Low HP Warning |T2| Reason: 57% HP (54/94)
 19749 | Lair:5   | Danger: Low HP Warning |T2| Reason: 58% HP (55/94)
 19750 | Lair:5   | Danger: Low HP Warning |T2| Reason: 58% HP (55/94)
 19751 | Lair:5   | Danger: Low HP Warning |T2| Reason: 59% HP (56/94)
 19752 | Lair:5   | Danger: Low HP Warning |T2| Reason: 60% HP (57/94)
 19753 | Lair:5   | Danger: Low HP Warning |T2| Reason: 60% HP (57/94)
 19811 | Lair:5   | Danger: hornet |T3| Reason: AF_POISON_PARALYSE and no rPois
 19818 | Lair:5   | Reached skill level 8 in Shields
 19818 | Lair:5   | Danger: hornet |T3| Reason: AF_POISON_PARALYSE and no rPois
 19819 | Lair:5   | Danger: hornet |T3| Reason: AF_POISON_PARALYSE and no rPois
 19820 | Lair:5   | Danger: hornet |T3| Reason: AF_POISON_PARALYSE and no rPois
 19821 | Lair:5   | Danger: hornet |T3| Reason: AF_POISON_PARALYSE and no rPois
 19822 | Lair:5   | Danger: hornet |T3| Reason: AF_POISON_PARALYSE and no rPois
 19823 | Lair:5   | Danger: hornet |T3| Reason: AF_POISON_PARALYSE and no rPois
 19824 | Lair:5   | Danger: hornet |T3| Reason: AF_POISON_PARALYSE and no rPois
 19825 | Lair:5   | Danger: hornet |T3| Reason: AF_POISON_PARALYSE and no rPois
 19826 | Lair:5   | Danger: hornet |T3| Reason: AF_POISON_PARALYSE and no rPois
 19827 | Lair:5   | Danger: hornet |T3| Reason: AF_POISON_PARALYSE and no rPois
 19828 | Lair:5   | Danger: hornet |T3| Reason: AF_POISON_PARALYSE and no rPois
 19829 | Lair:5   | Danger: hornet |T3| Reason: AF_POISON_PARALYSE and no rPois
 19830 | Lair:5   | Danger: hornet |T3| Reason: AF_POISON_PARALYSE and no rPois
 19831 | Lair:5   | Danger: hornet |T3| Reason: AF_POISON_PARALYSE and no rPois
 19832 | Lair:5   | Danger: hornet |T3| Reason: AF_POISON_PARALYSE and no rPois
 19833 | Lair:5   | Danger: hornet |T3| Reason: AF_POISON_PARALYSE and no rPois
 19833 | Lair:5   | Danger: Low HP Warning |T2| Reason: 60% HP (57/94)
 19834 | Lair:5   | Danger: hornet |T3| Reason: AF_POISON_PARALYSE and no rPois
 19834 | Lair:5   | Danger: Low HP Warning |T2| Reason: 60% HP (57/94)
 19835 | Lair:5   | Danger: hornet |T3| Reason: AF_POISON_PARALYSE and no rPois
 19835 | Lair:5   | Danger: Low HP Warning |T2| Reason: 60% HP (57/94)
 19836 | Lair:5   | Danger: hornet |T3| Reason: AF_POISON_PARALYSE and no rPois
 19836 | Lair:5   | Danger: Low HP Warning |T2| Reason: 60% HP (57/94)
 19837 | Lair:5   | Danger: hornet |T3| Reason: AF_POISON_PARALYSE and no rPois
 19838 | Lair:5   | Danger: hornet |T3| Reason: AF_POISON_PARALYSE and no rPois
 19839 | Lair:5   | Danger: hornet |T3| Reason: AF_POISON_PARALYSE and no rPois
 19840 | Lair:5   | Danger: hornet |T3| Reason: AF_POISON_PARALYSE and no rPois
 19840 | Lair:5   | Danger: Low HP Warning |T2| Reason: 57% HP (54/94)
 19841 | Lair:5   | Danger: Low HP Warning |T2| Reason: 58% HP (55/94)
 19842 | Lair:5   | Danger: Low HP Warning |T2| Reason: 60% HP (57/94)
 19848 | Lair:5   | Reached skill level 1 in Armour
 19894 | Lair:5   | Danger: hornet |T3| Reason: AF_POISON_PARALYSE and no rPois
 19895 | Lair:5   | Danger: hornet |T3| Reason: AF_POISON_PARALYSE and no rPois
 19895 | Lair:5   | Danger: hornet |T3| Reason: AF_POISON_PARALYSE and no rPois
 19896 | Lair:5   | Danger: hornet |T3| Reason: AF_POISON_PARALYSE and no rPois
 19896 | Lair:5   | Danger: hornet |T3| Reason: AF_POISON_PARALYSE and no rPois
 19896 | Lair:5   | Danger: hornet |T3| Reason: AF_POISON_PARALYSE and no rPois
 19896 | Lair:5   | Danger: hornet |T3| Reason: AF_POISON_PARALYSE and no rPois
 19897 | Lair:5   | Danger: hornet |T3| Reason: AF_POISON_PARALYSE and no rPois
 19897 | Lair:5   | Danger: hornet |T3| Reason: AF_POISON_PARALYSE and no rPois
 19897 | Lair:5   | Danger: hornet |T3| Reason: AF_POISON_PARALYSE and no rPois
 19897 | Lair:5   | Danger: hornet |T3| Reason: AF_POISON_PARALYSE and no rPois
 19897 | Lair:5   | Paralysed by a hornet for 1 turns
 19899 | Lair:5   | Danger: hornet |T3| Reason: AF_POISON_PARALYSE and no rPois
 19899 | Lair:5   | Danger: hornet |T3| Reason: AF_POISON_PARALYSE and no rPois
 19899 | Lair:5   | Danger: hornet |T3| Reason: AF_POISON_PARALYSE and no rPois
 19899 | Lair:5   | Danger: hornet |T3| Reason: AF_POISON_PARALYSE and no rPois
 19900 | Lair:5   | Danger: hornet |T3| Reason: AF_POISON_PARALYSE and no rPois
 19900 | Lair:5   | Danger: hornet |T3| Reason: AF_POISON_PARALYSE and no rPois
 19900 | Lair:5   | Danger: hornet |T3| Reason: AF_POISON_PARALYSE and no rPois
 19901 | Lair:5   | Danger: hornet |T3| Reason: AF_POISON_PARALYSE and no rPois
 19901 | Lair:5   | Danger: hornet |T3| Reason: AF_POISON_PARALYSE and no rPois
 19901 | Lair:5   | Danger: hornet |T3| Reason: AF_POISON_PARALYSE and no rPois
 19902 | Lair:5   | Danger: hornet |T3| Reason: AF_POISON_PARALYSE and no rPois
 19902 | Lair:5   | Danger: hornet |T3| Reason: AF_POISON_PARALYSE and no rPois
 19903 | Lair:5   | Danger: hornet |T3| Reason: AF_POISON_PARALYSE and no rPois
 19904 | Lair:5   | Danger: hornet |T3| Reason: AF_POISON_PARALYSE and no rPois
 19905 | Lair:5   | Danger: hornet |T3| Reason: AF_POISON_PARALYSE and no rPois
 19906 | Lair:5   | Danger: hornet |T3| Reason: AF_POISON_PARALYSE and no rPois
 19907 | Lair:5   | Danger: hornet |T3| Reason: AF_POISON_PARALYSE and no rPois
 19908 | Lair:5   | Danger: hornet |T3| Reason: AF_POISON_PARALYSE and no rPois
 19909 | Lair:5   | Danger: hornet |T3| Reason: AF_POISON_PARALYSE and no rPois
 19910 | Lair:5   | Danger: hornet |T3| Reason: AF_POISON_PARALYSE and no rPois
 19910 | Lair:5   | Danger: Low HP Warning |T2| Reason: 54% HP (51/94)
 20048 | Lair:3   | Danger: basilisk |T3| Reason: Petrify and low Will
 20049 | Lair:3   | Danger: basilisk |T3| Reason: Petrify and low Will
 20050 | Lair:3   | Danger: basilisk |T3| Reason: Petrify and low Will
 20144 | Lair:3   | Killed Luagal's ghost
 20881 | D:12     | Danger: cyclops |T2| Reason: Quivering large rocks, watch
                  | out!!
 21192 | D:12     | Reached skill level 5 in Armour
 21232 | D:13     | Danger: boggart |T2| Reason: OOD monster, careful!
 21232 | D:13     | Danger: boggart |T2| Reason: OOD monster, careful!
 21232 | D:13     | Danger: boggart |T2| Reason: OOD monster, careful!
 21236 | D:13     | Danger: floating eye shaped shifter |T3| Reason:
                  | Irresistible Paralysis Gaze (pierces LOF) is charging!
 21237 | D:13     | Danger: floating eye shaped shifter |T3| Reason:
                  | Irresistible Paralysis Gaze (pierces LOF) is charging!
 21238 | D:13     | Danger: floating eye shaped shifter |T3| Reason:
                  | Irresistible Paralysis Gaze (pierces LOF) is ready to
                  | fire!!
 21239 | D:13     | Danger: cyclops |T2| Reason: Quivering large rocks, watch
                  | out!!
 21390 | D:13     | Danger: cyclops |T2| Reason: Quivering large rocks, watch
                  | out!!
 21480 | D:13     | Danger: basilisk |T3| Reason: Petrify and low Will
 21481 | D:13     | Danger: basilisk |T3| Reason: Petrify and low Will
 21482 | D:13     | Danger: basilisk |T3| Reason: Petrify and low Will
 21483 | D:13     | Danger: basilisk |T3| Reason: Petrify and low Will
 21484 | D:13     | Danger: basilisk |T3| Reason: Petrify and low Will
 21485 | D:13     | Danger: basilisk |T3| Reason: Petrify and low Will
 21486 | D:13     | Danger: basilisk |T3| Reason: Petrify and low Will
 21487 | D:13     | Danger: basilisk |T3| Reason: Petrify and low Will
 21488 | D:13     | Danger: basilisk |T3| Reason: Petrify and low Will
 21489 | D:13     | Danger: basilisk |T3| Reason: Petrify and low Will
 21490 | D:13     | Danger: basilisk |T3| Reason: Petrify and low Will
 21491 | D:13     | Danger: basilisk |T3| Reason: Petrify and low Will
 21494 | D:13     | Danger: basilisk |T3| Reason: Petrify and low Will
 21750 | D:13     | Noticed Josephine
 21751 | D:13     | Danger: Josephine |T2| Reason: Unique monster, careful!
 21751 | D:13     | Danger: Josephine |T2| Reason: Dispel Undead Range deals
                  | more than 50% MHP!
 21757 | D:13     | Danger: Josephine |T2| Reason: Unique monster, careful!
 21757 | D:13     | Danger: Josephine |T2| Reason: Dispel Undead Range deals
                  | more than 50% MHP!
 21779 | D:13     | Danger: Josephine |T2| Reason: Unique monster, careful!
 21779 | D:13     | Danger: Josephine |T2| Reason: Dispel Undead Range deals
                  | more than 50% MHP!
 21782 | D:13     | Killed Josephine
 21942 | D:13     | Danger: deep elf pyromancer |T2| Reason: Bolt of Fire and
                  | not rF+, careful
 21942 | D:13     | Danger: deep elf pyromancer |T2| Reason: Bolt of Fire deals
                  | more than 50% MHP!
 22081 | D:14     | Found Aneot's Book Emporium.
 22096 | D:14     | Found Woeqa's General Store.
 22107 | D:14     | Danger: deep elf pyromancer |T2| Reason: Bolt of Fire and
                  | not rF+, careful
 22107 | D:14     | Danger: deep elf pyromancer |T2| Reason: Bolt of Fire deals
                  | more than 50% MHP!
 22130 | D:14     | Bought a phantom mirror for 640 gold pieces
 22130 | D:14     | Bought a scroll of butterflies for 64 gold pieces
 22130 | D:14     | Bought a scroll of fear for 64 gold pieces
 22172 | D:14     | Danger: ynoxinul |T2| Reason: Iron Shot deals more than 50%
                  | MHP!
 22180 | D:14     | Danger: Low HP Warning |T2| Reason: 46% HP (44/94)
 22181 | D:14     | Danger: Low HP Warning |T2| Reason: 48% HP (46/94)
 22182 | D:14     | Danger: Low HP Warning |T2| Reason: 50% HP (47/94)
 22183 | D:14     | Danger: Low HP Warning |T2| Reason: 51% HP (48/94)
 22184 | D:14     | Danger: Low HP Warning |T2| Reason: 53% HP (50/94)
 22185 | D:14     | Danger: Low HP Warning |T2| Reason: 54% HP (51/94)
 22186 | D:14     | Danger: ynoxinul |T2| Reason: Iron Shot deals more than 50%
                  | MHP!
 22186 | D:14     | Danger: Low HP Warning |T2| Reason: 55% HP (52/94)
 22186 | D:14     | Found Amehi's Book Shop.
 22188 | D:14     | Found Ameisext's Jewellery Emporium.
 22233 | D:14     | Found a frozen archway.
 22237 | D:14     | Danger: red devil |T2| Reason: Electrocution weapon and no
                  | rElec!
 22258 | IceCv    | Entered an ice cave
 22289 | IceCv    | Danger: Low HP Warning |T2| Reason: 50% HP (47/94)
 22290 | IceCv    | Danger: Low HP Warning |T2| Reason: 51% HP (48/94)
 22291 | IceCv    | Danger: Low HP Warning |T2| Reason: 52% HP (49/94)
 22292 | IceCv    | Danger: Low HP Warning |T3| Reason: 23% HP (22/94)
 22293 | IceCv    | Danger: Low HP Warning |T3| Reason: 24% HP (23/94)
 22294 | IceCv    | Danger: Low HP Warning |T3| Reason: 25% HP (24/94)
 22295 | IceCv    | Danger: Low HP Warning |T2| Reason: 26% HP (25/94)
 22296 | IceCv    | Danger: Low HP Warning |T2| Reason: 27% HP (26/94)
 22297 | IceCv    | Danger: Low HP Warning |T2| Reason: 28% HP (27/94)
 22298 | IceCv    | Danger: Low HP Warning |T2| Reason: 28% HP (27/94)
 22299 | IceCv    | Danger: Low HP Warning |T2| Reason: 29% HP (28/94)
 22300 | IceCv    | Danger: Low HP Warning |T2| Reason: 30% HP (29/94)
 22376 | D:14     | Danger: cyclops |T2| Reason: Quivering large rocks, watch
                  | out!!
 22377 | D:14     | Found Xomogi's Book Boutique.
 22432 | D:14     | Danger: deep elf pyromancer |T2| Reason: Bolt of Fire and
                  | not rF+, careful
 22432 | D:14     | Danger: deep elf pyromancer |T2| Reason: Bolt of Fire deals
                  | more than 50% MHP!
 22513 | D:14     | Danger: Low HP Warning |T2| Reason: 54% HP (52/95)
 22514 | D:14     | Danger: Low HP Warning |T2| Reason: 55% HP (53/95)
 22515 | D:14     | Danger: Low HP Warning |T2| Reason: 35% HP (34/95)
 22516 | D:14     | Danger: Low HP Warning |T2| Reason: 36% HP (35/95)
 22517 | D:14     | Danger: Low HP Warning |T2| Reason: 36% HP (35/95)
 22518 | D:14     | Danger: Low HP Warning |T2| Reason: 37% HP (36/95)
 22519 | D:14     | Danger: Low HP Warning |T2| Reason: 38% HP (37/95)
 22520 | D:14     | Danger: Low HP Warning |T2| Reason: 40% HP (38/95)
 22521 | D:14     | Danger: Low HP Warning |T2| Reason: 40% HP (38/95)
 22522 | D:14     | Danger: Low HP Warning |T2| Reason: 41% HP (39/95)
 22523 | D:14     | Danger: Low HP Warning |T2| Reason: 42% HP (40/95)
 22524 | D:14     | Danger: Low HP Warning |T2| Reason: 43% HP (41/95)
 22540 | D:14     | Danger: Low HP Warning |T2| Reason: 60% HP (57/95)
 22541 | D:14     | Danger: ynoxinul |T2| Reason: Iron Shot deals more than 50%
                  | MHP!
 22760 | D:14     | Danger: cyclops |T2| Reason: Quivering large rocks, watch
                  | out!!
 22857 | D:14     | Found a basalt altar of Yredelemnul.
 23109 | D:15     | Entered Level 15 of the Dungeon
 23186 | D:15     | Danger: skeletal warrior |T2| Reason: Electrocution weapon
                  | and no rElec!
 23208 | D:15     | Danger: skeletal warrior |T2| Reason: Electrocution weapon
                  | and no rElec!
 23210 | D:15     | Danger: skeletal warrior |T2| Reason: Electrocution weapon
                  | and no rElec!
 23315 | Orc:1    | Entered Level 1 of the Orcish Mines
 23394 | Orc:1    | Noticed Nergalle
 23395 | Orc:1    | Danger: Nergalle |T2| Reason: Unique monster, careful!
 23395 | Orc:1    | Danger: Nergalle |T2| Reason: Bolt of Draining deals more
                  | than 50% MHP!
 23400 | Orc:1    | Killed Nergalle
 23496 | Orc:1    | Danger: orc sorcerer |T3| Reason: Paralyse and low Will
 23496 | Orc:1    | Danger: orc sorcerer |T2| Reason: Bolt of Fire and not rF+,
                  | careful
 23496 | Orc:1    | Danger: orc sorcerer |T2| Reason: Bolt of Fire deals more
                  | than 50% MHP!
 23496 | Orc:1    | Danger: orc sorcerer |T2| Reason: Bolt of Draining deals
                  | more than 50% MHP!
 23501 | Orc:1    | Danger: orc sorcerer |T3| Reason: Paralyse and low Will
 23502 | Orc:1    | Danger: orc sorcerer |T3| Reason: Paralyse and low Will
 23503 | Orc:1    | Danger: orc sorcerer |T3| Reason: Paralyse and low Will
 23504 | Orc:1    | Danger: orc sorcerer |T3| Reason: Paralyse and low Will
 23505 | Orc:1    | Danger: orc sorcerer |T3| Reason: Paralyse and low Will
 23506 | Orc:1    | Danger: orc sorcerer |T3| Reason: Paralyse and low Will
 23507 | Orc:1    | Danger: orc sorcerer |T3| Reason: Paralyse and low Will
 23509 | Orc:1    | Danger: orc |T3| Reason: wielding holy wrath while unholy,
                  | watch out!!
 23509 | Orc:1    | Danger: orc sorcerer |T3| Reason: Paralyse and low Will
 23510 | Orc:1    | Danger: orc |T3| Reason: wielding holy wrath while unholy,
                  | watch out!!
 23515 | Orc:1    | Danger: orc |T3| Reason: wielding holy wrath while unholy,
                  | watch out!!
 23516 | Orc:1    | Danger: orc |T3| Reason: wielding holy wrath while unholy,
                  | watch out!!
 23517 | Orc:1    | Danger: orc |T3| Reason: wielding holy wrath while unholy,
                  | watch out!!
 23518 | Orc:1    | Danger: orc |T3| Reason: wielding holy wrath while unholy,
                  | watch out!!
 23704 | Orc:2    | Entered Level 2 of the Orcish Mines
 23714 | Orc:2    | Danger: orc |T2| Reason: Quivering boomerangs, careful!
 23715 | Orc:2    | Danger: orc |T2| Reason: Electrocution weapon and no rElec!
 23717 | Orc:2    | Danger: orc sorcerer |T3| Reason: Paralyse and low Will
 23717 | Orc:2    | Danger: orc sorcerer |T2| Reason: Bolt of Fire and not rF+,
                  | careful
 23717 | Orc:2    | Danger: orc sorcerer |T2| Reason: Bolt of Fire deals more
                  | than 50% MHP!
 23717 | Orc:2    | Danger: orc sorcerer |T2| Reason: Bolt of Draining deals
                  | more than 50% MHP!
 23717 | Orc:2    | Danger: orc |T2| Reason: Quivering boomerangs, careful!
 23719 | Orc:2    | Danger: orc sorcerer |T3| Reason: Paralyse and low Will
 23720 | Orc:2    | Danger: orc sorcerer |T3| Reason: Paralyse and low Will
 23721 | Orc:2    | Danger: orc sorcerer |T3| Reason: Paralyse and low Will
 23722 | Orc:2    | Danger: orc sorcerer |T3| Reason: Paralyse and low Will
 23723 | Orc:2    | Danger: orc sorcerer |T3| Reason: Paralyse and low Will
 23724 | Orc:2    | Danger: orc sorcerer |T3| Reason: Paralyse and low Will
 23725 | Orc:2    | Danger: orc sorcerer |T3| Reason: Paralyse and low Will
 23726 | Orc:2    | Danger: orc sorcerer |T3| Reason: Paralyse and low Will
 23727 | Orc:2    | Danger: orc sorcerer |T3| Reason: Paralyse and low Will
 23728 | Orc:2    | Danger: orc sorcerer |T3| Reason: Paralyse and low Will
 23729 | Orc:2    | Danger: orc sorcerer |T3| Reason: Paralyse and low Will
 23730 | Orc:2    | Danger: orc sorcerer |T3| Reason: Paralyse and low Will
 23731 | Orc:2    | Danger: orc sorcerer |T3| Reason: Paralyse and low Will
 23732 | Orc:2    | Danger: orc sorcerer |T3| Reason: Paralyse and low Will
 23732 | Orc:2    | Danger: Low HP Warning |T2| Reason: 60% HP (59/97)
 23733 | Orc:2    | Danger: orc sorcerer |T3| Reason: Paralyse and low Will
 23733 | Orc:2    | Danger: Low HP Warning |T2| Reason: 42% HP (41/97)
 23734 | Orc:2    | Danger: Low HP Warning |T2| Reason: 42% HP (41/97)
 23735 | Orc:2    | Danger: Low HP Warning |T2| Reason: 43% HP (42/97)
 23736 | Orc:2    | Danger: Low HP Warning |T2| Reason: 44% HP (43/97)
 23903 | Orc:2    | Found a staircase to the Elven Halls.
 24000 | Orc:2    | Danger: ogre mage |T3| Reason: Paralyse and low Will
 24000 | Orc:2    | Danger: ogre mage |T2| Reason: Bolt of Magma and not rF+,
                  | careful
 24000 | Orc:2    | Danger: ogre mage |T2| Reason: Bolt of Magma deals more
                  | than 50% MHP!
 24000 | Orc:2    | Danger: ogre mage |T3| Reason: Paralyse and low Will
 24000 | Orc:2    | Danger: ogre mage |T2| Reason: Bolt of Magma and not rF+,
                  | careful
 24000 | Orc:2    | Danger: ogre mage |T2| Reason: Bolt of Magma deals more
                  | than 50% MHP!
 24001 | Orc:2    | Danger: ogre mage |T3| Reason: Paralyse and low Will
 24001 | Orc:2    | Danger: ogre mage |T3| Reason: Paralyse and low Will
 24002 | Orc:2    | Danger: ogre mage |T3| Reason: Paralyse and low Will
 24002 | Orc:2    | Danger: ogre mage |T3| Reason: Paralyse and low Will
 24003 | Orc:2    | Danger: ogre mage |T3| Reason: Paralyse and low Will
 24003 | Orc:2    | Danger: ogre mage |T3| Reason: Paralyse and low Will
 24004 | Orc:2    | Danger: ogre mage |T3| Reason: Paralyse and low Will
 24004 | Orc:2    | Danger: ogre mage |T3| Reason: Paralyse and low Will
 24005 | Orc:2    | Danger: ogre mage |T3| Reason: Paralyse and low Will
 24006 | Orc:2    | Danger: ogre mage |T3| Reason: Paralyse and low Will
 24007 | Orc:2    | Danger: ogre mage |T3| Reason: Paralyse and low Will
 24008 | Orc:2    | Danger: ogre mage |T3| Reason: Paralyse and low Will
 24009 | Orc:2    | Danger: ogre mage |T3| Reason: Paralyse and low Will
 24010 | Orc:2    | Danger: ogre mage |T3| Reason: Paralyse and low Will
 24149 | Orc:2    | Danger: ogre mage |T3| Reason: Paralyse and low Will
 24149 | Orc:2    | Danger: ogre mage |T2| Reason: Bolt of Magma and not rF+,
                  | careful
 24149 | Orc:2    | Danger: ogre mage |T2| Reason: Bolt of Magma deals more
                  | than 50% MHP!
 24150 | Orc:2    | Danger: ogre mage |T3| Reason: Paralyse and low Will
 24151 | Orc:2    | Danger: ogre mage |T3| Reason: Paralyse and low Will
 24152 | Orc:2    | Danger: ogre mage |T3| Reason: Paralyse and low Will
 24153 | Orc:2    | Reached XP level 15. HP: 103/103 MP: 22/22
 24153 | Orc:2    | Danger: ogre mage |T3| Reason: Paralyse and low Will
 24154 | Orc:2    | Danger: ogre mage |T3| Reason: Paralyse and low Will
 24155 | Orc:2    | Danger: ogre mage |T3| Reason: Paralyse and low Will
 24156 | Orc:2    | Reached skill level 10 in Fighting
 24156 | Orc:2    | Danger: ogre mage |T3| Reason: Paralyse and low Will
 24157 | Orc:2    | Danger: ogre mage |T3| Reason: Paralyse and low Will
 24158 | Orc:2    | Danger: ogre mage |T3| Reason: Paralyse and low Will
 24159 | Orc:2    | Danger: ogre mage |T3| Reason: Paralyse and low Will
 24160 | Orc:2    | Danger: ogre mage |T3| Reason: Paralyse and low Will
 24161 | Orc:2    | Danger: ogre mage |T3| Reason: Paralyse and low Will
 24162 | Orc:2    | Danger: ogre mage |T3| Reason: Paralyse and low Will
 24163 | Orc:2    | Danger: ogre mage |T3| Reason: Paralyse and low Will
 24164 | Orc:2    | Danger: ogre mage |T3| Reason: Paralyse and low Will
 24165 | Orc:2    | Danger: ogre mage |T3| Reason: Paralyse and low Will
 24186 | Orc:2    | Danger: ogre mage |T3| Reason: Paralyse and low Will
 24186 | Orc:2    | Danger: ogre mage |T2| Reason: Bolt of Magma and not rF+,
                  | careful
 24186 | Orc:2    | Danger: ogre mage |T2| Reason: Bolt of Magma deals more
                  | than 50% MHP!
 24187 | Orc:2    | Danger: ogre mage |T3| Reason: Paralyse and low Will
 24188 | Orc:2    | Danger: ogre mage |T3| Reason: Paralyse and low Will
 24189 | Orc:2    | Danger: ogre mage |T3| Reason: Paralyse and low Will
 24190 | Orc:2    | Danger: ogre mage |T3| Reason: Paralyse and low Will
 24191 | Orc:2    | Danger: ogre mage |T3| Reason: Paralyse and low Will
 24192 | Orc:2    | Danger: ogre mage |T3| Reason: Paralyse and low Will
 24193 | Orc:2    | Danger: ogre mage |T3| Reason: Paralyse and low Will
 24194 | Orc:2    | Danger: ogre mage |T3| Reason: Paralyse and low Will
 24195 | Orc:2    | Danger: ogre mage |T3| Reason: Paralyse and low Will
 24196 | Orc:2    | Danger: ogre mage |T3| Reason: Paralyse and low Will
 24198 | Orc:2    | Danger: ogre mage |T3| Reason: Paralyse and low Will
 24199 | Orc:2    | Danger: ogre mage |T3| Reason: Paralyse and low Will
 24200 | Orc:2    | Danger: ogre mage |T3| Reason: Paralyse and low Will
 24201 | Orc:2    | Danger: ogre mage |T3| Reason: Paralyse and low Will
 24268 | Orc:2    | Danger: orc sorcerer |T3| Reason: Paralyse and low Will
 24268 | Orc:2    | Danger: orc sorcerer |T2| Reason: Bolt of Fire and not rF+,
                  | careful
 24269 | Orc:2    | Danger: orc sorcerer |T3| Reason: Paralyse and low Will
 24270 | Orc:2    | Danger: orc sorcerer |T3| Reason: Paralyse and low Will
 24271 | Orc:2    | Danger: orc sorcerer |T3| Reason: Paralyse and low Will
 24272 | Orc:2    | Danger: orc sorcerer |T3| Reason: Paralyse and low Will
 24273 | Orc:2    | Danger: orc sorcerer |T3| Reason: Paralyse and low Will
 24274 | Orc:2    | Danger: orc sorcerer |T3| Reason: Paralyse and low Will
 24275 | Orc:2    | Danger: orc sorcerer |T3| Reason: Paralyse and low Will
 24276 | Orc:2    | Danger: orc sorcerer |T3| Reason: Paralyse and low Will
 24277 | Orc:2    | Danger: orc sorcerer |T3| Reason: Paralyse and low Will
 24278 | Orc:2    | Danger: orc sorcerer |T3| Reason: Paralyse and low Will
 24312 | Orc:2    | Danger: orc sorcerer |T3| Reason: Paralyse and low Will
 24312 | Orc:2    | Danger: orc sorcerer |T2| Reason: Bolt of Fire and not rF+,
                  | careful
 24313 | Orc:2    | Danger: orc sorcerer |T3| Reason: Paralyse and low Will
 24314 | Orc:2    | Danger: orc sorcerer |T3| Reason: Paralyse and low Will
 24315 | Orc:2    | Danger: orc sorcerer |T3| Reason: Paralyse and low Will
 24316 | Orc:2    | Danger: orc sorcerer |T3| Reason: Paralyse and low Will
 24317 | Orc:2    | Danger: orc sorcerer |T3| Reason: Paralyse and low Will
 24318 | Orc:2    | Danger: orc sorcerer |T3| Reason: Paralyse and low Will
 24319 | Orc:2    | Danger: orc sorcerer |T3| Reason: Paralyse and low Will
 24320 | Orc:2    | Danger: orc sorcerer |T3| Reason: Paralyse and low Will
 24321 | Orc:2    | Danger: orc sorcerer |T3| Reason: Paralyse and low Will
 24322 | Orc:2    | Danger: orc sorcerer |T3| Reason: Paralyse and low Will
 24408 | Orc:2    | Found Xiekuquv's Assorted Antiques.
 24408 | Orc:2    | Found Boleh's Antique Weapon Boutique.
 24408 | Orc:2    | Found Hinoq's Armour Shop.
 24408 | Orc:2    | Found Uvufyi's Book Emporium.
 24424 | Orc:2    | Danger: ogre mage |T3| Reason: Paralyse and low Will
 24424 | Orc:2    | Danger: ogre mage |T2| Reason: Bolt of Magma and not rF+,
                  | careful
 24424 | Orc:2    | Danger: ogre mage |T2| Reason: Bolt of Magma deals more
                  | than 50% MHP!
 24427 | Orc:2    | Danger: ogre mage |T3| Reason: Paralyse and low Will
 24428 | Orc:2    | Danger: ogre mage |T3| Reason: Paralyse and low Will
 24429 | Orc:2    | Danger: ogre mage |T3| Reason: Paralyse and low Will
 24430 | Orc:2    | Danger: ogre mage |T3| Reason: Paralyse and low Will
 24431 | Orc:2    | Danger: ogre mage |T3| Reason: Paralyse and low Will
 24432 | Orc:2    | Danger: ogre mage |T3| Reason: Paralyse and low Will
 24470 | Orc:2    | Danger: ogre mage |T3| Reason: Paralyse and low Will
 24470 | Orc:2    | Danger: ogre mage |T2| Reason: Bolt of Magma and not rF+,
                  | careful
 24470 | Orc:2    | Danger: ogre mage |T2| Reason: Bolt of Magma deals more
                  | than 50% MHP!
 24471 | Orc:2    | Danger: ogre mage |T3| Reason: Paralyse and low Will
 24472 | Orc:2    | Danger: ogre mage |T3| Reason: Paralyse and low Will
 24473 | Orc:2    | Danger: ogre mage |T3| Reason: Paralyse and low Will
 24474 | Orc:2    | Danger: ogre mage |T3| Reason: Paralyse and low Will
 24475 | Orc:2    | Danger: ogre mage |T3| Reason: Paralyse and low Will
 24476 | Orc:2    | Danger: ogre mage |T3| Reason: Paralyse and low Will
 24477 | Orc:2    | Danger: orc warlord |T2| Reason: Electrocution weapon and
                  | no rElec!
 24477 | Orc:2    | Danger: ogre mage |T3| Reason: Paralyse and low Will
 24478 | Orc:2    | Danger: ogre mage |T3| Reason: Paralyse and low Will
 24479 | Orc:2    | Danger: ogre mage |T3| Reason: Paralyse and low Will
 24480 | Orc:2    | Danger: orc warlord |T2| Reason: Electrocution weapon and
                  | no rElec!
 24480 | Orc:2    | Danger: ogre mage |T3| Reason: Paralyse and low Will
 24481 | Orc:2    | Danger: ogre mage |T3| Reason: Paralyse and low Will
 24482 | Orc:2    | Danger: ogre mage |T3| Reason: Paralyse and low Will
 24483 | Orc:2    | Danger: ogre mage |T3| Reason: Paralyse and low Will
 24484 | Orc:2    | Danger: ogre mage |T3| Reason: Paralyse and low Will
 24485 | Orc:2    | Danger: ogre mage |T3| Reason: Paralyse and low Will
 24498 | Orc:2    | Danger: orc warlord |T2| Reason: Electrocution weapon and
                  | no rElec!
 24502 | Orc:2    | Danger: orc warlord |T2| Reason: Electrocution weapon and
                  | no rElec!
 24513 | Orc:2    | Danger: orc warlord |T2| Reason: Electrocution weapon and
                  | no rElec!
 24606 | Orc:2    | Found Yzio's Book Boutique.
 24795 | Orc:2    | Danger: cyclops |T2| Reason: Quivering large rocks, watch
                  | out!!
 24853 | Orc:2    | Bought the +10 tower shield of Ignorance {rN+ Int-4} for
                  | 974 gold pieces
 24853 | Orc:2    | Found the +10 tower shield of Ignorance {rN+ Int-4}
 25080 | D:6      | Bought 2 potions of resistance for 220 gold pieces
 25490 | D:15     | Reached skill level 9 in Shields
 25703 | D:15     | Danger: fire crab |T2| Reason: OOD monster, careful!
 25741 | D:15     | Danger: wolf spider |T2| Reason: OOD monster, careful!
 25741 | D:15     | Found a staircase to the Depths.
 25828 | D:15     | Danger: skeletal warrior |T2| Reason: Electrocution weapon
                  | and no rElec!
 26116 | D:14     | Found a gate to the Vaults.
 26117 | D:14     | Danger: vault guard |T2| Reason: Electrocution weapon and
                  | no rElec!
 26117 | D:14     | Danger: deep elf pyromancer |T2| Reason: Bolt of Fire and
                  | not rF+, careful
 26117 | D:14     | Danger: deep elf pyromancer |T2| Reason: Bolt of Fire and
                  | not rF+, careful
 26117 | D:14     | Danger: deep elf pyromancer |T2| Reason: Bolt of Fire and
                  | not rF+, careful
 26133 | D:14     | Danger: vault guard |T2| Reason: Electrocution weapon and
                  | no rElec!
 26160 | D:14     | Danger: deep elf pyromancer |T2| Reason: Bolt of Fire and
                  | not rF+, careful
 26165 | D:14     | Danger: deep elf pyromancer |T2| Reason: Bolt of Fire and
                  | not rF+, careful
 26173 | D:14     | Reached skill level 10 in Shields
 26174 | D:14     | Danger: deep elf pyromancer |T2| Reason: Bolt of Fire and
                  | not rF+, careful
 26177 | D:14     | Danger: deep elf pyromancer |T2| Reason: Bolt of Fire and
                  | not rF+, careful
 26183 | D:14     | Danger: deep elf pyromancer |T2| Reason: Bolt of Fire and
                  | not rF+, careful
 26189 | D:14     | Danger: deep elf pyromancer |T2| Reason: Bolt of Fire and
                  | not rF+, careful
 26193 | D:14     | Danger: deep elf pyromancer |T2| Reason: Bolt of Fire and
                  | not rF+, careful
 26196 | D:14     | Danger: deep elf pyromancer |T2| Reason: Bolt of Fire and
                  | not rF+, careful
 26205 | D:14     | Danger: deep elf pyromancer |T2| Reason: Bolt of Fire and
                  | not rF+, careful
 26207 | D:14     | Danger: Low HP Warning |T2| Reason: 59% HP (61/103)
 26209 | D:14     | Danger: Low HP Warning |T2| Reason: 59% HP (61/103)
 26211 | D:14     | Danger: deep elf pyromancer |T2| Reason: Bolt of Fire and
                  | not rF+, careful
 26219 | D:14     | Danger: Low HP Warning |T2| Reason: 35% HP (37/103)
 26220 | D:14     | Danger: Low HP Warning |T2| Reason: 36% HP (38/103)
 26221 | D:14     | Danger: Low HP Warning |T2| Reason: 37% HP (39/103)
 26222 | D:14     | Danger: Low HP Warning |T2| Reason: 39% HP (41/103)
 26223 | D:14     | Danger: Low HP Warning |T2| Reason: 40% HP (42/103)
 26224 | D:14     | Danger: Low HP Warning |T2| Reason: 42% HP (44/103)
 26225 | D:14     | Danger: Low HP Warning |T2| Reason: 43% HP (45/103)
 26226 | D:14     | Danger: Low HP Warning |T2| Reason: 44% HP (46/103)
 26227 | D:14     | Danger: Low HP Warning |T2| Reason: 46% HP (48/103)
 26228 | D:14     | Danger: Low HP Warning |T2| Reason: 47% HP (49/103)
 26229 | D:14     | Danger: Low HP Warning |T2| Reason: 48% HP (50/103)
 26230 | D:14     | Danger: Low HP Warning |T2| Reason: 50% HP (52/103)
 26231 | D:14     | Danger: Low HP Warning |T2| Reason: 51% HP (53/103)
 26232 | D:14     | Danger: Low HP Warning |T2| Reason: 52% HP (54/103)
 26233 | D:14     | Danger: Low HP Warning |T2| Reason: 53% HP (55/103)
 26234 | D:14     | Danger: Low HP Warning |T2| Reason: 55% HP (57/103)
 26235 | D:14     | Danger: Low HP Warning |T2| Reason: 56% HP (58/103)
 26236 | D:14     | Danger: deep elf pyromancer |T2| Reason: Bolt of Fire and
                  | not rF+, careful
 26236 | D:14     | Danger: Low HP Warning |T2| Reason: 57% HP (59/103)
 26237 | D:14     | Danger: Low HP Warning |T2| Reason: 58% HP (60/103)
 26238 | D:14     | Danger: deep elf pyromancer |T2| Reason: Bolt of Fire and
                  | not rF+, careful
 26238 | D:14     | Danger: Low HP Warning |T2| Reason: 59% HP (61/103)
 26240 | D:14     | Danger: Low HP Warning |T2| Reason: 34% HP (36/103)
 26241 | D:14     | Danger: Low HP Warning |T2| Reason: 35% HP (37/103)
 26242 | D:14     | Danger: Low HP Warning |T2| Reason: 36% HP (38/103)
 26243 | D:14     | Danger: deep elf pyromancer |T2| Reason: Bolt of Fire and
                  | not rF+, careful
 26243 | D:14     | Danger: Low HP Warning |T2| Reason: 38% HP (40/103)
 26244 | D:14     | Danger: Low HP Warning |T2| Reason: 39% HP (41/103)
 26245 | D:14     | Danger: Low HP Warning |T2| Reason: 40% HP (42/103)
 26246 | D:14     | Danger: Low HP Warning |T2| Reason: 41% HP (43/103)
 26247 | D:14     | Danger: deep elf pyromancer |T2| Reason: Bolt of Fire and
                  | not rF+, careful
 26247 | D:14     | Danger: Low HP Warning |T2| Reason: 43% HP (45/103)
 26248 | D:14     | Danger: Low HP Warning |T2| Reason: 44% HP (46/103)
 26249 | D:14     | Danger: Low HP Warning |T2| Reason: 45% HP (47/103)
 26250 | D:14     | Danger: Low HP Warning |T2| Reason: 47% HP (49/103)
 26251 | D:14     | Danger: Low HP Warning |T2| Reason: 48% HP (50/103)
 26252 | D:14     | Danger: Low HP Warning |T2| Reason: 50% HP (52/103)
 26253 | D:14     | Danger: Low HP Warning |T2| Reason: 51% HP (53/103)
 26254 | D:14     | Danger: deep elf pyromancer |T2| Reason: Bolt of Fire and
                  | not rF+, careful
 26254 | D:14     | Danger: Low HP Warning |T2| Reason: 52% HP (54/103)
 26255 | D:14     | Danger: Low HP Warning |T2| Reason: 54% HP (56/103)
 26256 | D:14     | Danger: deep elf pyromancer |T2| Reason: Bolt of Fire and
                  | not rF+, careful
 26256 | D:14     | Danger: Low HP Warning |T2| Reason: 55% HP (57/103)
 26257 | D:14     | Danger: Low HP Warning |T2| Reason: 56% HP (58/103)
 26258 | D:14     | Danger: Low HP Warning |T2| Reason: 58% HP (60/103)
 26259 | D:14     | Danger: Low HP Warning |T2| Reason: 59% HP (61/103)
 26260 | D:14     | Danger: deep elf pyromancer |T2| Reason: Bolt of Fire and
                  | not rF+, careful
 26260 | D:14     | Danger: Low HP Warning |T2| Reason: 60% HP (62/103)
 26263 | D:14     | Danger: deep elf pyromancer |T2| Reason: Bolt of Fire and
                  | not rF+, careful
 26270 | D:14     | Danger: deep elf pyromancer |T2| Reason: Bolt of Fire and
                  | not rF+, careful
 26279 | D:14     | Danger: deep elf pyromancer |T2| Reason: Bolt of Fire and
                  | not rF+, careful
 26304 | D:14     | Danger: deep elf pyromancer |T2| Reason: Bolt of Fire and
                  | not rF+, careful
 26366 | D:14     | Found a gate to the Vaults.
 26377 | D:14     | Found Aneot's Book Emporium.
 26393 | D:14     | Found Xomogi's Book Boutique.
 26591 | D:14     | Found a basalt altar of Yredelemnul.
 26671 | D:14     | Found Woeqa's General Store.
 26852 | D:14     | Found Amehi's Book Shop.
 26854 | D:14     | Found Ameisext's Jewellery Emporium.
 26983 | D:10     | Danger: seven-headed hydra |T2| Reason: OOD monster,
                  | careful!
 26986 | D:10     | Killed Jase's ghost
 26987 | D:10     | Danger: seven-headed hydra |T2| Reason: OOD monster,
                  | careful!
 27073 | D:10     | :usability TODO: add "evoker" search string to ctrl+f ?
 27183 | Snake:1  | Entered Level 1 of the Snake Pit
 27199 | Snake:1  | Danger: shock serpent |T2| Reason: Electrical Bolt and no
                  | rElec
 27208 | Snake:1  | Reached skill level 11 in Shields
 27212 | Snake:1  | Danger: Low HP Warning |T2| Reason: 59% HP (61/103)
 27252 | Snake:1  | Identified the +10 flail of Ximuve {drain, rF++ MP+9}
 27383 | Snake:1  | Reached XP level 16. HP: 109/109 MP: 23/23
 27419 | Snake:1  | Danger: guardian serpent |T2| Reason: Slow and low Will,
                  | careful
 27421 | Snake:1  | Danger: guardian serpent |T2| Reason: Slow and low Will,
                  | careful
 27428 | Snake:1  | Danger: guardian serpent |T2| Reason: Slow and low Will,
                  | careful
 27430 | Snake:1  | Danger: guardian serpent |T2| Reason: Slow and low Will,
                  | careful
 27432 | Snake:1  | Danger: Low HP Warning |T2| Reason: 58% HP (64/109)
 27433 | Snake:1  | Danger: Low HP Warning |T2| Reason: 59% HP (65/109)
 27434 | Snake:1  | Danger: Low HP Warning |T2| Reason: 53% HP (58/109)
 27435 | Snake:1  | Danger: Low HP Warning |T2| Reason: 51% HP (56/109)
 27436 | Snake:1  | Danger: Low HP Warning |T2| Reason: 50% HP (55/109)
 27437 | Snake:1  | Danger: guardian serpent |T2| Reason: Slow and low Will,
                  | careful
 27437 | Snake:1  | Danger: Low HP Warning |T2| Reason: 38% HP (42/109)
 27438 | Snake:1  | Danger: Low HP Warning |T2| Reason: 28% HP (31/109)
 27439 | Snake:1  | Danger: Low HP Warning |T2| Reason: 39% HP (43/109)
 27440 | Snake:1  | Danger: Low HP Warning |T2| Reason: 37% HP (41/109)
 27441 | Snake:1  | Danger: Low HP Warning |T2| Reason: 37% HP (41/109)
 27442 | Snake:1  | Danger: Low HP Warning |T2| Reason: 39% HP (43/109)
 27443 | Snake:1  | Danger: Low HP Warning |T2| Reason: 39% HP (43/109)
 27444 | Snake:1  | Danger: Low HP Warning |T2| Reason: 37% HP (41/109)
 27445 | Snake:1  | Danger: Low HP Warning |T2| Reason: 36% HP (40/109)
 27446 | Snake:1  | Danger: Low HP Warning |T2| Reason: 37% HP (41/109)
 27447 | Snake:1  | Danger: Low HP Warning |T2| Reason: 28% HP (31/109)
 27448 | Snake:1  | Danger: Low HP Warning |T2| Reason: 26% HP (29/109)
 27449 | Snake:1  | Danger: Low HP Warning |T3| Reason: 19% HP (21/109)
 27450 | Snake:1  | Danger: Low HP Warning |T3| Reason: 25% HP (28/109)
 27451 | Snake:1  | Danger: Low HP Warning |T2| Reason: 26% HP (29/109)
 27452 | Snake:1  | Danger: Low HP Warning |T2| Reason: 27% HP (30/109)
 27453 | Snake:1  | Danger: Low HP Warning |T2| Reason: 28% HP (31/109)
 27581 | Snake:1  | Danger: guardian serpent |T2| Reason: Slow and low Will,
                  | careful
 27585 | Snake:1  | Danger: guardian serpent |T2| Reason: Slow and low Will,
                  | careful
 27593 | Snake:1  | Reached skill level 12 in Shields
 27658 | Snake:1  | Danger: shock serpent |T2| Reason: Electrical Bolt and no
                  | rElec
 27660 | Snake:1  | Danger: shock serpent |T2| Reason: Electrical Bolt and no
                  | rElec
 27671 | Snake:1  | Danger: Low HP Warning |T2| Reason: 60% HP (66/109)
 28179 | Snake:2  | Reached skill level 13 in Shields
 28620 | Snake:2  | Danger: shock serpent |T2| Reason: Electrical Bolt and no
                  | rElec
 29210 | Snake:3  | Danger: naga |T3| Reason: wielding holy wrath while unholy,
                  | watch out!!
 29211 | Snake:3  | Danger: naga |T3| Reason: wielding holy wrath while unholy,
                  | watch out!!
 29212 | Snake:3  | Danger: naga |T3| Reason: wielding holy wrath while unholy,
                  | watch out!!
 29213 | Snake:3  | Danger: naga |T3| Reason: wielding holy wrath while unholy,
                  | watch out!!
 29214 | Snake:3  | Danger: naga |T3| Reason: wielding holy wrath while unholy,
                  | watch out!!
 29215 | Snake:3  | Danger: naga |T3| Reason: wielding holy wrath while unholy,
                  | watch out!!
 29216 | Snake:3  | Danger: naga |T3| Reason: wielding holy wrath while unholy,
                  | watch out!!
 29217 | Snake:3  | Danger: naga |T3| Reason: wielding holy wrath while unholy,
                  | watch out!!
 29218 | Snake:3  | Danger: naga |T3| Reason: wielding holy wrath while unholy,
                  | watch out!!
 29219 | Snake:3  | Danger: naga |T3| Reason: wielding holy wrath while unholy,
                  | watch out!!
 29220 | Snake:3  | Danger: naga |T3| Reason: wielding holy wrath while unholy,
                  | watch out!!
 29221 | Snake:3  | Danger: naga |T3| Reason: wielding holy wrath while unholy,
                  | watch out!!
 29222 | Snake:3  | Danger: naga |T3| Reason: wielding holy wrath while unholy,
                  | watch out!!
 29223 | Snake:3  | Danger: naga |T3| Reason: wielding holy wrath while unholy,
                  | watch out!!
 29224 | Snake:3  | Danger: naga |T3| Reason: wielding holy wrath while unholy,
                  | watch out!!
 29225 | Snake:3  | Danger: naga |T3| Reason: wielding holy wrath while unholy,
                  | watch out!!
 29226 | Snake:3  | Danger: naga |T3| Reason: wielding holy wrath while unholy,
                  | watch out!!
 29227 | Snake:3  | Danger: naga |T3| Reason: wielding holy wrath while unholy,
                  | watch out!!
 29228 | Snake:3  | Danger: naga |T3| Reason: wielding holy wrath while unholy,
                  | watch out!!
 29229 | Snake:3  | Danger: naga |T3| Reason: wielding holy wrath while unholy,
                  | watch out!!
 29265 | Snake:3  | Danger: naga |T3| Reason: wielding holy wrath while unholy,
                  | watch out!!
 29266 | Snake:3  | Danger: naga |T3| Reason: wielding holy wrath while unholy,
                  | watch out!!
 29267 | Snake:3  | Danger: naga |T3| Reason: wielding holy wrath while unholy,
                  | watch out!!
 29268 | Snake:3  | Danger: naga |T3| Reason: wielding holy wrath while unholy,
                  | watch out!!
 29269 | Snake:3  | Danger: naga |T3| Reason: wielding holy wrath while unholy,
                  | watch out!!
 29270 | Snake:3  | Danger: naga |T3| Reason: wielding holy wrath while unholy,
                  | watch out!!
 29271 | Snake:3  | Danger: naga |T3| Reason: wielding holy wrath while unholy,
                  | watch out!!
 29272 | Snake:3  | Danger: naga |T3| Reason: wielding holy wrath while unholy,
                  | watch out!!
 29273 | Snake:3  | Danger: naga |T3| Reason: wielding holy wrath while unholy,
                  | watch out!!
 29388 | Snake:3  | Found Raahez's Magic Scroll Shoppe.
 29395 | Snake:3  | Bought a scroll of enchant armour for 135 gold pieces
 29395 | Snake:3  | Bought a scroll of enchant weapon for 135 gold pieces
 29395 | Snake:3  | Bought a scroll of teleportation for 54 gold pieces
 29395 | Snake:3  | Bought a scroll of silence for 171 gold pieces
 29638 | Snake:3  | Reached skill level 14 in Shields
 29641 | Snake:3  | Danger: nagaraja |T2| Reason: Venom Bolt deals more than
                  | 50% MHP!
 29641 | Snake:3  | Danger: nagaraja |T2| Reason: Poison Arrow deals more than
                  | 50% MHP!
 29671 | Snake:3  | Danger: salamander tyrant |T2| Reason: Eruption deals more
                  | than 50% MHP!
 29671 | Snake:3  | Danger: salamander tyrant |T2| Reason: Pyroclastic Surge
                  | deals more than 50% MHP!
 29671 | Snake:3  | Danger: salamander mystic |T2| Reason: Bolt of Magma and
                  | not rF+, careful
 29875 | Snake:4  | Entered Level 4 of the Snake Pit
 30053 | Snake:4  | Danger: guardian serpent |T2| Reason: Slow and low Will,
                  | careful
 30053 | Snake:4  | Danger: Low HP Warning |T2| Reason: 59% HP (65/109)
 30055 | Snake:4  | Danger: Low HP Warning |T2| Reason: 59% HP (65/109)
 30056 | Snake:4  | Danger: Low HP Warning |T2| Reason: 58% HP (64/109)
 30057 | Snake:4  | Danger: Low HP Warning |T2| Reason: 58% HP (64/109)
 30058 | Snake:4  | Danger: Low HP Warning |T2| Reason: 57% HP (63/109)
 30059 | Snake:4  | Danger: Low HP Warning |T2| Reason: 57% HP (63/109)
 30060 | Snake:4  | Danger: Low HP Warning |T2| Reason: 58% HP (64/109)
 30061 | Snake:4  | Danger: Low HP Warning |T2| Reason: 58% HP (64/109)
 30062 | Snake:4  | Danger: Low HP Warning |T2| Reason: 59% HP (65/109)
 30063 | Snake:4  | Danger: Low HP Warning |T2| Reason: 59% HP (65/109)
 30064 | Snake:4  | Danger: Low HP Warning |T2| Reason: 60% HP (66/109)
 30065 | Snake:4  | Danger: Low HP Warning |T2| Reason: 60% HP (66/109)
 30082 | Snake:4  | Danger: Low HP Warning |T2| Reason: 58% HP (64/109)
 30083 | Snake:4  | Danger: Low HP Warning |T2| Reason: 58% HP (64/109)
 30084 | Snake:4  | Danger: Low HP Warning |T2| Reason: 57% HP (63/109)
 30085 | Snake:4  | Danger: Low HP Warning |T2| Reason: 46% HP (51/109)
 30086 | Snake:4  | Danger: Low HP Warning |T2| Reason: 46% HP (51/109)
 30087 | Snake:4  | Danger: Low HP Warning |T2| Reason: 45% HP (50/109)
 30088 | Snake:4  | Danger: Low HP Warning |T2| Reason: 45% HP (50/109)
 30089 | Snake:4  | Danger: Low HP Warning |T2| Reason: 44% HP (49/109)
 30090 | Snake:4  | Danger: Low HP Warning |T2| Reason: 45% HP (50/109)
 30091 | Snake:4  | Danger: Low HP Warning |T2| Reason: 45% HP (50/109)
 30092 | Snake:4  | Danger: Low HP Warning |T2| Reason: 46% HP (51/109)
 30093 | Snake:4  | Danger: Low HP Warning |T2| Reason: 47% HP (52/109)
 30094 | Snake:4  | Danger: Low HP Warning |T2| Reason: 47% HP (52/109)
 30269 | Snake:4  | Reached skill level 15 in Shields
 30457 | Snake:4  | Noticed Nikola
 30458 | Snake:4  | Danger: Nikola |T2| Reason: Unique monster, careful!
 30458 | Snake:4  | Danger: Nikola |T3| Reason: Nikola in LOS and not silenced
                  | or waterlogged
 30458 | Snake:4  | Danger: Nikola |T2| Reason: Lightning Bolt deals more than
                  | 50% MHP!
 30458 | Snake:4  | Danger: Nikola |T2| Reason: Chain Lightning deals more than
                  | 50% MHP!
 30459 | Snake:4  | Danger: Nikola |T3| Reason: Nikola in LOS and not silenced
                  | or waterlogged
 30471 | Snake:4  | Danger: Nikola |T2| Reason: Unique monster, careful!
 30471 | Snake:4  | Danger: Nikola |T3| Reason: Nikola in LOS and not silenced
                  | or waterlogged
 30471 | Snake:4  | Danger: Nikola |T2| Reason: Lightning Bolt deals more than
                  | 50% MHP!
 30471 | Snake:4  | Danger: Nikola |T2| Reason: Chain Lightning deals more than
                  | 50% MHP!
 30472 | Snake:4  | Danger: Nikola |T3| Reason: Nikola in LOS and not silenced
                  | or waterlogged
 30473 | Snake:4  | Danger: Nikola |T3| Reason: Nikola in LOS and not silenced
                  | or waterlogged
 30474 | Snake:4  | Danger: Nikola |T3| Reason: Nikola in LOS and not silenced
                  | or waterlogged
 30476 | Snake:4  | Danger: Nikola |T2| Reason: Unique monster, careful!
 30476 | Snake:4  | Danger: Nikola |T3| Reason: Nikola in LOS and not silenced
                  | or waterlogged
 30476 | Snake:4  | Danger: Nikola |T2| Reason: Lightning Bolt deals more than
                  | 50% MHP!
 30476 | Snake:4  | Danger: Nikola |T2| Reason: Chain Lightning deals more than
                  | 50% MHP!
 30477 | Snake:4  | Danger: Nikola |T3| Reason: Nikola in LOS and not silenced
                  | or waterlogged
 30478 | Snake:4  | Danger: Nikola |T3| Reason: Nikola in LOS and not silenced
                  | or waterlogged
 30479 | Snake:4  | Danger: Nikola |T3| Reason: Nikola in LOS and not silenced
                  | or waterlogged
 30480 | Snake:4  | Danger: Nikola |T3| Reason: Nikola in LOS and not silenced
                  | or waterlogged
 30481 | Snake:4  | Danger: Nikola |T3| Reason: Nikola in LOS and not silenced
                  | or waterlogged
 30482 | Snake:4  | Danger: Nikola |T3| Reason: Nikola in LOS and not silenced
                  | or waterlogged
 30483 | Snake:4  | Danger: Nikola |T3| Reason: Nikola in LOS and not silenced
                  | or waterlogged
 30497 | Snake:4  | Killed Nikola
 30499 | Snake:4  | Danger: guardian serpent |T2| Reason: Slow and low Will,
                  | careful
 30501 | Snake:4  | Danger: guardian serpent |T2| Reason: Slow and low Will,
                  | careful
 30508 | Snake:4  | Danger: guardian serpent |T2| Reason: Slow and low Will,
                  | careful
 30546 | Snake:4  | Danger: Low HP Warning |T2| Reason: 56% HP (62/109)
 30547 | Snake:4  | Danger: Low HP Warning |T2| Reason: 55% HP (61/109)
 30548 | Snake:4  | Danger: Low HP Warning |T2| Reason: 50% HP (55/109)
 30549 | Snake:4  | Danger: Low HP Warning |T2| Reason: 47% HP (52/109)
 30550 | Snake:4  | Danger: Low HP Warning |T2| Reason: 45% HP (50/109)
 30551 | Snake:4  | Danger: Low HP Warning |T2| Reason: 44% HP (49/109)
 30552 | Snake:4  | Danger: Low HP Warning |T2| Reason: 43% HP (47/109)
 30554 | Snake:4  | Danger: Low HP Warning |T2| Reason: 41% HP (45/109)
 30555 | Snake:4  | Danger: Low HP Warning |T2| Reason: 41% HP (45/109)
 30563 | Snake:4  | Danger: Low HP Warning |T2| Reason: 43% HP (47/109)
 30564 | Snake:4  | Danger: Low HP Warning |T2| Reason: 43% HP (47/109)
 30565 | Snake:4  | Danger: Low HP Warning |T2| Reason: 44% HP (48/109)
 30566 | Snake:4  | Danger: Low HP Warning |T2| Reason: 44% HP (48/109)
 30567 | Snake:4  | Danger: Low HP Warning |T2| Reason: 44% HP (48/109)
 30568 | Snake:4  | Danger: Low HP Warning |T2| Reason: 44% HP (49/109)
 30569 | Snake:4  | Danger: Low HP Warning |T2| Reason: 43% HP (47/109)
 30608 | Snake:4  | Danger: Low HP Warning |T2| Reason: 55% HP (61/109)
 30609 | Snake:4  | Danger: Low HP Warning |T2| Reason: 55% HP (61/109)
 30610 | Snake:4  | Danger: Low HP Warning |T2| Reason: 56% HP (62/109)
 30613 | Snake:4  | Danger: Low HP Warning |T2| Reason: 57% HP (63/109)
 30617 | Snake:4  | Danger: Low HP Warning |T2| Reason: 59% HP (65/109)
 30618 | Snake:4  | Danger: Low HP Warning |T2| Reason: 60% HP (66/109)
 30620 | Snake:4  | Danger: nagaraja |T2| Reason: Venom Bolt deals more than
                  | 50% MHP!
 30620 | Snake:4  | Danger: nagaraja |T2| Reason: Poison Arrow deals more than
                  | 50% MHP!
 30621 | Snake:4  | Danger: guardian serpent |T2| Reason: Slow and low Will,
                  | careful
 30624 | Snake:4  | Danger: guardian serpent |T2| Reason: Slow and low Will,
                  | careful
 30629 | Snake:4  | Danger: nagaraja |T2| Reason: Venom Bolt deals more than
                  | 50% MHP!
 30629 | Snake:4  | Danger: nagaraja |T2| Reason: Poison Arrow deals more than
                  | 50% MHP!
 30633 | Snake:4  | Danger: nagaraja |T2| Reason: Venom Bolt deals more than
                  | 50% MHP!
 30633 | Snake:4  | Danger: nagaraja |T2| Reason: Poison Arrow deals more than
                  | 50% MHP!
 30635 | Snake:4  | Danger: Low HP Warning |T2| Reason: 60% HP (66/109)
 30636 | Snake:4  | Danger: Low HP Warning |T2| Reason: 55% HP (61/109)
 30637 | Snake:4  | Danger: Low HP Warning |T2| Reason: 54% HP (59/109)
 30638 | Snake:4  | Danger: Low HP Warning |T2| Reason: 51% HP (56/109)
 30639 | Snake:4  | Danger: Low HP Warning |T2| Reason: 49% HP (54/109)
 30640 | Snake:4  | Danger: Low HP Warning |T2| Reason: 47% HP (52/109)
 30641 | Snake:4  | Danger: Low HP Warning |T2| Reason: 45% HP (50/109)
 30642 | Snake:4  | Danger: Low HP Warning |T2| Reason: 44% HP (49/109)
 30643 | Snake:4  | Danger: Low HP Warning |T2| Reason: 44% HP (48/109)
 30644 | Snake:4  | Danger: Low HP Warning |T2| Reason: 44% HP (48/109)
 30645 | Snake:4  | Danger: Low HP Warning |T2| Reason: 43% HP (47/109)
 30646 | Snake:4  | Danger: Low HP Warning |T2| Reason: 43% HP (47/109)
 30647 | Snake:4  | Danger: Low HP Warning |T2| Reason: 42% HP (46/109)
 30648 | Snake:4  | Danger: Low HP Warning |T2| Reason: 52% HP (57/109)
 30649 | Snake:4  | Danger: Low HP Warning |T2| Reason: 53% HP (58/109)
 30650 | Snake:4  | Danger: salamander mystic |T2| Reason: Bolt of Magma and
                  | not rF+, careful
 30650 | Snake:4  | Danger: Low HP Warning |T2| Reason: 53% HP (58/109)
 30652 | Snake:4  | Danger: Low HP Warning |T2| Reason: 54% HP (59/109)
 30653 | Snake:4  | Danger: Low HP Warning |T2| Reason: 55% HP (60/109)
 30654 | Snake:4  | Danger: Low HP Warning |T2| Reason: 55% HP (61/109)
 30655 | Snake:4  | Danger: Low HP Warning |T2| Reason: 55% HP (61/109)
 30658 | Snake:4  | Danger: salamander mystic |T2| Reason: Bolt of Magma and
                  | not rF+, careful
 30658 | Snake:4  | Danger: Low HP Warning |T2| Reason: 57% HP (63/109)
 30659 | Snake:4  | Danger: Low HP Warning |T2| Reason: 57% HP (63/109)
 30663 | Snake:4  | Danger: salamander mystic |T2| Reason: Bolt of Magma and
                  | not rF+, careful
 30663 | Snake:4  | Danger: Low HP Warning |T2| Reason: 60% HP (66/109)
 30664 | Snake:4  | Danger: Low HP Warning |T2| Reason: 60% HP (66/109)
 30669 | Snake:4  | Reached XP level 17. HP: 72/115 MP: 24/24
 30726 | Snake:4  | Danger: salamander tyrant |T2| Reason: Eruption deals more
                  | than 50% MHP!
 30726 | Snake:4  | Danger: salamander tyrant |T2| Reason: Pyroclastic Surge
                  | deals more than 50% MHP!
 30732 | Snake:4  | Danger: Low HP Warning |T2| Reason: 58% HP (67/115)
 30733 | Snake:4  | Danger: salamander tyrant |T2| Reason: Eruption deals more
                  | than 50% MHP!
 30733 | Snake:4  | Danger: salamander tyrant |T2| Reason: Pyroclastic Surge
                  | deals more than 50% MHP!
 30733 | Snake:4  | Danger: Low HP Warning |T2| Reason: 58% HP (67/115)
 30734 | Snake:4  | Danger: Low HP Warning |T2| Reason: 57% HP (66/115)
 30735 | Snake:4  | Danger: Low HP Warning |T2| Reason: 56% HP (65/115)
 30736 | Snake:4  | Danger: Low HP Warning |T2| Reason: 56% HP (65/115)
 30737 | Snake:4  | Danger: Low HP Warning |T2| Reason: 55% HP (64/115)
 30738 | Snake:4  | Danger: Low HP Warning |T2| Reason: 56% HP (65/115)
 30739 | Snake:4  | Danger: guardian serpent |T2| Reason: Slow and low Will,
                  | careful
 30739 | Snake:4  | Danger: Low HP Warning |T2| Reason: 55% HP (64/115)
 30740 | Snake:4  | Danger: Low HP Warning |T2| Reason: 56% HP (65/115)
 30741 | Snake:4  | Danger: Low HP Warning |T2| Reason: 56% HP (65/115)
 30742 | Snake:4  | Danger: Low HP Warning |T2| Reason: 56% HP (65/115)
 30743 | Snake:4  | Danger: Low HP Warning |T2| Reason: 57% HP (66/115)
 30747 | Snake:4  | Danger: Low HP Warning |T2| Reason: 59% HP (68/115)
 30748 | Snake:4  | Danger: Low HP Warning |T2| Reason: 60% HP (69/115)
 30749 | Snake:4  | Danger: guardian serpent |T2| Reason: Slow and low Will,
                  | careful
 30749 | Snake:4  | Danger: Low HP Warning |T2| Reason: 60% HP (70/115)
 30750 | Snake:4  | Danger: salamander tyrant |T2| Reason: Eruption deals more
                  | than 50% MHP!
 30750 | Snake:4  | Danger: salamander tyrant |T2| Reason: Pyroclastic Surge
                  | deals more than 50% MHP!
 30750 | Snake:4  | Danger: Low HP Warning |T2| Reason: 60% HP (70/115)
 30752 | Snake:4  | Danger: guardian serpent |T2| Reason: Slow and low Will,
                  | careful
 30752 | Snake:4  | Danger: guardian serpent |T2| Reason: Slow and low Will,
                  | careful
 30752 | Snake:4  | Danger: guardian serpent |T2| Reason: Slow and low Will,
                  | careful
 30753 | Snake:4  | Danger: nagaraja |T2| Reason: Poison Arrow deals more than
                  | 50% MHP!
 30761 | Snake:4  | Danger: guardian serpent |T2| Reason: Slow and low Will,
                  | careful
 30764 | Snake:4  | Danger: Low HP Warning |T2| Reason: 56% HP (65/115)
 30765 | Snake:4  | Danger: salamander mystic |T2| Reason: Bolt of Magma and
                  | not rF+, careful
 30765 | Snake:4  | Danger: Low HP Warning |T2| Reason: 55% HP (64/115)
 30766 | Snake:4  | Danger: Low HP Warning |T2| Reason: 55% HP (64/115)
 30767 | Snake:4  | Danger: Low HP Warning |T2| Reason: 54% HP (63/115)
 30768 | Snake:4  | Danger: Low HP Warning |T2| Reason: 55% HP (64/115)
 30769 | Snake:4  | Danger: Low HP Warning |T2| Reason: 33% HP (38/115)
 30770 | Snake:4  | Danger: salamander mystic |T2| Reason: Bolt of Magma and
                  | not rF+, careful
 30770 | Snake:4  | Danger: Low HP Warning |T2| Reason: 30% HP (35/115)
 30771 | Snake:4  | Danger: Low HP Warning |T2| Reason: 36% HP (42/115)
 30772 | Snake:4  | Danger: Low HP Warning |T2| Reason: 28% HP (33/115)
 30773 | Snake:4  | Danger: Low HP Warning |T2| Reason: 36% HP (42/115)
 30774 | Snake:4  | Danger: Low HP Warning |T2| Reason: 36% HP (42/115)
 30775 | Snake:4  | Danger: Low HP Warning |T2| Reason: 37% HP (43/115)
 30776 | Snake:4  | Danger: Low HP Warning |T2| Reason: 37% HP (43/115)
 30777 | Snake:4  | Danger: Low HP Warning |T2| Reason: 38% HP (44/115)
 30778 | Snake:4  | Danger: Low HP Warning |T2| Reason: 38% HP (44/115)
 30779 | Snake:4  | Danger: nagaraja |T2| Reason: Poison Arrow deals more than
                  | 50% MHP!
 30779 | Snake:4  | Danger: Low HP Warning |T2| Reason: 39% HP (45/115)
 30780 | Snake:4  | Danger: Low HP Warning |T2| Reason: 40% HP (46/115)
 30781 | Snake:4  | Danger: Low HP Warning |T2| Reason: 35% HP (41/115)
 30782 | Snake:4  | Danger: Low HP Warning |T2| Reason: 36% HP (42/115)
 30783 | Snake:4  | Danger: Low HP Warning |T2| Reason: 36% HP (42/115)
 30815 | Snake:4  | Danger: Low HP Warning |T2| Reason: 53% HP (61/115)
 30816 | Snake:4  | Danger: Low HP Warning |T2| Reason: 53% HP (62/115)
 30817 | Snake:4  | Danger: Low HP Warning |T2| Reason: 53% HP (62/115)
 30818 | Snake:4  | Danger: Low HP Warning |T2| Reason: 53% HP (62/115)
 30819 | Snake:4  | Danger: Low HP Warning |T2| Reason: 54% HP (63/115)
 30820 | Snake:4  | Danger: Low HP Warning |T2| Reason: 54% HP (63/115)
 30821 | Snake:4  | Danger: Low HP Warning |T2| Reason: 55% HP (64/115)
 30822 | Snake:4  | Danger: Low HP Warning |T2| Reason: 55% HP (64/115)
 30823 | Snake:4  | Danger: Low HP Warning |T2| Reason: 55% HP (64/115)
 30824 | Snake:4  | Danger: Low HP Warning |T2| Reason: 56% HP (65/115)
 30833 | Snake:4  | Danger: Low HP Warning |T2| Reason: 60% HP (70/115)
 30834 | Snake:4  | Danger: Low HP Warning |T2| Reason: 60% HP (70/115)
 30836 | Snake:4  | Danger: Low HP Warning |T2| Reason: 55% HP (64/115)
 30837 | Snake:4  | Danger: Low HP Warning |T2| Reason: 48% HP (56/115)
 30838 | Snake:4  | Danger: Low HP Warning |T2| Reason: 48% HP (56/115)
 30839 | Snake:4  | Reached skill level 16 in Shields
 30839 | Snake:4  | Danger: Low HP Warning |T2| Reason: 43% HP (50/115)
 30840 | Snake:4  | Danger: Low HP Warning |T2| Reason: 43% HP (50/115)
 30841 | Snake:4  | Danger: Low HP Warning |T2| Reason: 41% HP (48/115)
 30842 | Snake:4  | Danger: Low HP Warning |T2| Reason: 42% HP (49/115)
 30843 | Snake:4  | Danger: Low HP Warning |T2| Reason: 42% HP (49/115)
 30844 | Snake:4  | Danger: Low HP Warning |T2| Reason: 36% HP (42/115)
 30845 | Snake:4  | Danger: Low HP Warning |T2| Reason: 36% HP (42/115)
 30846 | Snake:4  | Danger: Low HP Warning |T2| Reason: 35% HP (41/115)
 30847 | Snake:4  | Danger: Low HP Warning |T2| Reason: 35% HP (41/115)
 30849 | Snake:4  | Danger: Low HP Warning |T2| Reason: 36% HP (42/115)
 30850 | Snake:4  | Danger: Low HP Warning |T2| Reason: 36% HP (42/115)
 30851 | Snake:4  | Danger: Low HP Warning |T2| Reason: 37% HP (43/115)
 30852 | Snake:4  | Danger: Low HP Warning |T2| Reason: 37% HP (43/115)
 30853 | Snake:4  | Danger: Low HP Warning |T2| Reason: 38% HP (44/115)
 30854 | Snake:4  | Danger: Low HP Warning |T2| Reason: 38% HP (44/115)
 30855 | Snake:4  | Danger: Low HP Warning |T2| Reason: 39% HP (45/115)
 30856 | Snake:4  | Danger: Low HP Warning |T2| Reason: 39% HP (45/115)
 30857 | Snake:4  | Danger: Low HP Warning |T2| Reason: 39% HP (45/115)
 30858 | Snake:4  | Danger: Low HP Warning |T2| Reason: 40% HP (46/115)
 30859 | Snake:4  | Danger: Low HP Warning |T2| Reason: 40% HP (46/115)
 30860 | Snake:4  | Danger: Low HP Warning |T2| Reason: 40% HP (47/115)
 30869 | Snake:4  | Danger: salamander mystic |T2| Reason: Bolt of Magma and
                  | not rF+, careful
 30869 | Snake:4  | Danger: Low HP Warning |T2| Reason: 45% HP (52/115)
 30872 | Snake:4  | Danger: salamander mystic |T2| Reason: Bolt of Magma and
                  | not rF+, careful
 30872 | Snake:4  | Danger: Low HP Warning |T2| Reason: 46% HP (54/115)
 30873 | Snake:4  | Danger: Low HP Warning |T2| Reason: 46% HP (54/115)
 30874 | Snake:4  | Danger: Low HP Warning |T2| Reason: 47% HP (55/115)
 30875 | Snake:4  | Danger: Low HP Warning |T2| Reason: 47% HP (55/115)
 30876 | Snake:4  | Danger: Low HP Warning |T2| Reason: 47% HP (55/115)
 30877 | Snake:4  | Danger: Low HP Warning |T2| Reason: 48% HP (56/115)
 30879 | Snake:4  | Danger: Low HP Warning |T2| Reason: 49% HP (57/115)
 30880 | Snake:4  | Danger: Low HP Warning |T2| Reason: 49% HP (57/115)
 30881 | Snake:4  | Danger: Low HP Warning |T2| Reason: 50% HP (58/115)
 30882 | Snake:4  | Danger: Low HP Warning |T2| Reason: 50% HP (58/115)
 30883 | Snake:4  | Danger: Low HP Warning |T2| Reason: 51% HP (59/115)
 30884 | Snake:4  | Danger: Low HP Warning |T2| Reason: 51% HP (59/115)
 30885 | Snake:4  | Danger: Low HP Warning |T2| Reason: 51% HP (59/115)
 30886 | Snake:4  | Danger: Low HP Warning |T2| Reason: 52% HP (60/115)
 30887 | Snake:4  | Danger: Low HP Warning |T2| Reason: 52% HP (60/115)
 30888 | Snake:4  | Danger: Low HP Warning |T2| Reason: 53% HP (61/115)
 30889 | Snake:4  | Danger: Low HP Warning |T2| Reason: 53% HP (61/115)
 30890 | Snake:4  | Danger: Low HP Warning |T2| Reason: 53% HP (61/115)
 30910 | Snake:4  | Danger: nagaraja |T2| Reason: Poison Arrow deals more than
                  | 50% MHP!
 30914 | Snake:4  | Danger: nagaraja |T2| Reason: Poison Arrow deals more than
                  | 50% MHP!
 30914 | Snake:4  | Danger: Low HP Warning |T2| Reason: 53% HP (61/115)
 30915 | Snake:4  | Danger: Low HP Warning |T2| Reason: 51% HP (59/115)
 30916 | Snake:4  | Danger: Low HP Warning |T2| Reason: 48% HP (56/115)
 30917 | Snake:4  | Danger: Low HP Warning |T2| Reason: 36% HP (42/115)
 30918 | Snake:4  | Danger: Low HP Warning |T2| Reason: 33% HP (38/115)
 30919 | Snake:4  | Danger: Low HP Warning |T2| Reason: 38% HP (44/115)
 30920 | Snake:4  | Danger: Low HP Warning |T2| Reason: 38% HP (44/115)
 30921 | Snake:4  | Danger: Low HP Warning |T2| Reason: 39% HP (45/115)
 30922 | Snake:4  | Danger: Low HP Warning |T2| Reason: 39% HP (45/115)
 30923 | Snake:4  | Danger: Low HP Warning |T2| Reason: 39% HP (45/115)
 30924 | Snake:4  | Danger: Low HP Warning |T2| Reason: 40% HP (46/115)
 30925 | Snake:4  | Danger: Low HP Warning |T2| Reason: 40% HP (46/115)
 30926 | Snake:4  | Danger: Low HP Warning |T2| Reason: 40% HP (47/115)
 30927 | Snake:4  | Danger: Low HP Warning |T2| Reason: 40% HP (47/115)
 30928 | Snake:4  | Danger: Low HP Warning |T2| Reason: 41% HP (48/115)
 30929 | Snake:4  | Danger: Low HP Warning |T2| Reason: 41% HP (48/115)
 30930 | Snake:4  | Danger: Low HP Warning |T2| Reason: 41% HP (48/115)
 30931 | Snake:4  | Danger: Low HP Warning |T2| Reason: 42% HP (49/115)
 30932 | Snake:4  | Danger: Low HP Warning |T2| Reason: 42% HP (49/115)
 30933 | Snake:4  | Danger: Low HP Warning |T2| Reason: 43% HP (50/115)
 30934 | Snake:4  | Danger: Low HP Warning |T2| Reason: 43% HP (50/115)
 30935 | Snake:4  | Danger: Low HP Warning |T2| Reason: 43% HP (50/115)
 30936 | Snake:4  | Danger: Low HP Warning |T2| Reason: 44% HP (51/115)
 30937 | Snake:4  | Danger: Low HP Warning |T2| Reason: 44% HP (51/115)
 30938 | Snake:4  | Danger: Low HP Warning |T2| Reason: 45% HP (52/115)
 30939 | Snake:4  | Danger: Low HP Warning |T2| Reason: 45% HP (52/115)
 30940 | Snake:4  | Danger: Low HP Warning |T2| Reason: 46% HP (53/115)
 30941 | Snake:4  | Danger: Low HP Warning |T2| Reason: 46% HP (53/115)
 30942 | Snake:4  | Danger: Low HP Warning |T2| Reason: 46% HP (53/115)
 30943 | Snake:4  | Danger: Low HP Warning |T2| Reason: 46% HP (54/115)
 30944 | Snake:4  | Danger: Low HP Warning |T2| Reason: 47% HP (55/115)
 30945 | Snake:4  | Danger: Low HP Warning |T2| Reason: 47% HP (55/115)
 30946 | Snake:4  | Danger: Low HP Warning |T2| Reason: 48% HP (56/115)
 30947 | Snake:4  | Danger: Low HP Warning |T2| Reason: 48% HP (56/115)
 30948 | Snake:4  | Danger: Low HP Warning |T2| Reason: 49% HP (57/115)
 30949 | Snake:4  | Danger: Low HP Warning |T2| Reason: 50% HP (58/115)
 30950 | Snake:4  | Danger: Low HP Warning |T2| Reason: 50% HP (58/115)
 30951 | Snake:4  | Danger: Low HP Warning |T2| Reason: 51% HP (59/115)
 30952 | Snake:4  | Danger: Low HP Warning |T2| Reason: 51% HP (59/115)
 30953 | Snake:4  | Danger: Low HP Warning |T2| Reason: 52% HP (60/115)
 30954 | Snake:4  | Danger: Low HP Warning |T2| Reason: 52% HP (60/115)
 30955 | Snake:4  | Danger: Low HP Warning |T2| Reason: 53% HP (61/115)
 30956 | Snake:4  | Danger: Low HP Warning |T2| Reason: 53% HP (61/115)
 30957 | Snake:4  | Danger: Low HP Warning |T2| Reason: 53% HP (62/115)
 30958 | Snake:4  | Danger: Low HP Warning |T2| Reason: 53% HP (62/115)
 30959 | Snake:4  | Danger: Low HP Warning |T2| Reason: 53% HP (62/115)
 30960 | Snake:4  | Danger: Low HP Warning |T2| Reason: 54% HP (63/115)
 30961 | Snake:4  | Danger: Low HP Warning |T2| Reason: 55% HP (64/115)
 30966 | Snake:4  | Danger: Low HP Warning |T2| Reason: 57% HP (66/115)
 30967 | Snake:4  | Danger: Low HP Warning |T2| Reason: 58% HP (67/115)
 30968 | Snake:4  | Danger: Low HP Warning |T2| Reason: 58% HP (67/115)
 30969 | Snake:4  | Danger: Low HP Warning |T2| Reason: 59% HP (68/115)
 30970 | Snake:4  | Danger: Low HP Warning |T2| Reason: 59% HP (68/115)
 30972 | Snake:4  | Danger: Low HP Warning |T2| Reason: 60% HP (69/115)
 30973 | Snake:4  | Danger: Low HP Warning |T2| Reason: 50% HP (58/115)
 30974 | Snake:4  | Danger: Low HP Warning |T2| Reason: 51% HP (59/115)
 30975 | Snake:4  | Danger: Low HP Warning |T2| Reason: 51% HP (59/115)
 30976 | Snake:4  | Danger: Low HP Warning |T2| Reason: 52% HP (60/115)
 30977 | Snake:4  | Danger: Low HP Warning |T2| Reason: 52% HP (60/115)
 30978 | Snake:4  | Danger: Low HP Warning |T2| Reason: 52% HP (60/115)
 30979 | Snake:4  | Danger: Low HP Warning |T2| Reason: 53% HP (61/115)
 30981 | Snake:4  | Danger: Low HP Warning |T2| Reason: 53% HP (62/115)
 31117 | Snake:4  | Danger: Low HP Warning |T2| Reason: 37% HP (42/113)
 31118 | Snake:4  | Danger: Low HP Warning |T2| Reason: 29% HP (33/113)
 31119 | Snake:4  | Danger: Low HP Warning |T2| Reason: 32% HP (37/113)
 31120 | Snake:4  | Danger: Low HP Warning |T2| Reason: 32% HP (37/114)
 31121 | Snake:4  | Danger: Low HP Warning |T2| Reason: 31% HP (36/114)
 31122 | Snake:4  | Danger: Low HP Warning |T2| Reason: 31% HP (36/114)
 31123 | Snake:4  | Danger: Low HP Warning |T2| Reason: 32% HP (37/114)
 31124 | Snake:4  | Danger: Low HP Warning |T2| Reason: 32% HP (37/114)
 31125 | Snake:4  | Danger: Low HP Warning |T2| Reason: 33% HP (38/114)
 31126 | Snake:4  | Danger: Low HP Warning |T2| Reason: 34% HP (39/114)
 31127 | Snake:4  | Danger: Low HP Warning |T2| Reason: 34% HP (39/114)
 31128 | Snake:4  | Danger: Low HP Warning |T2| Reason: 35% HP (40/114)
 31134 | Snake:4  | Danger: Low HP Warning |T2| Reason: 37% HP (43/114)
 31135 | Snake:4  | Danger: Low HP Warning |T2| Reason: 38% HP (44/114)
 31136 | Snake:4  | Danger: Low HP Warning |T2| Reason: 38% HP (44/114)
 31137 | Snake:4  | Danger: Low HP Warning |T2| Reason: 33% HP (38/114)
 31138 | Snake:4  | Danger: Low HP Warning |T2| Reason: 31% HP (36/114)
 31139 | Snake:4  | Danger: Low HP Warning |T2| Reason: 30% HP (35/114)
 31140 | Snake:4  | Danger: Low HP Warning |T2| Reason: 29% HP (34/115)
 31141 | Snake:4  | Danger: Low HP Warning |T2| Reason: 28% HP (33/115)
 31142 | Snake:4  | Danger: Low HP Warning |T2| Reason: 27% HP (32/115)
 31161 | Snake:4  | Danger: Low HP Warning |T2| Reason: 33% HP (38/115)
 31162 | Snake:4  | Danger: Low HP Warning |T2| Reason: 33% HP (39/115)
 31163 | Snake:4  | Danger: Low HP Warning |T2| Reason: 34% HP (40/115)
 31164 | Snake:4  | Danger: Low HP Warning |T2| Reason: 34% HP (40/115)
 31301 | Snake:4  | Danger: salamander tyrant |T2| Reason: Eruption deals more
                  | than 50% MHP!
 31301 | Snake:4  | Danger: salamander tyrant |T2| Reason: Pyroclastic Surge
                  | deals more than 50% MHP!
 31890 | Snake:4  | Got a serpentine rune of Zot
 32985 | Shoals:1 | Entered Level 1 of the Shoals
 32991 | Shoals:1 | You fall into a shaft and drop 1 floor!
 32991 | Shoals:1 | Danger: Shafted! |T3| Reason: Shafted!
 33072 | Shoals:1 | Reached skill level 17 in Shields
 33074 | Shoals:1 | Danger: Low HP Warning |T2| Reason: 59% HP (68/115)
 33075 | Shoals:1 | Danger: Low HP Warning |T2| Reason: 59% HP (68/115)
 33077 | Shoals:1 | Danger: Low HP Warning |T2| Reason: 57% HP (66/115)
 33079 | Shoals:1 | Danger: Low HP Warning |T2| Reason: 57% HP (66/115)
 33080 | Shoals:1 | Danger: Low HP Warning |T2| Reason: 58% HP (67/115)
 33246 | Shoals:1 | Found Joar's Antique Armour Emporium.
 33303 | Shoals:1 | Danger: merfolk |T2| Reason: Quivering boomerangs, careful!
 33466 | Shoals:1 | Danger: dream sheep |T2| Reason: Irresistible Dream Dust
                  | (4%), watch out!
 33473 | Shoals:1 | Danger: cyclops |T2| Reason: Quivering large rocks, watch
                  | out!!
 33475 | Shoals:1 | Danger: dream sheep |T2| Reason: Irresistible Dream Dust
                  | (52%), watch out!
 33475 | Shoals:1 | Danger: dream sheep |T2| Reason: Irresistible Dream Dust
                  | (52%), watch out!
 33476 | Shoals:1 | Danger: dream sheep |T2| Reason: Irresistible Dream Dust
                  | (68%), watch out!
 33476 | Shoals:1 | Danger: dream sheep |T2| Reason: Irresistible Dream Dust
                  | (68%), watch out!
 33476 | Shoals:1 | Danger: dream sheep |T2| Reason: Irresistible Dream Dust
                  | (68%), watch out!
 33480 | Shoals:1 | Danger: dream sheep |T2| Reason: Irresistible Dream Dust
                  | (52%), watch out!
 33480 | Shoals:1 | Danger: dream sheep |T2| Reason: Irresistible Dream Dust
                  | (52%), watch out!
 33484 | Shoals:1 | Danger: Low HP Warning |T2| Reason: 50% HP (58/115)
 33485 | Shoals:1 | Danger: dream sheep |T2| Reason: Irresistible Dream Dust
                  | (4%), watch out!
 33485 | Shoals:1 | Danger: Low HP Warning |T2| Reason: 49% HP (57/115)
 33486 | Shoals:1 | Danger: Low HP Warning |T2| Reason: 50% HP (58/115)
 33487 | Shoals:1 | Danger: Low HP Warning |T2| Reason: 50% HP (58/115)
 33488 | Shoals:1 | Danger: Low HP Warning |T2| Reason: 51% HP (59/115)
 33489 | Shoals:1 | Danger: Low HP Warning |T2| Reason: 51% HP (59/115)
 33984 | Shoals:2 | Danger: merfolk |T2| Reason: Quivering boomerangs, careful!
 33988 | Shoals:2 | Danger: merfolk |T2| Reason: Quivering boomerangs, careful!
 33990 | Shoals:2 | Danger: Low HP Warning |T2| Reason: 60% HP (70/115)
 33991 | Shoals:2 | Danger: Low HP Warning |T2| Reason: 57% HP (66/115)
 33992 | Shoals:2 | Danger: Low HP Warning |T2| Reason: 52% HP (60/115)
 33993 | Shoals:2 | Danger: Low HP Warning |T2| Reason: 39% HP (45/115)
 33994 | Shoals:2 | Danger: Low HP Warning |T2| Reason: 40% HP (46/115)
 33995 | Shoals:2 | Danger: merfolk |T2| Reason: Quivering boomerangs, careful!
 33995 | Shoals:2 | Danger: Low HP Warning |T2| Reason: 40% HP (46/115)
 33996 | Shoals:2 | Danger: Low HP Warning |T2| Reason: 40% HP (47/115)
 33997 | Shoals:2 | Danger: merfolk |T2| Reason: carrying a wand of digging
                  | (4), careful!
 33997 | Shoals:2 | Danger: Low HP Warning |T2| Reason: 40% HP (47/115)
 33998 | Shoals:2 | Danger: Low HP Warning |T2| Reason: 41% HP (48/115)
 33999 | Shoals:2 | Danger: Low HP Warning |T2| Reason: 41% HP (48/115)
 34000 | Shoals:2 | Danger: Low HP Warning |T2| Reason: 42% HP (49/115)
 34001 | Shoals:2 | Danger: Low HP Warning |T2| Reason: 42% HP (49/115)
 34002 | Shoals:2 | Danger: Low HP Warning |T2| Reason: 42% HP (49/115)
 34003 | Shoals:2 | Danger: merfolk |T2| Reason: carrying a wand of digging
                  | (4), careful!
 34003 | Shoals:2 | Danger: Low HP Warning |T2| Reason: 43% HP (50/115)
 34004 | Shoals:2 | Danger: Low HP Warning |T2| Reason: 43% HP (50/115)
 34005 | Shoals:2 | Danger: Low HP Warning |T2| Reason: 44% HP (51/115)
 34006 | Shoals:2 | Danger: Low HP Warning |T2| Reason: 44% HP (51/115)
 34007 | Shoals:2 | Danger: Low HP Warning |T2| Reason: 44% HP (51/115)
 34008 | Shoals:2 | Danger: Low HP Warning |T2| Reason: 44% HP (51/115)
 34009 | Shoals:2 | Danger: Low HP Warning |T2| Reason: 45% HP (52/115)
 34010 | Shoals:2 | Danger: Low HP Warning |T2| Reason: 45% HP (52/115)
 34011 | Shoals:2 | Danger: Low HP Warning |T2| Reason: 45% HP (52/115)
 34012 | Shoals:2 | Danger: Low HP Warning |T2| Reason: 46% HP (53/115)
 34013 | Shoals:2 | Danger: Low HP Warning |T2| Reason: 46% HP (53/115)
 34014 | Shoals:2 | Danger: Low HP Warning |T2| Reason: 46% HP (53/115)
 34015 | Shoals:2 | Danger: Low HP Warning |T2| Reason: 46% HP (53/115)
 34016 | Shoals:2 | Danger: Low HP Warning |T2| Reason: 46% HP (54/115)
 34017 | Shoals:2 | Danger: Low HP Warning |T2| Reason: 46% HP (54/115)
 34018 | Shoals:2 | Danger: Low HP Warning |T2| Reason: 47% HP (55/115)
 34019 | Shoals:2 | Danger: Low HP Warning |T2| Reason: 47% HP (55/115)
 34020 | Shoals:2 | Danger: Low HP Warning |T2| Reason: 47% HP (55/115)
 34021 | Shoals:2 | Danger: Low HP Warning |T2| Reason: 47% HP (55/115)
 34022 | Shoals:2 | Danger: Low HP Warning |T2| Reason: 48% HP (56/115)
 34023 | Shoals:2 | Danger: Low HP Warning |T2| Reason: 48% HP (56/115)
 34294 | Shoals:2 | Danger: merfolk |T2| Reason: Quivering boomerangs, careful!
 34301 | Shoals:2 | Reached skill level 18 in Shields
 34309 | Shoals:2 | Danger: Low HP Warning |T2| Reason: 56% HP (65/115)
 34310 | Shoals:2 | Danger: Low HP Warning |T2| Reason: 56% HP (65/115)
 34311 | Shoals:2 | Danger: Low HP Warning |T2| Reason: 57% HP (66/115)
 34312 | Shoals:2 | Danger: Low HP Warning |T2| Reason: 57% HP (66/115)
 34312 | Shoals:2 | Noticed Roxanne
 34313 | Shoals:2 | Danger: Roxanne |T2| Reason: Unique monster, careful!
 34313 | Shoals:2 | Danger: Roxanne |T3| Reason: Bolt of Magma (irresistible
                  | ~3d30+ equivalent) and not rF+++, watch out!
 34313 | Shoals:2 | Danger: Roxanne |T2| Reason: Bolt of Magma deals more than
                  | 50% MHP!
 34313 | Shoals:2 | Danger: Roxanne |T2| Reason: Iron Shot deals more than 50%
                  | MHP!
 34313 | Shoals:2 | Danger: Roxanne |T2| Reason: Lehudib's Crystal Spear deals
                  | more than 50% MHP!
 34313 | Shoals:2 | Danger: Low HP Warning |T2| Reason: 58% HP (67/115)
 34314 | Shoals:2 | Danger: Roxanne |T3| Reason: Bolt of Magma (irresistible
                  | ~3d30+ equivalent) and not rF+++, watch out!
 34314 | Shoals:2 | Danger: Low HP Warning |T2| Reason: 55% HP (64/115)
 34315 | Shoals:2 | Danger: Roxanne |T3| Reason: Bolt of Magma (irresistible
                  | ~3d30+ equivalent) and not rF+++, watch out!
 34315 | Shoals:2 | Danger: Low HP Warning |T2| Reason: 43% HP (50/115)
 34316 | Shoals:2 | Danger: Low HP Warning |T2| Reason: 43% HP (50/115)
 34317 | Shoals:2 | Danger: Low HP Warning |T2| Reason: 44% HP (51/115)
 34318 | Shoals:2 | Danger: Low HP Warning |T2| Reason: 45% HP (52/115)
 34319 | Shoals:2 | Danger: Low HP Warning |T2| Reason: 45% HP (52/115)
 34320 | Shoals:2 | Danger: Low HP Warning |T2| Reason: 37% HP (43/115)
 34321 | Shoals:2 | Danger: Low HP Warning |T2| Reason: 38% HP (44/115)
 34322 | Shoals:2 | Danger: Low HP Warning |T2| Reason: 38% HP (44/115)
 34323 | Shoals:2 | Danger: Low HP Warning |T2| Reason: 38% HP (44/115)
 34324 | Shoals:2 | Danger: Low HP Warning |T2| Reason: 39% HP (45/115)
 34325 | Shoals:2 | Danger: Low HP Warning |T2| Reason: 39% HP (45/115)
 34326 | Shoals:2 | Danger: Low HP Warning |T2| Reason: 40% HP (46/115)
 34327 | Shoals:2 | Danger: Low HP Warning |T2| Reason: 37% HP (43/115)
 34328 | Shoals:2 | Danger: Low HP Warning |T2| Reason: 37% HP (43/115)
 34329 | Shoals:2 | Danger: Low HP Warning |T2| Reason: 38% HP (44/115)
 34330 | Shoals:2 | Danger: Low HP Warning |T2| Reason: 38% HP (44/115)
 34331 | Shoals:2 | Danger: Low HP Warning |T2| Reason: 39% HP (45/115)
 34337 | Shoals:2 | Danger: Low HP Warning |T2| Reason: 42% HP (49/115)
 34338 | Shoals:2 | Danger: Low HP Warning |T2| Reason: 42% HP (49/115)
 34339 | Shoals:2 | Danger: Low HP Warning |T2| Reason: 43% HP (50/115)
 34340 | Shoals:2 | Danger: Low HP Warning |T2| Reason: 43% HP (50/115)
 34341 | Shoals:2 | Danger: Low HP Warning |T2| Reason: 44% HP (51/115)
 34342 | Shoals:2 | Danger: Low HP Warning |T2| Reason: 44% HP (51/115)
 34343 | Shoals:2 | Danger: Low HP Warning |T2| Reason: 45% HP (52/115)
 34344 | Shoals:2 | Danger: Low HP Warning |T2| Reason: 45% HP (52/115)
 34345 | Shoals:2 | Danger: Low HP Warning |T2| Reason: 46% HP (53/115)
 34346 | Shoals:2 | Danger: Low HP Warning |T2| Reason: 46% HP (53/115)
 34347 | Shoals:2 | Danger: Low HP Warning |T2| Reason: 46% HP (53/115)
 34348 | Shoals:2 | Danger: Low HP Warning |T2| Reason: 46% HP (54/115)
 34349 | Shoals:2 | Danger: Low HP Warning |T2| Reason: 47% HP (55/115)
 34350 | Shoals:2 | Danger: Low HP Warning |T2| Reason: 47% HP (55/115)
 34351 | Shoals:2 | Danger: Low HP Warning |T2| Reason: 48% HP (56/115)
 34369 | Shoals:2 | Danger: Low HP Warning |T2| Reason: 57% HP (66/115)
 34370 | Shoals:2 | Danger: Low HP Warning |T2| Reason: 58% HP (67/115)
 34371 | Shoals:2 | Danger: Low HP Warning |T2| Reason: 58% HP (67/115)
 34373 | Shoals:2 | Danger: Low HP Warning |T2| Reason: 59% HP (68/115)
 34374 | Shoals:2 | Danger: Low HP Warning |T2| Reason: 60% HP (69/115)
 34375 | Shoals:2 | Danger: Low HP Warning |T2| Reason: 60% HP (70/115)
 34376 | Shoals:2 | Danger: Low HP Warning |T2| Reason: 60% HP (70/115)
 34397 | Shoals:2 | Danger: merfolk |T2| Reason: Quivering boomerangs, careful!
 34464 | Shoals:2 | Danger: merfolk |T2| Reason: carrying a wand of digging
                  | (2), careful!
 34633 | Shoals:2 | Danger: Low HP Warning |T2| Reason: 46% HP (53/115)
 34641 | Shoals:2 | Danger: Low HP Warning |T2| Reason: 49% HP (57/115)
 34642 | Shoals:2 | Danger: Low HP Warning |T2| Reason: 50% HP (58/115)
 34643 | Shoals:2 | Danger: Low HP Warning |T2| Reason: 50% HP (58/115)
 34644 | Shoals:2 | Danger: Low HP Warning |T2| Reason: 51% HP (59/115)
 34645 | Shoals:2 | Danger: Low HP Warning |T2| Reason: 51% HP (59/115)
 34646 | Shoals:2 | Danger: Low HP Warning |T2| Reason: 37% HP (43/115)
 34792 | Shoals:2 | Danger: dream sheep |T2| Reason: Irresistible Dream Dust
                  | (4%), watch out!
 34794 | Shoals:2 | Danger: cyclops |T2| Reason: Quivering large rocks, watch
                  | out!!
 34795 | Shoals:2 | Danger: dream sheep |T2| Reason: Irresistible Dream Dust
                  | (76%), watch out!
 34795 | Shoals:2 | Danger: dream sheep |T2| Reason: Irresistible Dream Dust
                  | (76%), watch out!
 34795 | Shoals:2 | Danger: dream sheep |T2| Reason: Irresistible Dream Dust
                  | (76%), watch out!
 34795 | Shoals:2 | Danger: dream sheep |T2| Reason: Irresistible Dream Dust
                  | (76%), watch out!
 34800 | Shoals:2 | Danger: dream sheep |T2| Reason: Irresistible Dream Dust
                  | (68%), watch out!
 34800 | Shoals:2 | Danger: dream sheep |T2| Reason: Irresistible Dream Dust
                  | (68%), watch out!
 34800 | Shoals:2 | Danger: dream sheep |T2| Reason: Irresistible Dream Dust
                  | (68%), watch out!
 34811 | Shoals:2 | Danger: dream sheep |T2| Reason: Irresistible Dream Dust
                  | (52%), watch out!
 34811 | Shoals:2 | Danger: dream sheep |T2| Reason: Irresistible Dream Dust
                  | (52%), watch out!
 34818 | Shoals:2 | Danger: dream sheep |T2| Reason: Irresistible Dream Dust
                  | (4%), watch out!
 34991 | Shoals:2 | Danger: merfolk aquamancer |T2| Reason: Primal Wave deals
                  | more than 50% MHP!
 34991 | Shoals:2 | Danger: merfolk aquamancer |T2| Reason: Throw Icicle deals
                  | more than 50% MHP!
 34991 | Shoals:2 | Danger: merfolk aquamancer |T2| Reason: Primal Wave deals
                  | more than 50% MHP!
 34991 | Shoals:2 | Danger: merfolk aquamancer |T2| Reason: Throw Icicle deals
                  | more than 50% MHP!
 35004 | Shoals:2 | Danger: merfolk |T2| Reason: Quivering boomerangs, careful!
 35004 | Shoals:2 | Danger: merfolk aquamancer |T2| Reason: Primal Wave deals
                  | more than 50% MHP!
 35004 | Shoals:2 | Danger: merfolk aquamancer |T2| Reason: Throw Icicle deals
                  | more than 50% MHP!
 35012 | Shoals:2 | Danger: merfolk aquamancer |T2| Reason: Primal Wave deals
                  | more than 50% MHP!
 35012 | Shoals:2 | Danger: merfolk aquamancer |T2| Reason: Throw Icicle deals
                  | more than 50% MHP!
 35012 | Shoals:2 | Danger: merfolk |T2| Reason: Quivering boomerangs, careful!
 35014 | Shoals:2 | Danger: merfolk |T2| Reason: Quivering boomerangs, careful!
 35016 | Shoals:2 | Danger: merfolk aquamancer |T2| Reason: Primal Wave deals
                  | more than 50% MHP!
 35016 | Shoals:2 | Danger: merfolk aquamancer |T2| Reason: Throw Icicle deals
                  | more than 50% MHP!
 35017 | Shoals:2 | Danger: merfolk |T2| Reason: Quivering boomerangs, careful!
 35019 | Shoals:2 | Danger: merfolk |T2| Reason: Quivering boomerangs, careful!
 35022 | Shoals:2 | Danger: merfolk |T2| Reason: Quivering boomerangs, careful!
 35025 | Shoals:2 | Danger: merfolk aquamancer |T2| Reason: Throw Icicle deals
                  | more than 50% MHP!
 35031 | Shoals:2 | Danger: merfolk |T2| Reason: Quivering boomerangs, careful!
 35060 | Shoals:2 | Danger: merfolk javelineer |T2| Reason: Quivering javelins,
                  | watch out!
 35067 | Shoals:2 | Danger: merfolk javelineer |T2| Reason: Quivering javelins,
                  | watch out!
 35079 | Shoals:2 | Danger: merfolk javelineer |T2| Reason: Quivering javelins,
                  | watch out!
 35136 | Shoals:2 | Danger: merfolk javelineer |T3| Reason: Distortion weapon!
 35136 | Shoals:2 | Danger: merfolk javelineer |T2| Reason: Quivering javelins,
                  | watch out!
 35137 | Shoals:2 | Danger: merfolk javelineer |T3| Reason: Distortion weapon!
 35138 | Shoals:2 | Danger: merfolk javelineer |T3| Reason: Distortion weapon!
 35144 | Shoals:2 | Danger: merfolk javelineer |T3| Reason: Distortion weapon!
 35144 | Shoals:2 | Danger: merfolk javelineer |T2| Reason: Quivering javelins,
                  | watch out!
 35145 | Shoals:2 | Danger: merfolk javelineer |T3| Reason: Distortion weapon!
 35146 | Shoals:2 | Danger: merfolk javelineer |T3| Reason: Distortion weapon!
 35147 | Shoals:2 | Danger: merfolk javelineer |T3| Reason: Distortion weapon!
 35151 | Shoals:2 | Danger: merfolk javelineer |T3| Reason: Distortion weapon!
 35151 | Shoals:2 | Danger: merfolk javelineer |T2| Reason: Quivering javelins,
                  | watch out!
 35152 | Shoals:2 | Danger: merfolk javelineer |T3| Reason: Distortion weapon!
 35153 | Shoals:2 | Danger: merfolk javelineer |T3| Reason: Distortion weapon!
 35154 | Shoals:2 | Danger: merfolk javelineer |T3| Reason: Distortion weapon!
 35158 | Shoals:2 | Danger: merfolk javelineer |T3| Reason: Distortion weapon!
 35158 | Shoals:2 | Danger: merfolk javelineer |T2| Reason: Quivering javelins,
                  | watch out!
 35173 | Shoals:2 | Danger: merfolk javelineer |T3| Reason: Distortion weapon!
 35173 | Shoals:2 | Danger: merfolk javelineer |T2| Reason: Quivering javelins,
                  | watch out!
 35174 | Shoals:2 | Danger: merfolk javelineer |T3| Reason: Distortion weapon!
 35175 | Shoals:2 | Danger: merfolk javelineer |T3| Reason: Distortion weapon!
 35180 | Shoals:2 | Danger: merfolk javelineer |T3| Reason: Distortion weapon!
 35180 | Shoals:2 | Danger: merfolk javelineer |T2| Reason: Quivering javelins,
                  | watch out!
 35181 | Shoals:2 | Danger: merfolk javelineer |T3| Reason: Distortion weapon!
 35182 | Shoals:2 | Danger: merfolk javelineer |T3| Reason: Distortion weapon!
 35183 | Shoals:2 | Danger: merfolk javelineer |T3| Reason: Distortion weapon!
 35184 | Shoals:2 | Danger: merfolk javelineer |T3| Reason: Distortion weapon!
 35185 | Shoals:2 | Danger: merfolk javelineer |T3| Reason: Distortion weapon!
 35186 | Shoals:2 | Danger: merfolk javelineer |T3| Reason: Distortion weapon!
 35187 | Shoals:2 | Danger: merfolk javelineer |T3| Reason: Distortion weapon!
 35188 | Shoals:2 | Danger: merfolk javelineer |T3| Reason: Distortion weapon!
 35189 | Shoals:2 | Danger: merfolk javelineer |T3| Reason: Distortion weapon!
 35633 | Shoals:3 | Danger: merfolk |T3| Reason: Quivering throwing nets, watch
                  | out!
 35634 | Shoals:3 | Danger: merfolk |T3| Reason: Quivering throwing nets, watch
                  | out!
 35635 | Shoals:3 | Danger: merfolk |T3| Reason: Quivering throwing nets, watch
                  | out!
 35636 | Shoals:3 | Danger: merfolk |T3| Reason: Quivering throwing nets, watch
                  | out!
 35637 | Shoals:3 | Danger: merfolk |T3| Reason: Quivering throwing nets, watch
                  | out!
 35638 | Shoals:3 | Danger: merfolk |T3| Reason: Quivering throwing nets, watch
                  | out!
 35639 | Shoals:3 | Danger: merfolk |T3| Reason: Quivering throwing nets, watch
                  | out!
 35640 | Shoals:3 | Danger: merfolk |T3| Reason: Quivering throwing nets, watch
                  | out!
 35645 | Shoals:3 | Danger: cyclops |T2| Reason: Quivering large rocks, watch
                  | out!!
 35645 | Shoals:3 | Danger: dream sheep |T2| Reason: Irresistible Dream Dust
                  | (52%), watch out!
 35645 | Shoals:3 | Danger: dream sheep |T2| Reason: Irresistible Dream Dust
                  | (52%), watch out!
 35652 | Shoals:3 | Danger: dream sheep |T2| Reason: Irresistible Dream Dust
                  | (4%), watch out!
 35676 | Shoals:3 | Danger: merfolk |T2| Reason: Quivering boomerangs, careful!
 35692 | Shoals:3 | Reached XP level 18. HP: 104/120 MP: 25/25
 35747 | Shoals:3 | Found Migul's General Store.
 35752 | Shoals:3 | Found Qicadoost's Specific Store.
 35935 | Shoals:3 | Found a stormy altar of Qazlal.
 35936 | Shoals:3 | Danger: merfolk javelineer |T2| Reason: Quivering javelins,
                  | watch out!
 35946 | Shoals:3 | Danger: Low HP Warning |T2| Reason: 55% HP (67/120)
 35947 | Shoals:3 | Reached skill level 19 in Shields
 35947 | Shoals:3 | Danger: Low HP Warning |T2| Reason: 56% HP (68/120)
 35948 | Shoals:3 | Danger: Low HP Warning |T2| Reason: 56% HP (68/120)
 35950 | Shoals:3 | Danger: Low HP Warning |T2| Reason: 57% HP (69/120)
 35951 | Shoals:3 | Danger: Low HP Warning |T2| Reason: 57% HP (69/120)
 35952 | Shoals:3 | Danger: Low HP Warning |T2| Reason: 58% HP (70/120)
 35953 | Shoals:3 | Danger: Low HP Warning |T2| Reason: 59% HP (71/120)
 36234 | Shoals:3 | Danger: merfolk |T2| Reason: Quivering boomerangs, careful!
 36249 | Shoals:3 | Danger: merfolk |T3| Reason: Quivering throwing nets, watch
                  | out!
 36250 | Shoals:3 | Danger: merfolk |T3| Reason: Quivering throwing nets, watch
                  | out!
 36251 | Shoals:3 | Danger: merfolk |T3| Reason: Quivering throwing nets, watch
                  | out!
 36251 | Shoals:3 | Found an ancient bone altar of Kikubaaqudgha.
 36252 | Shoals:3 | Danger: merfolk |T3| Reason: Quivering throwing nets, watch
                  | out!
 36697 | Shoals:4 | Entered Level 4 of the Shoals
 36803 | Shoals:4 | Danger: merfolk javelineer |T2| Reason: Quivering javelins,
                  | watch out!
 36803 | Shoals:4 | Danger: merfolk |T2| Reason: Quivering boomerangs, careful!
 36804 | Shoals:4 | Danger: cyclops |T2| Reason: Quivering large rocks, watch
                  | out!!
 36804 | Shoals:4 | Danger: merfolk aquamancer |T2| Reason: Primal Wave deals
                  | more than 50% MHP!
 36804 | Shoals:4 | Danger: merfolk aquamancer |T2| Reason: Throw Icicle deals
                  | more than 50% MHP!
 36808 | Shoals:4 | Danger: merfolk aquamancer |T2| Reason: Primal Wave deals
                  | more than 50% MHP!
 36808 | Shoals:4 | Danger: merfolk aquamancer |T2| Reason: Throw Icicle deals
                  | more than 50% MHP!
 36809 | Shoals:4 | Danger: cyclops |T2| Reason: Quivering large rocks, watch
                  | out!!
 36810 | Shoals:4 | Danger: merfolk javelineer |T2| Reason: Quivering javelins,
                  | watch out!
 36813 | Shoals:4 | Danger: cyclops |T2| Reason: Quivering large rocks, watch
                  | out!!
 36813 | Shoals:4 | Danger: merfolk aquamancer |T2| Reason: Primal Wave deals
                  | more than 50% MHP!
 36813 | Shoals:4 | Danger: merfolk aquamancer |T2| Reason: Throw Icicle deals
                  | more than 50% MHP!
 36814 | Shoals:4 | Danger: merfolk javelineer |T2| Reason: Quivering javelins,
                  | watch out!
 36814 | Shoals:4 | Danger: Low HP Warning |T2| Reason: 51% HP (62/120)
 36815 | Shoals:4 | Danger: merfolk |T2| Reason: Quivering boomerangs, careful!
 36815 | Shoals:4 | Danger: Low HP Warning |T2| Reason: 39% HP (47/120)
 36816 | Shoals:4 | Danger: Low HP Warning |T2| Reason: 39% HP (47/120)
 36818 | Shoals:4 | Danger: Low HP Warning |T2| Reason: 40% HP (48/120)
 36819 | Shoals:4 | Danger: cyclops |T2| Reason: Quivering large rocks, watch
                  | out!!
 36819 | Shoals:4 | Danger: Low HP Warning |T2| Reason: 40% HP (49/120)
 36820 | Shoals:4 | Danger: Low HP Warning |T2| Reason: 41% HP (50/120)
 36821 | Shoals:4 | Danger: Low HP Warning |T2| Reason: 41% HP (50/120)
 36822 | Shoals:4 | Danger: Low HP Warning |T2| Reason: 42% HP (51/120)
 36823 | Shoals:4 | Danger: Low HP Warning |T2| Reason: 42% HP (51/120)
 36824 | Shoals:4 | Danger: Low HP Warning |T2| Reason: 43% HP (52/120)
 36825 | Shoals:4 | Danger: Low HP Warning |T2| Reason: 44% HP (53/120)
 36826 | Shoals:4 | Danger: Low HP Warning |T2| Reason: 44% HP (53/120)
 36827 | Shoals:4 | Danger: Low HP Warning |T2| Reason: 45% HP (54/120)
 36828 | Shoals:4 | Danger: Low HP Warning |T2| Reason: 45% HP (54/120)
 36829 | Shoals:4 | Danger: Low HP Warning |T2| Reason: 45% HP (55/120)
 36830 | Shoals:4 | Danger: Low HP Warning |T2| Reason: 46% HP (56/120)
 36951 | Shoals:4 | Danger: cyclops |T2| Reason: Quivering large rocks, watch
                  | out!!
 36954 | Shoals:4 | Danger: merfolk javelineer |T2| Reason: Quivering javelins,
                  | watch out!
 37006 | Shoals:4 | Danger: merfolk |T2| Reason: Quivering boomerangs, careful!
 37008 | Shoals:4 | Danger: merfolk aquamancer |T2| Reason: Primal Wave deals
                  | more than 50% MHP!
 37008 | Shoals:4 | Danger: merfolk aquamancer |T2| Reason: Throw Icicle deals
                  | more than 50% MHP!
 37041 | Shoals:4 | Danger: merfolk aquamancer |T2| Reason: Primal Wave deals
                  | more than 50% MHP!
 37041 | Shoals:4 | Danger: merfolk aquamancer |T2| Reason: Throw Icicle deals
                  | more than 50% MHP!
 37044 | Shoals:4 | Danger: merfolk aquamancer |T2| Reason: Primal Wave deals
                  | more than 50% MHP!
 37044 | Shoals:4 | Danger: merfolk aquamancer |T2| Reason: Throw Icicle deals
                  | more than 50% MHP!
 37111 | Shoals:4 | Danger: merfolk |T2| Reason: Quivering boomerangs, careful!
 37164 | Shoals:4 | Danger: Low HP Warning |T2| Reason: 48% HP (58/120)
 37166 | Shoals:4 | Danger: Low HP Warning |T2| Reason: 48% HP (58/120)
 37168 | Shoals:4 | Danger: Low HP Warning |T2| Reason: 50% HP (60/120)
 37169 | Shoals:4 | Danger: Low HP Warning |T2| Reason: 50% HP (60/120)
 37171 | Shoals:4 | Danger: Low HP Warning |T2| Reason: 50% HP (61/120)
 37172 | Shoals:4 | Danger: Low HP Warning |T2| Reason: 50% HP (61/120)
 37173 | Shoals:4 | Danger: Low HP Warning |T2| Reason: 50% HP (61/120)
 37175 | Shoals:4 | Danger: Low HP Warning |T2| Reason: 51% HP (62/120)
 37216 | Shoals:4 | Danger: Low HP Warning |T2| Reason: 60% HP (72/120)
 37217 | Shoals:4 | Danger: Low HP Warning |T2| Reason: 60% HP (72/120)
 37218 | Shoals:4 | Danger: Low HP Warning |T2| Reason: 60% HP (72/120)
 37220 | Shoals:4 | Danger: Low HP Warning |T2| Reason: 60% HP (73/120)
 37221 | Shoals:4 | Danger: Low HP Warning |T2| Reason: 60% HP (73/120)
 37234 | Shoals:4 | Noticed Aizul
 37235 | Shoals:4 | Danger: Aizul |T2| Reason: Unique monster, careful!
 37235 | Shoals:4 | Danger: Aizul |T2| Reason: Poison Arrow deals more than 50%
                  | MHP!
 37243 | Shoals:4 | Danger: Low HP Warning |T2| Reason: 60% HP (73/120)
 37244 | Shoals:4 | Danger: Low HP Warning |T2| Reason: 58% HP (70/120)
 37245 | Shoals:4 | Danger: Low HP Warning |T2| Reason: 56% HP (68/120)
 37246 | Shoals:4 | Danger: Low HP Warning |T2| Reason: 56% HP (68/120)
 37247 | Shoals:4 | Danger: Low HP Warning |T2| Reason: 55% HP (66/120)
 37248 | Shoals:4 | Danger: Low HP Warning |T2| Reason: 53% HP (64/120)
 37249 | Shoals:4 | Danger: Low HP Warning |T2| Reason: 53% HP (64/120)
 37250 | Shoals:4 | Danger: Low HP Warning |T2| Reason: 60% HP (72/120)
 37251 | Shoals:4 | Danger: Low HP Warning |T2| Reason: 60% HP (72/120)
 37252 | Shoals:4 | Danger: Low HP Warning |T2| Reason: 60% HP (73/120)
 37254 | Shoals:4 | Danger: Low HP Warning |T2| Reason: 52% HP (63/120)
 37255 | Shoals:4 | Danger: Low HP Warning |T2| Reason: 52% HP (63/120)
 37256 | Shoals:4 | Danger: Low HP Warning |T2| Reason: 52% HP (63/120)
 37257 | Shoals:4 | Danger: Low HP Warning |T2| Reason: 52% HP (63/120)
 37258 | Shoals:4 | Danger: Low HP Warning |T2| Reason: 53% HP (64/120)
 37259 | Shoals:4 | Danger: Low HP Warning |T2| Reason: 53% HP (64/120)
 37260 | Shoals:4 | Danger: Low HP Warning |T2| Reason: 53% HP (64/120)
 37261 | Shoals:4 | Danger: Low HP Warning |T2| Reason: 53% HP (64/120)
 37262 | Shoals:4 | Danger: Low HP Warning |T2| Reason: 54% HP (65/120)
 37263 | Shoals:4 | Danger: Low HP Warning |T2| Reason: 54% HP (65/120)
 37263 | Shoals:4 | Killed Aizul
 37264 | Shoals:4 | Danger: Low HP Warning |T2| Reason: 54% HP (65/120)
 37265 | Shoals:4 | Danger: Low HP Warning |T2| Reason: 55% HP (66/120)
 37266 | Shoals:4 | Danger: Low HP Warning |T2| Reason: 55% HP (66/120)
 37267 | Shoals:4 | Danger: Low HP Warning |T2| Reason: 55% HP (67/120)
 37269 | Shoals:4 | Danger: Low HP Warning |T2| Reason: 55% HP (67/120)
 37270 | Shoals:4 | Danger: Low HP Warning |T2| Reason: 56% HP (68/120)
 37271 | Shoals:4 | Danger: Low HP Warning |T2| Reason: 56% HP (68/120)
 37272 | Shoals:4 | Danger: Low HP Warning |T2| Reason: 56% HP (68/120)
 37273 | Shoals:4 | Reached skill level 20 in Shields
 37281 | Shoals:4 | Danger: Low HP Warning |T2| Reason: 60% HP (73/120)
 37355 | Shoals:4 | Danger: merfolk siren |T2| Reason: carrying a wand of roots
                  | (7), careful!
 37363 | Shoals:4 | Danger: merfolk siren |T2| Reason: carrying a wand of roots
                  | (7), careful!
 37365 | Shoals:4 | Danger: merfolk siren |T2| Reason: carrying a wand of roots
                  | (7), careful!
 37377 | Shoals:4 | Danger: merfolk siren |T2| Reason: carrying a wand of roots
                  | (7), careful!
 37434 | Shoals:4 | Danger: merfolk javelineer |T2| Reason: Quivering javelins,
                  | watch out!
 37445 | Shoals:4 | Danger: merfolk javelineer |T2| Reason: Quivering javelins,
                  | watch out!
 37448 | Shoals:4 | Danger: merfolk javelineer |T2| Reason: Quivering javelins,
                  | watch out!
 37596 | Shoals:4 | Danger: titan |T2| Reason: Lightning Bolt deals more than
                  | 50% MHP!
 37602 | Shoals:4 | Danger: merfolk aquamancer |T2| Reason: Primal Wave deals
                  | more than 50% MHP!
 37602 | Shoals:4 | Danger: merfolk aquamancer |T2| Reason: Throw Icicle deals
                  | more than 50% MHP!
 37685 | Shoals:4 | Danger: merfolk javelineer |T2| Reason: Quivering javelins,
                  | watch out!
 37691 | Shoals:4 | Reached skill level 10 in Stealth
 37694 | Shoals:4 | Got a barnacled rune of Zot
 37703 | Shoals:4 | Danger: merfolk aquamancer |T2| Reason: Primal Wave deals
                  | more than 50% MHP!
 37703 | Shoals:4 | Danger: merfolk aquamancer |T2| Reason: Throw Icicle deals
                  | more than 50% MHP!
 37787 | Shoals:4 | Found a stormy altar of Qazlal.
 37815 | Shoals:4 | Danger: merfolk |T2| Reason: Quivering boomerangs, careful!
 37820 | Shoals:4 | Danger: merfolk aquamancer |T2| Reason: Primal Wave deals
                  | more than 50% MHP!
 37820 | Shoals:4 | Danger: merfolk aquamancer |T2| Reason: Throw Icicle deals
                  | more than 50% MHP!
 37829 | Shoals:4 | Paralysed by an air elemental for 1 turns
 37830 | Shoals:4 | HP: 5/120 [air elemental/stunning burst (4)]
 37830 | Shoals:4 | Mangled by a merfolk impaler

Illustrated notes

#### #..#######.# ##### ...# #..#
#.######.... ...##########..#
#........... ...............#
#........... ...............#
#...........
...............#######...#'#.....
...#########........>....#.######
...#.......#.########....#.......
...#.......#.#..@...'....#.......
...#.......#.#..R...#....'.......
...#.......#.#......#....#.......
...#'#######....Ā©...#....#.......
..............#####......#####+##
.........[...##.Ā©.##.............
#######.....##)###.##..########..
# #....##~...~..##..## #.. #
#...##8.~.....8##..## #..


Turn 27073 on D:10: :usability TODO: add "evoker" search string to ctrl+f ?

Levels and vault maps discovered:
D:1:      minmay_arrival_open_corners, layout_rooms, minmay_misc_feat_cross,
          minmay_misc_feat_rugged, minmay_misc_feat_tower, dk_noncrumbling_2
D:2:      layout_basic, minivault_26, grunt_decor_mini_mirrors
D:3:      layout_basic
D:4:      layout_cave_pools
D:5:      layout_rooms, nicolae_ossuary_entry_catacombs, gup_sewer_entry_bubbles
D:6:      layout_rooms, serial_shops, nicolae_shop_real_fake_doors, shop,
          nicolae_shop_tiny_statue_garden, shop, nicolae_shop_back_alley_shop
D:7:      layout_loops_ring, minmay_temple_entry_offerings
D:8:      layout_basic, erik_lair_island
D:9:      layout_loops_cross, kennysheep_mini_moat, dreamdust_mushroom_princess,
          chequers_mini_garden, nicolae_stop_n_shop_1
D:10:     layout_irregular_city, nzn_ghost_randoct, minmay_misc_feat_chi,
          uniq_maurice
D:11:     layout_cave_pools, zombieorc2_lemuel, serial_shops, shop,
          fedhas_altar_2
D:12:     layout_irregular_city
D:13:     layout_gridville, uniq_josephine
D:14:     layout_irregular_city, lightli_vaults_fourway_checkpoint,
          serial_shops, shop, shop, nicolae_shop_peninsula, shop, shop,
          serial_demonic, serial_demonic_b, serial_demonic_e, serial_demonic_d,
          serial_demonic_e, portal_ice_cave_entry_pillars_three,
          lemuel_zombie_altar_yredelemnul
D:15:     hangedman_depths_entry_try_elsewhere_first, layout_loops_ring,
          serial_undead, serial_undead_d, serial_undead_c, serial_undead_f,
          serial_undead_b, serial_undead_f, serial_undead_c,
          hangedman_decor_riveting
Temple:   nicolae_temple_the_god_donut
Lair:1:   layout_chaotic_city, grunt_megastairs_3, lemuel_fruit_tree,
          infiniplex_staircase_pool, serial_bayou_shore_b, lemuel_fruit_fields
Lair:2:   layout_roguey, elwin_shoals_entry_rooms,
          minmay_snake_entry_guardpost_small, nicolae_volcano_entry_hallway,
          kennysheep_rathole
Lair:3:   layout_big_grid, gammafunk_ghost_split, st_stairs_11,
          cheibrodos_lair_caveside_slide
Lair:4:   layout_hall_layers, minmay_slime_entry_oklob_open,
          serial_bayou_shore_a
Lair:5:   hangedman_lair_in_review, layout_misc_corridors, wormcave,
          infiniplex_staircase_pool_2
Shoals:1: layout_shoals, serial_shops, nicolae_shop_scrapyard
Shoals:2: layout_shoals, nicolae_shoals_cliffside_cave, st_sunken_temple,
          uniq_roxanne
Shoals:3: layout_shoals, hangedman_feature_mirror, nicolae_specific_store,
          nicolae_shoals_lost_giant_amphitheater
Shoals:4: shoals_end_hellmonk_storm_palace [storm_palace_center_square,
          storm_palace_corner_altar, storm_palace_corner_pillars,
          storm_palace_corner_altar, storm_palace_corner_reverse_hut],
          uniq_aizul
Snake:1:  hangedman_cross_stitches, layout_misc_corridors, drop_trap,
          nicolae_snake_squiggles
Snake:2:  layout_layer_cave
Snake:3:  layout_gridlike, serial_shops, nicolae_shop_statue_plus,
          grunt_megastairs_4
Snake:4:  johnstein_snake_rune_scales, layout_onion, st_stairs_13, uniq_nikola
Orc:1:    layout_caves, mines1_david, uniq_nergalle
Orc:2:    st_orc_ogre_mass, layout_caves, serial_shops, nicolae_square_shop,
          minmay_orc_temple_a

Skill      XL: |  1  2  3  4  5  6  7  8  9 10 11 12 13 14 15 16 17 18 |
---------------+-------------------------------------------------------+-----
Fighting       | 1 2 4 6 8 9 10 | 10.1
Stealth        | 4 5 8 10 | 10.6
Short Blades   | 2 4 6 8 10 11 13 14 | 14.1
Throwing       | 1 3 |  3.0
Dodging        | 8 11 15 16 | 16.9
Shields        | 6 7 8 11 15 18 20 | 20.0
Invocations    | 4 10 | 10.0
Armour         | 6 |  6.0
Spellcasting   | |  3.0
Conjurations   | |  0.6
Summonings     | |  1.0
Translocations | |  0.7

Action                     |  1- 3 |  4- 6 |  7- 9 | 10-12 | 13-15 | 16-18 || total
---------------------------+-------+-------+-------+-------+-------+-------++-------
  Melee: Spear             |    99 |       |       |       |       |       ||    99
         Dagger            |    58 |   213 |   710 |   252 |       |       ||  1233
         Bite              |    10 |    18 |    95 |   144 |   241 |   213 ||   721
         Headbutt          |    15 |    44 |   167 |   220 |   492 |   398 ||  1336
         Punch             |       |     1 |    10 |    13 |       |       ||    24
         Short sword       |       |       |       |   621 |  1488 |   677 ||  2786
         Rapier            |       |       |       |       |       |   654 ||   654
  Throw: Throwing net      |       |     1 |     1 |     1 |       |       ||     3
         Dart              |       |     5 |    17 |       |     6 |     1 ||    29
         Boomerang         |       |       |     7 |       |       |    12 ||    19
         Stone             |       |       |     4 |     3 |       |       ||     7
   Cast: Magic Dart        |     6 |       |       |       |       |       ||     6
 Invoke: Ancestor Identity |       |       |     1 |       |       |       ||     1
         Recall Ancestor   |       |       |       |    12 |     8 |     6 ||    26
         Ancestor Life: He |       |       |       |     1 |       |       ||     1
         Idealise          |       |       |       |       |    13 |    17 ||    30
Ability: Exsanguinate      |       |     1 |       |       |       |       ||     1
         Revivify          |       |       |       |     1 |       |       ||     1
  Evoke: Wand              |       |       |       |    16 |     6 |     5 ||    27
         Phantom mirror    |       |       |       |       |     1 |     1 ||     2
    Use: Potion            |     2 |     2 |     4 |     3 |     2 |    12 ||    25
         Scroll            |       |     7 |    15 |    11 |    11 |    11 ||    55
   Stab: Sleeping          |     3 |     1 |    28 |     6 |    14 |    10 ||    62
         Distracted        |       |       |     1 |    17 |    43 |    52 ||   113
         Invisible         |       |       |     1 |       |       |       ||     1
         Confused          |       |       |       |    14 |    27 |    31 ||    72
         Paralysed         |       |       |       |     1 |    16 |    65 ||    82
         Petrified         |       |       |       |       |     3 |       ||     3
         Held in net/web   |       |       |       |       |       |     1 ||     1
 Armour: Robe              |    10 |       |       |       |       |       ||    10
         Ring mail         |    52 |    80 |   230 |    30 |       |       ||   392
         Troll leather arm |       |       |       |    73 |   152 |    14 ||   239
         Acid dragon scale |       |       |       |       |     1 |       ||     1
         Leather armour    |       |       |       |       |       |    71 ||    71
  Dodge: Dodged            |   101 |   111 |   303 |   550 |   640 |   384 ||  2089
  Block: Other             |       |       |       |    46 |       |       ||    46
         Buckler           |       |       |       |    67 |   463 |       ||   530
         Reflection        |       |       |       |       |    25 |   179 ||   204
         Tower shield      |       |       |       |       |   504 |  1752 ||  2256
